Workbook
Name OG_2016_PS_Diag_Results_1: 'Diag Q'!$C$3:$G$26
Name DiffLevelHard: Analysis!$AF$4
Name EL_Category: 'Error Log'!$F$2
Name EL_AnswerChoice: 'Error Log'!$G$2
Name OG_2016_SC_Results: SC!$E$3:$H$173
Name OG_2016_DS_Diag_Results_1: 'Diag Q'!$C$27:$G$50
Name EL_Section: 'Error Log'!$C$2
Name EL_Percentile: 'Error Log'!$E$2
Name OG_2016_CR_Results: CR!$E$3:$H$142
Name DiffLevelNA: Analysis!$AF$6
Name OG_2016_CR_Results: 'RC'!$E$3:$H$141
Name DiffLevelEasy: Analysis!$AF$2
Name EL_Question: 'Error Log'!$A$2
Name EL_QuestionNo: #REF!
Name EL_DifferentLevel: 'Error Log'!$D$2
Name OG_2016_DS_Diag_Results: 'Diag Q'!$C$27:$G$50
Name EL_Result: 'Error Log'!$H$2
Name OG_2016_PS_Results: PS!$A$3:$H$264
Name DiffLevelMedium: Analysis!$AF$3
Name EL_TimeTotal: 'Error Log'!$I$2
Name OG_2016_PS_Diag_Results: 'Diag Q'!$C$3:$G$26
Name DiffLevelVeryHard: Analysis!$AF$5

Sheet About
C2: GMAT CLUB - Contributing to Each Other's Learning | M2: =HYPERLINK("https://gmatclub.com/forum/error-log-for-gmat-official-guide-339692.html","Need Help? Visit this discussion:") -> Need Help? Visit this discussion:
B4: Error Log to the Official GMAT Guide 2021 Edition
B5: NOTE: Please go to FIle > Save a Copy to create YOUR editable version of this file FEATURES: - New Questions highlighted with a dedicated Column for easy filtering - Track your progress through the Official Guide for GMAT Review 2021 edition - To analyze your mistakes in the Official Guide (Error log and Analysis tabs) - To help find specific practice questions and build your custom practice tests that focus on your weak areas Good Luck on the GMAT! GMAT Club Updated: 11/18/2020 (fixed PS numbering)

Sheet Diag Q
A1: The GMAT Club Guide to the Official GMAT Guide 2021 Edition
B2: Difficulty | C2: Percentile | D2: Type | E2: OA | F2: Primary Category
A3: 1 | B3: =IF(C3<24%,"Easy", IF(C3>74%, "Very Hard", IF(C3<50%, "Medium", "Hard"))) -> Medium | C3: 0.45 | D3: PS | E3: A | F3: Arithmetic/Word Problems/Inequalities
A4: 2 | B4: =IF(C4<24%,"Easy", IF(C4>74%, "Very Hard", IF(C4<50%, "Medium", "Hard"))) -> Easy | C4: 0.05 | D4: PS | E4: D | F4: Statistics and Sets Problems
A5: 3 | B5: =IF(C5<24%,"Easy", IF(C5>74%, "Very Hard", IF(C5<50%, "Medium", "Hard"))) -> Easy | C5: 0.05 | D5: PS | E5: E | F5: Sequences
A6: 4 | B6: =IF(C6<24%,"Easy", IF(C6>74%, "Very Hard", IF(C6<50%, "Medium", "Hard"))) -> Medium | C6: 0.25 | D6: PS | E6: B | F6: Overlapping Sets/Percents and Interest Problems/Probability
A7: 5 | B7: =IF(C7<24%,"Easy", IF(C7>74%, "Very Hard", IF(C7<50%, "Medium", "Hard"))) -> Hard | C7: 0.55 | D7: PS | E7: B | F7: Geometry
A8: 6 | B8: =IF(C8<24%,"Easy", IF(C8>74%, "Very Hard", IF(C8<50%, "Medium", "Hard"))) -> Medium | C8: 0.45 | D8: PS | E8: A | F8: Overlapping Sets
A9: 7 | B9: =IF(C9<24%,"Easy", IF(C9>74%, "Very Hard", IF(C9<50%, "Medium", "Hard"))) -> Hard | C9: 0.65 | D9: PS | E9: E | F9: Probability
A10: 8 | B10: =IF(C10<24%,"Easy", IF(C10>74%, "Very Hard", IF(C10<50%, "Medium", "Hard"))) -> Hard | C10: 0.55 | D10: PS | E10: E | F10: Fractions/Ratios/Decimals/Statistics and Sets Problems
A11: 9 | B11: =IF(C11<24%,"Easy", IF(C11>74%, "Very Hard", IF(C11<50%, "Medium", "Hard"))) -> Easy | C11: 0.05 | D11: PS | E11: D | F11: Statistics and Sets Problems
A12: 10 | B12: =IF(C12<24%,"Easy", IF(C12>74%, "Very Hard", IF(C12<50%, "Medium", "Hard"))) -> Very Hard | C12: 0.75 | D12: PS | E12: C | F12: Geometry
A13: 11 | B13: =IF(C13<24%,"Easy", IF(C13>74%, "Very Hard", IF(C13<50%, "Medium", "Hard"))) -> Very Hard | C13: 0.95 | D13: PS | E13: C | F13: Combinations
A14: 12 | B14: =IF(C14<24%,"Easy", IF(C14>74%, "Very Hard", IF(C14<50%, "Medium", "Hard"))) -> Easy | C14: 0.15 | D14: PS | E14: C | F14: Percents and Interest Problems
... A50: 48 | B50: =IF(C50<24%,"Easy", IF(C50>74%, "Very Hard", IF(C50<50%, "Medium", "Hard"))) -> Medium | C50: 0.35 | D50: DS | E50: C | F50: Geometry

Sheet Diag V
A1: The GMAT Club Guide to the Official GMAT Guide 2021 Edition
A2: Question | B2: Difficulty | C2: Percentile | D2: Type | E2: OA | F2: Primary Category
A3: 49 | B3: =IF(C3<24%,"Easy", IF(C3>74%, "Very Hard", IF(C3<50%, "Medium", "Hard"))) -> Easy | C3: 0.18 | D3: RC | E3: E | F3: Business/Short Passage
A4: =A3+1 -> 50 | B4: =IF(C4<24%,"Easy", IF(C4>74%, "Very Hard", IF(C4<50%, "Medium", "Hard"))) -> Medium | C4: 0.39 | D4: RC | E4: C | F4: Business/Short Passage
A5: =A4+1 -> 51 | B5: =IF(C5<24%,"Easy", IF(C5>74%, "Very Hard", IF(C5<50%, "Medium", "Hard"))) -> Easy | C5: 0.19 | D5: RC | E5: B | F5: Business/Short Passage
A6: =A5+1 -> 52 | B6: =IF(C6<24%,"Easy", IF(C6>74%, "Very Hard", IF(C6<50%, "Medium", "Hard"))) -> Easy | C6: 0.22 | D6: RC | E6: A | F6: Business/Short Passage
A7: =A6+1 -> 53 | B7: =IF(C7<24%,"Easy", IF(C7>74%, "Very Hard", IF(C7<50%, "Medium", "Hard"))) -> Medium | C7: 0.35 | D7: RC | E7: D | F7: Business/Short Passage
A8: =A7+1 -> 54 | B8: =IF(C8<24%,"Easy", IF(C8>74%, "Very Hard", IF(C8<50%, "Medium", "Hard"))) -> Medium | C8: 0.39 | D8: RC | E8: C | F8: Science/Long Passage
A9: =A8+1 -> 55 | B9: =IF(C9<24%,"Easy", IF(C9>74%, "Very Hard", IF(C9<50%, "Medium", "Hard"))) -> Easy | C9: 0.22 | D9: RC | E9: A | F9: Science/Long Passage
A10: =A9+1 -> 56 | B10: =IF(C10<24%,"Easy", IF(C10>74%, "Very Hard", IF(C10<50%, "Medium", "Hard"))) -> Hard | C10: 0.51 | D10: RC | E10: A | F10: Science/Long Passage
A11: =A10+1 -> 57 | B11: =IF(C11<24%,"Easy", IF(C11>74%, "Very Hard", IF(C11<50%, "Medium", "Hard"))) -> Hard | C11: 0.59 | D11: RC | E11: B | F11: Science/Long Passage
A12: =A11+1 -> 58 | B12: =IF(C12<24%,"Easy", IF(C12>74%, "Very Hard", IF(C12<50%, "Medium", "Hard"))) -> Medium | C12: 0.31 | D12: RC | E12: A | F12: Science/Long Passage
A13: =A12+1 -> 59 | B13: =IF(C13<24%,"Easy", IF(C13>74%, "Very Hard", IF(C13<50%, "Medium", "Hard"))) -> Medium | C13: 0.37 | D13: RC | E13: B | F13: Science/Long Passage
A14: =A13+1 -> 60 | B14: =IF(C14<24%,"Easy", IF(C14>74%, "Very Hard", IF(C14<50%, "Medium", "Hard"))) -> Medium | C14: 0.35 | D14: RC | E14: D | F14: Social Science/Short Passage
A15: =A14+1 -> 61 | B15: =IF(C15<24%,"Easy", IF(C15>74%, "Very Hard", IF(C15<50%, "Medium", "Hard"))) -> Medium | C15: 0.36 | D15: RC | E15: B | F15: Social Science/Short Passage
... A54: =A53+1 -> 100 | B54: =IF(C54<24%,"Easy", IF(C54>74%, "Very Hard", IF(C54<50%, "Medium", "Hard"))) -> Easy | C54: 0.05 | D54: SC | E54: E | F54: Parallel Structure

Sheet PS
A1: The GMAT Club Guide to the Official GMAT Guide 2021 Edition
A2: Question | B2: ID | C2: New? | D2: Difficulty | E2: Percentile | F2: OA | G2: Primary Category | H2: Text
A3: 1 | B3: PS02991 | D3: =IF(E3<24%,"Easy", IF(E3>74%, "Very Hard", IF(E3<50%, "Medium", "Hard"))) -> Easy | E3: 0.05 | F3: B | G3: Geometry | H3: In the figure the 6 small squares are identical each with sides of l
A4: =A3+1 -> 2 | B4: PS09868 | D4: =IF(E4<24%,"Easy", IF(E4>74%, "Very Hard", IF(E4<50%, "Medium", "Hard"))) -> Easy | E4: 0.05 | F4: D | G4: Arithmetic/Graphs and Illustrations | H4: The table shows a summary of the ticket sales from four performances o
A5: =A4+1 -> 3 | B5: PS10002 | D5: =IF(E5<24%,"Easy", IF(E5>74%, "Very Hard", IF(E5<50%, "Medium", "Hard"))) -> Easy | E5: 0.05 | F5: D | G5: Statistics and Sets Problems | H5: During a trip that they took together carmen juan maria a
A6: =A5+1 -> 4 | B6: PS07308 | D6: =IF(E6<24%,"Easy", IF(E6>74%, "Very Hard", IF(E6<50%, "Medium", "Hard"))) -> Easy | E6: 0.05 | F6: C | G6: Word Problems | H6: Each week a clothing salesperson receives a commission equal
A7: =A6+1 -> 5 | B7: PS07799 | D7: =IF(E7<24%,"Easy", IF(E7>74%, "Very Hard", IF(E7<50%, "Medium", "Hard"))) -> Easy | E7: 0.05 | F7: A | G7: Arithmetic/Word Problems | H7: A certain restaurant that regularly advertises through the mail has
A8: =A7+1 -> 6 | B8: PS02599 | D8: =IF(E8<24%,"Easy", IF(E8>74%, "Very Hard", IF(E8<50%, "Medium", "Hard"))) -> Easy | E8: 0.05 | F8: E | G8: Geometry | H8: In the figure above what are the coordinates of point r
A9: =A8+1 -> 7 | B9: PS08877 | D9: =IF(E9<24%,"Easy", IF(E9>74%, "Very Hard", IF(E9<50%, "Medium", "Hard"))) -> Easy | E9: 0.05 | F9: E | G9: Percents and Interest Problems | H9: The price of a coat in a certain store is 500 if the price of the co
A10: =A9+1 -> 8 | B10: PS05410 | D10: =IF(E10<24%,"Easy", IF(E10>74%, "Very Hard", IF(E10<50%, "Medium", "Hard"))) -> Easy | E10: 0.05 | F10: C | G10: Arithmetic | H10: (1/2-1/3)+(1/3-1/4)+(1/4-1/5)+(1/5-1/6)
A11: =A10+1 -> 9 | B11: PS05001 | D11: =IF(E11<24%,"Easy", IF(E11>74%, "Very Hard", IF(E11<50%, "Medium", "Hard"))) -> Easy | E11: 0.05 | F11: E | G11: Word Problems | H11: While a family was away on vacation they paid a neighborhood boy
A12: =A11+1 -> 10 | B12: PS17812 | D12: =IF(E12<24%,"Easy", IF(E12>74%, "Very Hard", IF(E12<50%, "Medium", "Hard"))) -> Easy | E12: 0.15 | F12: B | G12: Word Problems | H12: Last year 48 000 of a certain store s profit was shared by its 2 owne
A13: =A12+1 -> 11 | B13: PS02295 | D13: =IF(E13<24%,"Easy", IF(E13>74%, "Very Hard", IF(E13<50%, "Medium", "Hard"))) -> Easy | E13: 0.05 | F13: D | G13: Fractions/Ratios/Decimals | H13: On a vacation rose exchanged 500 00 for euros at an exchange rate of
A14: =A13+1 -> 12 | B14: PS08461 | D14: =IF(E14<24%,"Easy", IF(E14>74%, "Very Hard", IF(E14<50%, "Medium", "Hard"))) -> Easy | E14: 0.05 | F14: E | G14: Fractions/Ratios/Decimals | H14: Each of the 12 squares shown is labeled x y v or w what is the ratio
A15: =A14+1 -> 13 | B15: PS02382 | D15: =IF(E15<24%,"Easy", IF(E15>74%, "Very Hard", IF(E15<50%, "Medium", "Hard"))) -> Easy | E15: 0.05 | F15: A | G15: Coordinate Geometry | H15: In the xy coordinate plane if the point 0 2 lies on the graph of th
A16: 14 | B16: PS01248 | D16: =IF(E16<24%,"Easy", IF(E16>74%, "Very Hard", IF(E16<50%, "Medium", "Hard"))) -> Easy | E16: 0.05 | F16: B | G16: Number Properties/Word Problems | H16: Bouquets are to be made using white tulips and red tulips and the rat
A17: 15 | B17: PS07369 | D17: =IF(E17<24%,"Easy", IF(E17>74%, "Very Hard", IF(E17<50%, "Medium", "Hard"))) -> Easy | E17: 0.15 | F17: C | G17: Word Problems | H17: Over the past 7 weeks the smith family had weekly grocery bills of
A18: 16 | B18: PS14861 | D18: =IF(E18<24%,"Easy", IF(E18>74%, "Very Hard", IF(E18<50%, "Medium", "Hard"))) -> Easy | E18: 0.05 | F18: E | G18: Arithmetic/Percents and Interest Problems | H18: 125% of 5
A19: 17 | B19: PS02764 | D19: =IF(E19<24%,"Easy", IF(E19>74%, "Very Hard", IF(E19<50%, "Medium", "Hard"))) -> Easy | E19: 0.05 | F19: C | G19: Statistics and Sets Problems | H19: During a recent storm 9 neighborhoods experienced power failures of
A20: 18 | B20: PS02286 | D20: =IF(E20<24%,"Easy", IF(E20>74%, "Very Hard", IF(E20<50%, "Medium", "Hard"))) -> Easy | E20: 0.05 | F20: D | G20: Distance/Rate Problems/Word Problems | H20: When traveling at a constant speed of 32 miles per hour a certain mot
A21: =A20+1 -> 19 | B21: PS11906 | D21: =IF(E21<24%,"Easy", IF(E21>74%, "Very Hard", IF(E21<50%, "Medium", "Hard"))) -> Easy | E21: 0.05 | F21: E | G21: Percents and Interest Problems/Word Problems | H21: A technician makes a round trip to and from a certain service center b
A22: =A21+1 -> 20 | B22: PS15957 | D22: =IF(E22<24%,"Easy", IF(E22>74%, "Very Hard", IF(E22<50%, "Medium", "Hard"))) -> Medium | E22: 0.25 | F22: B | G22: Word Problems | H22: From 2000 to 2003 the number of employees at a certain company increa
A23: =A22+1 -> 21 | B23: PS00984 | D23: =IF(E23<24%,"Easy", IF(E23>74%, "Very Hard", IF(E23<50%, "Medium", "Hard"))) -> Easy | E23: 0.05 | F23: E | G23: Statistics and Sets Problems | H23: Which of the following statements must be true about the average arit
A24: =A23+1 -> 22 | B24: PS15358 | D24: =IF(E24<24%,"Easy", IF(E24>74%, "Very Hard", IF(E24<50%, "Medium", "Hard"))) -> Easy | E24: 0.15 | F24: B | G24: Algebra | H24: A collection of 16 coins each with a face value of either 10 cents or
A25: 23 | B25: PS09707 | D25: =IF(E25<24%,"Easy", IF(E25>74%, "Very Hard", IF(E25<50%, "Medium", "Hard"))) -> Easy | E25: 0.05 | F25: C | G25: Word Problems | H25: A retailer purchased eggs at 2 80 per dozen and sold the eggs at 3 eg
A26: =A25+1 -> 24 | B26: PS02127 | D26: =IF(E26<24%,"Easy", IF(E26>74%, "Very Hard", IF(E26<50%, "Medium", "Hard"))) -> Easy | E26: 0.05 | F26: C | G26: Probability | H26: In a set of 24 cards each card is numbered with a different positive
A27: =A26+1 -> 25 | B27: PS12542 | D27: =IF(E27<24%,"Easy", IF(E27>74%, "Very Hard", IF(E27<50%, "Medium", "Hard"))) -> Easy | E27: 0.05 | F27: E | G27: Geometry | H27: If the circumference of a circle inscribed in a square is 25 what is
A28: =A27+1 -> 26 | B28: PS03972 | D28: =IF(E28<24%,"Easy", IF(E28>74%, "Very Hard", IF(E28<50%, "Medium", "Hard"))) -> Easy | E28: 0.05 | F28: E | G28: Inequalities | H28: If 1 x y z which of the following has the greatest value
A29: =A28+1 -> 27 | B29: PS00087 | D29: =IF(E29<24%,"Easy", IF(E29>74%, "Very Hard", IF(E29<50%, "Medium", "Hard"))) -> Medium | E29: 0.25 | F29: C | G29: Number Properties/Statistics and Sets Problems | H29: Set x consists of eight consecutive integers set y consists of all th
A30: =A29+1 -> 28 | B30: PS05239 | D30: =IF(E30<24%,"Easy", IF(E30>74%, "Very Hard", IF(E30<50%, "Medium", "Hard"))) -> Easy | E30: 0.05 | F30: B | G30: Arithmetic | H30: Of the following which is the closest to
A31: 29 | B31: PS15402 | D31: =IF(E31<24%,"Easy", IF(E31>74%, "Very Hard", IF(E31<50%, "Medium", "Hard"))) -> Easy | E31: 0.15 | F31: B | G31: Algebra | H31: Thabo owns exactly 140 books and each book is either paperback fictio
A32: =A31+1 -> 30 | B32: PS04571 | D32: =IF(E32<24%,"Easy", IF(E32>74%, "Very Hard", IF(E32<50%, "Medium", "Hard"))) -> Easy | E32: 0.05 | F32: C | G32: Arithmetic | H32: If the average arithmetic mean of the four numbers 3 15 32 and n
A33: =A32+1 -> 31 | B33: PS13801 | D33: =IF(E33<24%,"Easy", IF(E33>74%, "Very Hard", IF(E33<50%, "Medium", "Hard"))) -> Easy | E33: 0.05 | F33: D | G33: Word Problems/Geometry | H33: Abdul barb and carlos all live on the same straight road on which
A34: =A33+1 -> 32 | B34: PS00534 | D34: =IF(E34<24%,"Easy", IF(E34>74%, "Very Hard", IF(E34<50%, "Medium", "Hard"))) -> Easy | E34: 0.05 | F34: D | G34: Geometry | H34: In the figure shown what is the value of x
A35: =A34+1 -> 33 | B35: PS17479 | D35: =IF(E35<24%,"Easy", IF(E35>74%, "Very Hard", IF(E35<50%, "Medium", "Hard"))) -> Easy | E35: 0.05 | F35: E | G35: Word Problems/Work/Rate Problems | H35: During a certain time period car x traveled north along a straight ro
A36: =A35+1 -> 34 | B36: PS13707 | D36: =IF(E36<24%,"Easy", IF(E36>74%, "Very Hard", IF(E36<50%, "Medium", "Hard"))) -> Easy | E36: 0.05 | F36: C | G36: Fractions/Ratios/Decimals/Word Problems | H36: Cheryl purchased 5 identical hollow pine doors and 6 identical solid o
A37: =A36+1 -> 35 | B37: PS01233 | D37: =IF(E37<24%,"Easy", IF(E37>74%, "Very Hard", IF(E37<50%, "Medium", "Hard"))) -> Easy | E37: 0.15 | F37: C | G37: Min/Max Problems/Word Problems | H37: A certain store will order 25 crates of apples the apples will be of
A38: =A37+1 -> 36 | B38: PS02007 | D38: =IF(E38<24%,"Easy", IF(E38>74%, "Very Hard", IF(E38<50%, "Medium", "Hard"))) -> Easy | E38: 0.15 | F38: E | G38: Word Problems | H38: A bicycle store purchased two bicycles one for 250 and the other for
A39: =A38+1 -> 37 | B39: PS10628 | D39: =IF(E39<24%,"Easy", IF(E39>74%, "Very Hard", IF(E39<50%, "Medium", "Hard"))) -> Easy | E39: 0.05 | F39: C | G39: Geometry | H39: In the figure shown ac 2 and bd dc 1 what is the measure of
A40: =A39+1 -> 38 | B40: PS12786 | D40: =IF(E40<24%,"Easy", IF(E40>74%, "Very Hard", IF(E40<50%, "Medium", "Hard"))) -> Easy | E40: 0 | F40: E | G40: Absolute Values/Modulus/ | H40: If k 2 m 2 which of the following must be true
A41: =A40+1 -> 39 | B41: PS13831 | D41: =IF(E41<24%,"Easy", IF(E41>74%, "Very Hard", IF(E41<50%, "Medium", "Hard"))) -> Easy | E41: 0.05 | F41: D | G41: Algebra | H41: Makoto nishi and ozuro were paid a total of 780 for waxing the floo
A42: =A41+1 -> 40 | B42: PS05680 | D42: =IF(E42<24%,"Easy", IF(E42>74%, "Very Hard", IF(E42<50%, "Medium", "Hard"))) -> Easy | E42: 0.05 | F42: B | G42: Geometry | H42: The figure above shows a path around a triangular piece of land mary
A43: =A42+1 -> 41 | B43: PS04797 | D43: =IF(E43<24%,"Easy", IF(E43>74%, "Very Hard", IF(E43<50%, "Medium", "Hard"))) -> Easy | E43: 0.05 | F43: B | G43: Algebra/Exponents/Powers | H43: If x is a positive integer and 4 x 3 y which of the following can
... A94: =A93+1 -> 92 | B94: PS04734 | D94: =IF(E94<24%,"Easy", IF(E94>74%, "Very Hard", IF(E94<50%, "Medium", "Hard"))) -> Easy | E94: 0.05 | F94: E | G94: Algebra | H94: What number is 108 more than two thirds of itself a 72 b 144 c
A95: =A94+1 -> 93 | B95: PS99551.02 | C95: Yes | D95: =IF(E95<24%,"Easy", IF(E95>74%, "Very Hard", IF(E95<50%, "Medium", "Hard"))) -> Medium | E95: 0.25 | F95: D | G95: Word Problems | H95: A service provider charges c dollars for the first 50 hours of service
A96: =A95+1 -> 94 | B96: PS92829.02 | C96: Yes | D96: =IF(E96<24%,"Easy", IF(E96>74%, "Very Hard", IF(E96<50%, "Medium", "Hard"))) -> Easy | E96: 0.15 | F96: B | G96: Distance/Rate Problems | H96: A salesperson who had been driving at a speed of 100 kilometers per ho
A97: =A96+1 -> 95 | B97: PS11396 | D97: =IF(E97<24%,"Easy", IF(E97>74%, "Very Hard", IF(E97<50%, "Medium", "Hard"))) -> Medium | E97: 0.25 | F97: B | G97: Percents and Interest Problems | H97: Company p had 15 percent more employees in december than it
A98: =A97+1 -> 96 | B98: PS66740.02 | C98: Yes | D98: =IF(E98<24%,"Easy", IF(E98>74%, "Very Hard", IF(E98<50%, "Medium", "Hard"))) -> Easy | E98: 0.15 | F98: E | G98: Graphs and Illustrations | H98: The table above shows the numbers of hours of television programs that
A99: =A98+1 -> 97 | B99: PS93850.02 | C99: Yes | D99: =IF(E99<24%,"Easy", IF(E99>74%, "Very Hard", IF(E99<50%, "Medium", "Hard"))) -> Easy | E99: 0.05 | F99: E | G99: Word Problems | H99: A dance troupe has a total of 50 dancers split into 2 groups. The cost
A100: =A99+1 -> 98 | B100: PS07672 | D100: =IF(E100<24%,"Easy", IF(E100>74%, "Very Hard", IF(E100<50%, "Medium", "Hard"))) -> Easy | E100: 0.15 | F100: D | G100: Word Problems | H100: A doctor prescribed 18 cubic centimeters of a certain drug to a patien
A101: =A100+1 -> 99 | B101: PS09899 | D101: =IF(E101<24%,"Easy", IF(E101>74%, "Very Hard", IF(E101<50%, "Medium", "Hard"))) -> Easy | E101: 0.05 | F101: D | G101: Exponents/Powers/Roots | H101: The function f is defined by f x x 10 for
A102: =A101+1 -> 100 | B102: PS77502.01 | D102: =IF(E102<24%,"Easy", IF(E102>74%, "Very Hard", IF(E102<50%, "Medium", "Hard"))) -> Medium | E102: 0.25 | F102: B | G102: Geometry | H102: If rectangle abcd is inscribed in the circle above what is the area
A103: =A102+1 -> 101 | B103: PS58502.01 | D103: =IF(E103<24%,"Easy", IF(E103>74%, "Very Hard", IF(E103<50%, "Medium", "Hard"))) -> Easy | E103: 0.15 | F103: C | G103: Geometry | H103: In quadrilateral abcd above what is the length of ab
A104: =A103+1 -> 102 | B104: PS98502.01 | D104: =IF(E104<24%,"Easy", IF(E104>74%, "Very Hard", IF(E104<50%, "Medium", "Hard"))) -> Very Hard | E104: 0.85 | F104: B | G104: Geometry | H104: Three fourths of the area of a rectangular lawn 30 feet wide by 40 fee
A105: =A104+1 -> 103 | B105: PS19502.01 | D105: =IF(E105<24%,"Easy", IF(E105>74%, "Very Hard", IF(E105<50%, "Medium", "Hard"))) -> Hard | E105: 0.55 | F105: C | G105: Geometry | H105: In the floor plan of an executive s beach house above the north and
A106: =A105+1 -> 104 | B106: PS40602.01 | D106: =IF(E106<24%,"Easy", IF(E106>74%, "Very Hard", IF(E106<50%, "Medium", "Hard"))) -> Medium | E106: 0.45 | F106: E | G106: Geometry | H106: On a scale drawing a rectangle 1 inch by 1 1 3 inches represents the
A107: =A106+1 -> 105 | B107: PS24210.02 | C107: Yes | D107: =IF(E107<24%,"Easy", IF(E107>74%, "Very Hard", IF(E107<50%, "Medium", "Hard"))) -> Easy | E107: 0.05 | F107: E | G107: Overlapping Sets | H107: According to a survey of 200 people 60 enjoy skiing and 80 enjoy skat
A108: =A107+1 -> 106 | B108: PS45430.02 | C108: Yes | D108: =IF(E108<24%,"Easy", IF(E108>74%, "Very Hard", IF(E108<50%, "Medium", "Hard"))) -> Easy | E108: 0.05 | F108: E | G108: Functions and Custom Characters | H108: If the relations shown hold for the operation and the numbers m n
A109: =A108+1 -> 107 | B109: PS30730.02 | C109: Yes | D109: =IF(E109<24%,"Easy", IF(E109>74%, "Very Hard", IF(E109<50%, "Medium", "Hard"))) -> Easy | E109: 0.05 | F109: A | G109: Word Problems | H109: To rent a tractor it costs a total of x dollars for the first 24 hour
A110: =A109+1 -> 108 | B110: PS49140.02 | C110: Yes | D110: =IF(E110<24%,"Easy", IF(E110>74%, "Very Hard", IF(E110<50%, "Medium", "Hard"))) -> Medium | E110: 0.25 | F110: D | G110: Word Problems | H110: If the mass of 1 cubic centimeter of a certain substance is 7.3 grams
A111: =A110+1 -> 109 | B111: PS14031.02 | C111: Yes | D111: =IF(E111<24%,"Easy", IF(E111>74%, "Very Hard", IF(E111<50%, "Medium", "Hard"))) -> Easy | E111: 0.05 | F111: C | G111: Algebra | H111: If z 0 and z + (1 - 2z^2)/z = w/z then w =
A112: =A111+1 -> 110 | B112: PS37631.02 | C112: Yes | D112: =IF(E112<24%,"Easy", IF(E112>74%, "Very Hard", IF(E112<50%, "Medium", "Hard"))) -> Easy | E112: 0.05 | F112: E | G112: Arithmetic/Functions and Custom Characters | H112: For all real numbers a b c d e and f the operation is defined
A113: =A112+1 -> 111 | B113: PS01761 | D113: =IF(E113<24%,"Easy", IF(E113>74%, "Very Hard", IF(E113<50%, "Medium", "Hard"))) -> Medium | E113: 0.35 | F113: D | G113: Algebra/Inequalities | H113: If m and p are positive integers and m 2 p 2 100 what is the
A114: =A113+1 -> 112 | B114: PS04482 | D114: =IF(E114<24%,"Easy", IF(E114>74%, "Very Hard", IF(E114<50%, "Medium", "Hard"))) -> Medium | E114: 0.25 | F114: C | G114: Algebra/Must or Could be True Questions | H114: If x y c d and d c b a which of the following must be true
A115: =A114+1 -> 113 | B115: PS10391 | D115: =IF(E115<24%,"Easy", IF(E115>74%, "Very Hard", IF(E115<50%, "Medium", "Hard"))) -> Easy | E115: 0.15 | F115: E | G115: Arithmetic | H115: If k is an integer and 0 0025 0 025 0 00025 10k is an integer w
A116: =A115+1 -> 114 | B116: PS07325 | D116: =IF(E116<24%,"Easy", IF(E116>74%, "Very Hard", IF(E116<50%, "Medium", "Hard"))) -> Easy | E116: 0.15 | F116: B | G116: Algebra | H116: If a a 2 24 and b b 2 24 where a b then a b
A117: =A116+1 -> 115 | B117: PS68850.02 | C117: Yes | D117: =IF(E117<24%,"Easy", IF(E117>74%, "Very Hard", IF(E117<50%, "Medium", "Hard"))) -> Easy | E117: 0.15 | F117: B | G117: Coordinate Geometry | H117: In the xy plane the distance between the origin and the point (45)
A118: =A117+1 -> 116 | B118: PS05560 | D118: =IF(E118<24%,"Easy", IF(E118>74%, "Very Hard", IF(E118<50%, "Medium", "Hard"))) -> Medium | E118: 0.35 | F118: E | G118: Percents and Interest Problems | H118: In a recent election ms robbins received 8 000 votes cast by indepen
A119: =A118+1 -> 117 | B119: PS01080.02 | C119: Yes | D119: =IF(E119<24%,"Easy", IF(E119>74%, "Very Hard", IF(E119<50%, "Medium", "Hard"))) -> Medium | E119: 0.25 | F119: B | G119: Word Problems | H119: The profit P in dollars for any given month at a certain company is
A120: =A119+1 -> 118 | B120: PS11308 | D120: =IF(E120<24%,"Easy", IF(E120>74%, "Very Hard", IF(E120<50%, "Medium", "Hard"))) -> Easy | E120: 0.15 | F120: E | G120: Geometry | H120: In the figure shown the triangle is inscribed in the semicircle if
A121: =A120+1 -> 119 | B121: PS15517 | D121: =IF(E121<24%,"Easy", IF(E121>74%, "Very Hard", IF(E121<50%, "Medium", "Hard"))) -> Medium | E121: 0.35 | F121: E | G121: Arithmetic/Statistics and Sets Problems | H121: A manufacturer makes and sells 2 products p and q the revenue from t
A122: =A121+1 -> 120 | B122: PS11756 | D122: =IF(E122<24%,"Easy", IF(E122>74%, "Very Hard", IF(E122<50%, "Medium", "Hard"))) -> Medium | E122: 0.45 | F122: B | G122: Remainders | H122: A worker carries jugs of liquid soap from a production line to a packi
A123: =A122+1 -> 121 | B123: PS69400.02 | C123: Yes | D123: =IF(E123<24%,"Easy", IF(E123>74%, "Very Hard", IF(E123<50%, "Medium", "Hard"))) -> Medium | E123: 0.45 | F123: E | G123: Word Problems | H123: Last year a state senate consisting of only Republican and Democrat me
A124: =A123+1 -> 122 | B124: PS02820 | D124: =IF(E124<24%,"Easy", IF(E124>74%, "Very Hard", IF(E124<50%, "Medium", "Hard"))) -> Easy | E124: 0.15 | F124: B | G124: Geometry | H124: The figure shown above represents a modern painting that consists of f
A125: =A124+1 -> 123 | B125: PS44321.02 | C125: Yes | D125: =IF(E125<24%,"Easy", IF(E125>74%, "Very Hard", IF(E125<50%, "Medium", "Hard"))) -> Easy | E125: 0.05 | F125: D | G125: Word Problems | H125: Sam has $800 in his account. He will deposit $1 in his account one wee
A126: =A125+1 -> 124 | B126: PS30720.02 | C126: Yes | D126: =IF(E126<24%,"Easy", IF(E126>74%, "Very Hard", IF(E126<50%, "Medium", "Hard"))) -> Hard | E126: 0.65 | F126: B | G126: Word Problems | H126: A certain state's milk production was 980 million pounds in 2007 and 2
A127: =A126+1 -> 125 | B127: PS09737 | D127: =IF(E127<24%,"Easy", IF(E127>74%, "Very Hard", IF(E127<50%, "Medium", "Hard"))) -> Medium | E127: 0.25 | F127: B | G127: Work/Rate Problems | H127: Working simultaneously and independently at an identical constant rate
A128: =A127+1 -> 126 | B128: PS01622 | D128: =IF(E128<24%,"Easy", IF(E128>74%, "Very Hard", IF(E128<50%, "Medium", "Hard"))) -> Medium | E128: 0.25 | F128: C | G128: Algebra/Functions and Custom Characters | H128: The symbol denotes one of the four arithmetic operations addition su
A129: =A128+1 -> 127 | B129: PS04448 | D129: =IF(E129<24%,"Easy", IF(E129>74%, "Very Hard", IF(E129<50%, "Medium", "Hard"))) -> Easy | E129: 0.15 | F129: A | G129: Algebra/Percents and Interest Problems | H129: If mn 0 and 25 percent of n equals 37 1 2 percent of m what is the
A130: =A129+1 -> 128 | B130: PS02555 | D130: =IF(E130<24%,"Easy", IF(E130>74%, "Very Hard", IF(E130<50%, "Medium", "Hard"))) -> Easy | E130: 0.05 | F130: D | G130: Percents and Interest Problems | H130: Last year joe grew 1 inch and sally grew 200 percent more than joe gre
A131: =A130+1 -> 129 | B131: PS10307 | D131: =IF(E131<24%,"Easy", IF(E131>74%, "Very Hard", IF(E131<50%, "Medium", "Hard"))) -> Medium | E131: 0.45 | F131: D | G131: Fractions/Ratios/Decimals/Percents and Interest Problems | H131: The table shows partial results of a survey in which consumers were as
A132: =A131+1 -> 130 | B132: PS36090.02 | C132: Yes | D132: =IF(E132<24%,"Easy", IF(E132>74%, "Very Hard", IF(E132<50%, "Medium", "Hard"))) -> Easy | E132: 0.15 | F132: E | G132: Word Problems | H132: If 65 percent of a certain firms employees are full-time and if there
A133: =A132+1 -> 131 | B133: PS09708 | D133: =IF(E133<24%,"Easy", IF(E133>74%, "Very Hard", IF(E133<50%, "Medium", "Hard"))) -> Medium | E133: 0.35 | F133: A | G133: Percents and Interest Problems | H133: The cost c in dollars to remove p percent of a certain pollutant fro
A134: =A133+1 -> 132 | B134: PS11121 | D134: =IF(E134<24%,"Easy", IF(E134>74%, "Very Hard", IF(E134<50%, "Medium", "Hard"))) -> Medium | E134: 0.25 | F134: E | G134: Algebra | H134: If xy 0 and x 2y 2 xy 6 which of the following could be y in te
A135: =A134+1 -> 133 | B135: PS00633 | D135: =IF(E135<24%,"Easy", IF(E135>74%, "Very Hard", IF(E135<50%, "Medium", "Hard"))) -> Easy | E135: 0.15 | F135: B | G135: Arithmetic | H135: 4 8 10 9 1 2 is closest in value to
A136: =A135+1 -> 134 | B136: PS21260.02 | C136: Yes | D136: =IF(E136<24%,"Easy", IF(E136>74%, "Very Hard", IF(E136<50%, "Medium", "Hard"))) -> Easy | E136: 0.15 | F136: D | G136: Overlapping Sets | H136: In a certain high school 80 percent of the seniors are taking calculu
A137: =A136+1 -> 135 | B137: PS85711.02 | C137: Yes | D137: =IF(E137<24%,"Easy", IF(E137>74%, "Very Hard", IF(E137<50%, "Medium", "Hard"))) -> Easy | E137: 0.15 | F137: B | G137: Exponents/Powers/Number Properties | H137: If the units digit of 5610.37/10^k is 6 what is the value of k?
A138: =A137+1 -> 136 | B138: PS08865 | D138: =IF(E138<24%,"Easy", IF(E138>74%, "Very Hard", IF(E138<50%, "Medium", "Hard"))) -> Easy | E138: 0.05 | F138: E | G138: Work/Rate Problems | H138: Three printing presses r s and t working together at the
A139: =A138+1 -> 137 | B139: PS51950.02 | C139: Yes | D139: =IF(E139<24%,"Easy", IF(E139>74%, "Very Hard", IF(E139<50%, "Medium", "Hard"))) -> Medium | E139: 0.45 | F139: E | G139: Overlapping Sets | H139: In a poll 200 subscribers to Financial Magazine X indicated which of
A140: =A139+1 -> 138 | B140: PS07112 | D140: =IF(E140<24%,"Easy", IF(E140>74%, "Very Hard", IF(E140<50%, "Medium", "Hard"))) -> Medium | E140: 0.45 | F140: E | G140: Geometry | H140: For a party three solid cheese balls with diameters of 2 inches 4 in
A141: =A140+1 -> 139 | B141: PS02325 | D141: =IF(E141<24%,"Easy", IF(E141>74%, "Very Hard", IF(E141<50%, "Medium", "Hard"))) -> Medium | E141: 0.25 | F141: D | G141: Arithmetic | H141: The sum of all the integers k such that 26 k 24 is
A142: =A141+1 -> 140 | B142: PS08399 | D142: =IF(E142<24%,"Easy", IF(E142>74%, "Very Hard", IF(E142<50%, "Medium", "Hard"))) -> Easy | E142: 0.15 | F142: E | G142: Statistics and Sets Problems/Absolute Values/Modulus | H142: The number line shown contains three points r s and t whose coordin
A143: =A142+1 -> 141 | B143: PS94530.02 | C143: Yes | D143: =IF(E143<24%,"Easy", IF(E143>74%, "Very Hard", IF(E143<50%, "Medium", "Hard"))) -> Medium | E143: 0.25 | F143: B | G143: Geometry | H143: Tanks A and B are each in the shape of a right circular cylinder. The
A144: =A143+1 -> 142 | B144: PS05962 | D144: =IF(E144<24%,"Easy", IF(E144>74%, "Very Hard", IF(E144<50%, "Medium", "Hard"))) -> Medium | E144: 0.25 | F144: A | G144: Word Problems | H144: Mark and ann together were allocated n boxes of cookies to sell for a
A145: =A144+1 -> 143 | B145: PS07601.02 | C145: Yes | D145: =IF(E145<24%,"Easy", IF(E145>74%, "Very Hard", IF(E145<50%, "Medium", "Hard"))) -> Medium | E145: 0.35 | F145: A | G145: Arithmetic | H145: In the correctly worked addition problem shown P Q R and S are dig
A146: =A145+1 -> 144 | B146: PS04089 | D146: =IF(E146<24%,"Easy", IF(E146>74%, "Very Hard", IF(E146<50%, "Medium", "Hard"))) -> Easy | E146: 0.05 | F146: E | G146: Overlapping Sets | H146: A certain high school has 5 000 students of these students x are
A147: =A146+1 -> 145 | B147: PS06133 | D147: =IF(E147<24%,"Easy", IF(E147>74%, "Very Hard", IF(E147<50%, "Medium", "Hard"))) -> Easy | E147: 0.05 | F147: D | G147: Overlapping Sets | H147: Each person who attended a company meeting was either a stockholder in
A148: =A147+1 -> 146 | B148: PS08441 | D148: =IF(E148<24%,"Easy", IF(E148>74%, "Very Hard", IF(E148<50%, "Medium", "Hard"))) -> Hard | E148: 0.65 | F148: D | G148: Arithmetic/Percents and Interest Problems/Word Problems | H148: The table shows the amount budgeted and the amount spent for each of
A149: =A148+1 -> 147 | B149: PS15111 | D149: =IF(E149<24%,"Easy", IF(E149>74%, "Very Hard", IF(E149<50%, "Medium", "Hard"))) -> Hard | E149: 0.55 | F149: D | G149: Word Problems/Arithmetic/Percents and Interest Problems | H149: The graph shows the number of computers assembled during each of 6 con
A150: =A149+1 -> 148 | B150: PS02704 | D150: =IF(E150<24%,"Easy", IF(E150>74%, "Very Hard", IF(E150<50%, "Medium", "Hard"))) -> Easy | E150: 0.05 | F150: C | G150: Divisibility/Multiples/Factors | H150: If n 20 17 then n is divisible by which of the
...

Sheet DS
A1: The GMAT Club Guide to the Official GMAT Guide 2021 Edition
A2: Question | B2: ID | C2: New? | D2: Difficulty | E2: Percentile | F2: OA | G2: Primary Category | H2: Text
A3: 263 | B3: DS02562 | D3: =IF(E3<24%,"Easy", IF(E3>74%, "Very Hard", IF(E3<50%, "Medium", "Hard"))) -> Easy | E3: 0.05 | F3: E | G3: Word Problems | H3: What is the number of pages of a certain journal article the size of
A4: =A3+1 -> 264 | B4: DS10471 | D4: =IF(E4<24%,"Easy", IF(E4>74%, "Very Hard", IF(E4<50%, "Medium", "Hard"))) -> Easy | E4: 0.05 | F4: C | G4: Word Problems | H4: If a certain vase contains only roses and tulips how many tulips are
A5: =A4+1 -> 265 | B5: DS18950.02 | C5: Yes | D5: =IF(E5<24%,"Easy", IF(E5>74%, "Very Hard", IF(E5<50%, "Medium", "Hard"))) -> Easy | E5: 0.05 | F5: C | G5: Geometry | H5: In the xy-coordinate plane above what are the coordinates of point N
A6: =A5+1 -> 266 | B6: DS03802 | D6: =IF(E6<24%,"Easy", IF(E6>74%, "Very Hard", IF(E6<50%, "Medium", "Hard"))) -> Easy | E6: 0.05 | F6: A | G6: Algebra | H6: The cost of 10 pounds of apples and 2 pounds of grapes was
A7: =A6+1 -> 267 | B7: DS05863 | D7: =IF(E7<24%,"Easy", IF(E7>74%, "Very Hard", IF(E7<50%, "Medium", "Hard"))) -> Easy | E7: 0.05 | F7: E | G7: Statistics and Sets Problems | H7: What was the median annual salary for the employees at compan
A8: =A7+1 -> 268 | B8: DS03422 | D8: =IF(E8<24%,"Easy", IF(E8>74%, "Very Hard", IF(E8<50%, "Medium", "Hard"))) -> Easy | E8: 0.05 | F8: D | G8: Arithmetic | H8: How many basic units of currency x are equivalent to 250 basi
A9: =A8+1 -> 269 | B9: DS16840.02 | C9: Yes | D9: =IF(E9<24%,"Easy", IF(E9>74%, "Very Hard", IF(E9<50%, "Medium", "Hard"))) -> Easy | E9: 0.05 | F9: E | G9: Geometry | H9: In the xy-coordinate plane what are the x-coordinates of the four ver
A10: =A9+1 -> 270 | B10: DS12265 | D10: =IF(E10<24%,"Easy", IF(E10>74%, "Very Hard", IF(E10<50%, "Medium", "Hard"))) -> Easy | E10: 0.05 | F10: C | G10: Word Problems | H10: A company bought 3 printers and 1 scanner what was the price of the
A11: =A10+1 -> 271 | B11: DS17639 | D11: =IF(E11<24%,"Easy", IF(E11>74%, "Very Hard", IF(E11<50%, "Medium", "Hard"))) -> Easy | E11: 0.05 | F11: A | G11: Geometry | H11: In the figure above point d is on ac what is the degree measure of
A12: =A11+1 -> 272 | B12: DS07822 | D12: =IF(E12<24%,"Easy", IF(E12>74%, "Very Hard", IF(E12<50%, "Medium", "Hard"))) -> Easy | E12: 0.05 | F12: C | G12: Fractions/Ratios/Decimals/Word Problems | H12: Each of the 256 solid colored marbles in a box is either blue green
A13: =A12+1 -> 273 | B13: DS15940 | D13: =IF(E13<24%,"Easy", IF(E13>74%, "Very Hard", IF(E13<50%, "Medium", "Hard"))) -> Easy | E13: 0.15 | F13: C | G13: Fractions/Ratios/Decimals/Mixture Problems/Word Problems | H13: A certain mixture of paint requires blue yellow and red paints in
A14: =A13+1 -> 274 | B14: DS50241.02 | C14: Yes | D14: =IF(E14<24%,"Easy", IF(E14>74%, "Very Hard", IF(E14<50%, "Medium", "Hard"))) -> Easy | E14: 0.05 | F14: e | G14: Overlapping Sets | H14: There are 2 groups of students who took a history test. Was the averag
A15: =A14+1 -> 275 | B15: DS05338 | D15: =IF(E15<24%,"Easy", IF(E15>74%, "Very Hard", IF(E15<50%, "Medium", "Hard"))) -> Easy | E15: 0.05 | F15: C | G15: Word Problems | H15: The research funds of a certain company were divided among three depar
A16: =A15+1 -> 276 | B16: DS03138 | D16: =IF(E16<24%,"Easy", IF(E16>74%, "Very Hard", IF(E16<50%, "Medium", "Hard"))) -> Easy | E16: 0.05 | F16: C | G16: Word Problems | H16: In a certain class some students donated cans of food to a local food
A17: =A16+1 -> 277 | B17: DS00254 | D17: =IF(E17<24%,"Easy", IF(E17>74%, "Very Hard", IF(E17<50%, "Medium", "Hard"))) -> Easy | E17: 0.05 | F17: E | G17: Statistics and Sets Problems | H17: Each of the n employees at a certain company has a different annual sa
A18: =A17+1 -> 278 | B18: DS10687 | D18: =IF(E18<24%,"Easy", IF(E18>74%, "Very Hard", IF(E18<50%, "Medium", "Hard"))) -> Easy | E18: 0.05 | F18: C | G18: Word Problems | H18: In a recent town election what was the ratio of the number of votes
A19: =A18+1 -> 279 | B19: DS02541 | D19: =IF(E19<24%,"Easy", IF(E19>74%, "Very Hard", IF(E19<50%, "Medium", "Hard"))) -> Easy | E19: 0.05 | F19: E | G19: Word Problems | H19: How many men are in a certain company s vanpool program
A20: =A19+1 -> 280 | B20: DS08054 | D20: =IF(E20<24%,"Easy", IF(E20>74%, "Very Hard", IF(E20<50%, "Medium", "Hard"))) -> Easy | E20: 0.05 | F20: C | G20: Probability | H20: Each of the marbles in a jar is either red or white or blue if one ma
A21: =A20+1 -> 281 | B21: DS04594 | D21: =IF(E21<24%,"Easy", IF(E21>74%, "Very Hard", IF(E21<50%, "Medium", "Hard"))) -> Easy | E21: 0.05 | F21: C | G21: Geometry | H21: In the figure above what is the value of z
A22: =A21+1 -> 282 | B22: DS04630 | D22: =IF(E22<24%,"Easy", IF(E22>74%, "Very Hard", IF(E22<50%, "Medium", "Hard"))) -> Easy | E22: 0.05 | F22: D | G22: Percent and Interest Problems | H22: What is the value of 10 percent of y
A23: =A22+1 -> 283 | B23: DS12062 | D23: =IF(E23<24%,"Easy", IF(E23>74%, "Very Hard", IF(E23<50%, "Medium", "Hard"))) -> Easy | E23: 0.05 | F23: C | G23: Word Problems | H23: Last semester professor k taught two classes a and b each student
A24: =A23+1 -> 284 | B24: DS06802 | D24: =IF(E24<24%,"Easy", IF(E24>74%, "Very Hard", IF(E24<50%, "Medium", "Hard"))) -> Easy | E24: 0.05 | F24: A | G24: Word Problems | H24: Was the amount of john s heating bill for february greater than it was
A25: =A24+1 -> 285 | B25: DS06662 | D25: =IF(E25<24%,"Easy", IF(E25>74%, "Very Hard", IF(E25<50%, "Medium", "Hard"))) -> Easy | E25: 0.05 | F25: C | G25: Sequences | H25: If sequence s has 120 terms what is the 105th term of s
A26: =A25+1 -> 286 | B26: DS15650.02 | C26: Yes | D26: =IF(E26<24%,"Easy", IF(E26>74%, "Very Hard", IF(E26<50%, "Medium", "Hard"))) -> Easy | E26: 0.15 | F26: c | G26: Geometry | H26: If all of the six faces of a concrete block are rectangular what is
A27: =A26+1 -> 287 | B27: DS00858 | D27: =IF(E27<24%,"Easy", IF(E27>74%, "Very Hard", IF(E27<50%, "Medium", "Hard"))) -> Easy | E27: 0.05 | F27: C | G27: Work/Rate Problems | H27: Machine r and machine s work at their respective constant rates how
A28: =A27+1 -> 288 | B28: DS06065 | D28: =IF(E28<24%,"Easy", IF(E28>74%, "Very Hard", IF(E28<50%, "Medium", "Hard"))) -> Easy | E28: 0.05 | F28: C | G28: Inequalities | H28: If u 0 and v 0 which is greater u v or v u
A29: =A28+1 -> 289 | B29: DS00660 | D29: =IF(E29<24%,"Easy", IF(E29>74%, "Very Hard", IF(E29<50%, "Medium", "Hard"))) -> Easy | E29: 0.05 | F29: E | G29: Word Problems | H29: What was the range of the selling prices of the 30 wallets sold by a
A30: =A29+1 -> 290 | B30: DS08723 | D30: =IF(E30<24%,"Easy", IF(E30>74%, "Very Hard", IF(E30<50%, "Medium", "Hard"))) -> Easy | E30: 0.05 | F30: E | G30: Word Problems | H30: Three houses are being sold through a real estate agent
A31: =A30+1 -> 291 | B31: DS04605 | D31: =IF(E31<24%,"Easy", IF(E31>74%, "Very Hard", IF(E31<50%, "Medium", "Hard"))) -> Easy | E31: 0.05 | F31: C | G31: Algebra | H31: If a b c 12 what is the value of b 1 a b 8 2 b c
A32: =A31+1 -> 292 | B32: DS11254 | D32: =IF(E32<24%,"Easy", IF(E32>74%, "Very Hard", IF(E32<50%, "Medium", "Hard"))) -> Easy | E32: 0.05 | F32: E | G32: Inequalities | H32: Is rw
A33: =A32+1 -> 293 | B33: DS06633 | D33: =IF(E33<24%,"Easy", IF(E33>74%, "Very Hard", IF(E33<50%, "Medium", "Hard"))) -> Easy | E33: 0.05 | F33: D | G33: Algebra | H33: Is x 1 y
A34: =A33+1 -> 294 | B34: DS07949 | D34: =IF(E34<24%,"Easy", IF(E34>74%, "Very Hard", IF(E34<50%, "Medium", "Hard"))) -> Easy | E34: 0.05 | F34: E | G34: Overlapping Sets | H34: How many people in a group of 50 own neither a fax machine nor a laser
A35: =A34+1 -> 295 | B35: DS06475 | D35: =IF(E35<24%,"Easy", IF(E35>74%, "Very Hard", IF(E35<50%, "Medium", "Hard"))) -> Easy | E35: 0.05 | F35: D | G35: Exponents/Powers | H35: What is the value of w
A36: =A35+1 -> 296 | B36: 27860.02 | C36: Yes | D36: =IF(E36<24%,"Easy", IF(E36>74%, "Very Hard", IF(E36<50%, "Medium", "Hard"))) -> Easy | E36: 0.05 | F36: c | G36: Geometry | H36: What is the value of z in the figure above?
A37: =A36+1 -> 297 | B37: DS04839 | D37: =IF(E37<24%,"Easy", IF(E37>74%, "Very Hard", IF(E37<50%, "Medium", "Hard"))) -> Easy | E37: 0.05 | F37: D | G37: Percent and Interest Problems | H37: A certain investment earned a fixed rate of 4 percent interest per yea
A38: =A37+1 -> 298 | B38: DS06397 | D38: =IF(E38<24%,"Easy", IF(E38>74%, "Very Hard", IF(E38<50%, "Medium", "Hard"))) -> Easy | E38: 0.05 | F38: A | G38: Coordinate Geometry/Geometry | H38: What is the circumference of circle c 1 the radius of circle c is
A39: =A38+1 -> 299 | B39: DS07813 | D39: =IF(E39<24%,"Easy", IF(E39>74%, "Very Hard", IF(E39<50%, "Medium", "Hard"))) -> Easy | E39: 0.05 | F39: D | G39: Algebra | H39: What is the value of t
A40: =A39+1 -> 300 | B40: DS11109 | D40: =IF(E40<24%,"Easy", IF(E40>74%, "Very Hard", IF(E40<50%, "Medium", "Hard"))) -> Easy | E40: 0.05 | F40: D | G40: Word Problems | H40: For a certain car repair the total charge consisted of a charge for p
A41: =A40+1 -> 301 | B41: DS06905 | D41: =IF(E41<24%,"Easy", IF(E41>74%, "Very Hard", IF(E41<50%, "Medium", "Hard"))) -> Easy | E41: 0.15 | F41: E | G41: Overlapping Sets | H41: George has a total of b books in his library 25 of which are hardcove
A42: =A41+1 -> 302 | B42: DS12031 | D42: =IF(E42<24%,"Easy", IF(E42>74%, "Very Hard", IF(E42<50%, "Medium", "Hard"))) -> Easy | E42: 0.05 | F42: B | G42: Number Properties | H42: Is w h 4 positive 1 h is positive 2 w is positive
A43: =A42+1 -> 303 | B43: DS15377 | D43: =IF(E43<24%,"Easy", IF(E43>74%, "Very Hard", IF(E43<50%, "Medium", "Hard"))) -> Easy | E43: 0.05 | F43: C | G43: Fractions/Ratios/Decimals/Inequalities/Number Properties | H43: If a is a 3 digit integer and b is a 3 digit integer is the units
A44: =A43+1 -> 304 | B44: DS02450 | D44: =IF(E44<24%,"Easy", IF(E44>74%, "Very Hard", IF(E44<50%, "Medium", "Hard"))) -> Easy | E44: 0.15 | F44: C | G44: Percent and Interest Problems | H44: In each of the last five years company k donated p percent of its
A45: =A44+1 -> 305 | B45: DS06901 | D45: =IF(E45<24%,"Easy", IF(E45>74%, "Very Hard", IF(E45<50%, "Medium", "Hard"))) -> Medium | E45: 0.25 | F45: E | G45: Geometry | H45: Is the area of the triangular region above less than
A46: =A45+1 -> 306 | B46: DS04366 | D46: =IF(E46<24%,"Easy", IF(E46>74%, "Very Hard", IF(E46<50%, "Medium", "Hard"))) -> Easy | E46: 0.15 | F46: B | G46: Arithmetic | H46: A b c and d are points on a line if c is the midpoint of line segm
A47: =A46+1 -> 307 | B47: DS11805 | D47: =IF(E47<24%,"Easy", IF(E47>74%, "Very Hard", IF(E47<50%, "Medium", "Hard"))) -> Medium | E47: 0.45 | F47: C | G47: Word Problems | H47: The people in a line waiting to buy tickets to a show are standing one
A48: =A47+1 -> 308 | B48: DS08730 | D48: =IF(E48<24%,"Easy", IF(E48>74%, "Very Hard", IF(E48<50%, "Medium", "Hard"))) -> Easy | E48: 0.05 | F48: D | G48: Geometry | H48: Square abcd is inscribed in circle o what is the area of square regio
... A64: =A63+1 -> 324 | B64: DS05312 | D64: =IF(E64<24%,"Easy", IF(E64>74%, "Very Hard", IF(E64<50%, "Medium", "Hard"))) -> Easy | E64: 0.05 | F64: D | G64: Word Problems/Distance/Rate Problems | H64: A certain truck uses 1 12 kv 2 gallons of fuel per mile when its spee
A65: =A64+1 -> 325 | B65: DS47810.02 | C65: Yes | D65: =IF(E65<24%,"Easy", IF(E65>74%, "Very Hard", IF(E65<50%, "Medium", "Hard"))) -> Easy | E65: 0.15 | F65: E | G65: Geometry | H65: In the figure shown is l1||l2 ?
A66: =A65+1 -> 326 | B66: DS51531.02 | C66: Yes | D66: =IF(E66<24%,"Easy", IF(E66>74%, "Very Hard", IF(E66<50%, "Medium", "Hard"))) -> Easy | E66: 0.05 | F66: C | G66: Geometry | H66: What is the volume of the right circular cylinder X ?
A67: =A66+1 -> 327 | B67: DS76502.01 | D67: =IF(E67<24%,"Easy", IF(E67>74%, "Very Hard", IF(E67<50%, "Medium", "Hard"))) -> Easy | E67: 0.05 | F67: C | G67: Number Properties | H67: If r and s are positive integers is r s even
A68: =A67+1 -> 328 | B68: DS27502.01 | D68: =IF(E68<24%,"Easy", IF(E68>74%, "Very Hard", IF(E68<50%, "Medium", "Hard"))) -> Medium | E68: 0.25 | F68: D | G68: Geometry | H68: In the figure above pqr has angle measures as shown is x y
A69: =A68+1 -> 329 | B69: DS10602.01 | D69: =IF(E69<24%,"Easy", IF(E69>74%, "Very Hard", IF(E69<50%, "Medium", "Hard"))) -> Medium | E69: 0.45 | F69: C | G69: Sequences | H69: If s is a set of odd integers and 3 and 1 are in s is 15 in s
A70: =A69+1 -> 330 | B70: DS01602.01 | D70: =IF(E70<24%,"Easy", IF(E70>74%, "Very Hard", IF(E70<50%, "Medium", "Hard"))) -> Medium | E70: 0.25 | F70: C | G70: Number Properties | H70: Is the integer x a 3 digit integer 1 x is the square of an integer
A71: =A70+1 -> 331 | B71: DS11602.01 | D71: =IF(E71<24%,"Easy", IF(E71>74%, "Very Hard", IF(E71<50%, "Medium", "Hard"))) -> Easy | E71: 0.15 | F71: E | G71: Sequences | H71: If the 1st term of a sequence is 0 and the 2nd term is 1 is the 5th
A72: =A71+1 -> 332 | B72: DS21602.01 | D72: =IF(E72<24%,"Easy", IF(E72>74%, "Very Hard", IF(E72<50%, "Medium", "Hard"))) -> Medium | E72: 0.25 | F72: D | G72: Number Properties | H72: Is the sum of four particular integers even 1 two of the integers
A73: =A72+1 -> 333 | B73: DS70602.01 | D73: =IF(E73<24%,"Easy", IF(E73>74%, "Very Hard", IF(E73<50%, "Medium", "Hard"))) -> Easy | E73: 0.05 | F73: B | G73: Word Problems | H73: If a school district paid a total of 35 per desk for x desks and a to
A74: =A73+1 -> 334 | B74: DS90602.01 | D74: =IF(E74<24%,"Easy", IF(E74>74%, "Very Hard", IF(E74<50%, "Medium", "Hard"))) -> Easy | E74: 0.15 | F74: D | G74: Algebra/Word Problems | H74: Three children inherited a total of x dollars if the oldest child inh
A75: =A74+1 -> 335 | B75: DS41602.01 | D75: =IF(E75<24%,"Easy", IF(E75>74%, "Very Hard", IF(E75<50%, "Medium", "Hard"))) -> Easy | E75: 0.15 | F75: D | G75: Algebra | H75: If xyz 0 what is the value of x 4z 2 z 2y
A76: =A75+1 -> 336 | B76: DS81602.01 | D76: =IF(E76<24%,"Easy", IF(E76>74%, "Very Hard", IF(E76<50%, "Medium", "Hard"))) -> Medium | E76: 0.45 | F76: B | G76: Algebra | H76: If a and b are integers and b 0 does a 1 b 1 a b
A77: =A76+1 -> 337 | B77: DS12602.01 | D77: =IF(E77<24%,"Easy", IF(E77>74%, "Very Hard", IF(E77<50%, "Medium", "Hard"))) -> Easy | E77: 0.15 | F77: B | G77: Sequences | H77: In a sequence of numbers in which each term is 2 more than the precedi
A78: =A77+1 -> 338 | B78: DS32602.01 | D78: =IF(E78<24%,"Easy", IF(E78>74%, "Very Hard", IF(E78<50%, "Medium", "Hard"))) -> Easy | E78: 0.15 | F78: A | G78: Divisibility/Multiples/Factors | H78: Is the integer p divisible by 5 1 p is divisible by 10 2 p is
... A134: =A133+1 -> 394 | B134: DS03045 | D134: =IF(E134<24%,"Easy", IF(E134>74%, "Very Hard", IF(E134<50%, "Medium", "Hard"))) -> Medium | E134: 0.25 | F134: C | G134: Probability | H134: Jill has applied for a job with each of two different companies what
A135: =A134+1 -> 395 | B135: DS46420.02 | C135: Yes | D135: =IF(E135<24%,"Easy", IF(E135>74%, "Very Hard", IF(E135<50%, "Medium", "Hard"))) -> Easy | E135: 0.15 | F135: E | G135: Word Problems | H135: A certain computer company produces two different monitors P and Q.
A136: =A135+1 -> 396 | B136: DS01257 | D136: =IF(E136<24%,"Easy", IF(E136>74%, "Very Hard", IF(E136<50%, "Medium", "Hard"))) -> Medium | E136: 0.45 | F136: A | G136: Distance/Rate Problems | H136: A conveyor belt moves bottles at a constant speed of 120 centimeters
A137: =A136+1 -> 397 | B137: DS02706 | D137: =IF(E137<24%,"Easy", IF(E137>74%, "Very Hard", IF(E137<50%, "Medium", "Hard"))) -> Medium | E137: 0.35 | F137: E | G137: Statistics and Sets Problems | H137: If x y and z are positive numbers what is the value of the average ar
A138: =A137+1 -> 398 | B138: DS04428 | D138: =IF(E138<24%,"Easy", IF(E138>74%, "Very Hard", IF(E138<50%, "Medium", "Hard"))) -> Medium | E138: 0.25 | F138: E | G138: Geometry | H138: The rectangular rug shown in the figure above has an accent border
A139: =A138+1 -> 399 | B139: DS06537 | D139: =IF(E139<24%,"Easy", IF(E139>74%, "Very Hard", IF(E139<50%, "Medium", "Hard"))) -> Easy | E139: 0.15 | F139: E | G139: Number Properties/Algebra | H139: If y 2xz what is the value of 2xz yz 2xz y
A140: =A139+1 -> 400 | B140: DS04852 | D140: =IF(E140<24%,"Easy", IF(E140>74%, "Very Hard", IF(E140<50%, "Medium", "Hard"))) -> Medium | E140: 0.25 | F140: D | G140: Geometry | H140: In the parallelogram shown what is the value of x
A141: =A140+1 -> 401 | B141: DS06096 | D141: =IF(E141<24%,"Easy", IF(E141>74%, "Very Hard", IF(E141<50%, "Medium", "Hard"))) -> Easy | E141: 0.05 | F141: E | G141: Overlapping Sets | H141: In a product test of a common cold remedy x percent of the patients
A142: =A141+1 -> 402 | B142: DS13588 | D142: =IF(E142<24%,"Easy", IF(E142>74%, "Very Hard", IF(E142<50%, "Medium", "Hard"))) -> Medium | E142: 0.35 | F142: B | G142: Inequalities | H142: Is x 5 1 x 2 5 2 x 2 x
A143: =A142+1 -> 403 | B143: DS72951.01 | D143: =IF(E143<24%,"Easy", IF(E143>74%, "Very Hard", IF(E143<50%, "Medium", "Hard"))) -> Medium | E143: 0.45 | F143: C | G143: Fractions/Ratios/Decimals/Word Problems | H143: Three roommates bela gyorgy and janos together saved money for a tri
A144: =A143+1 -> 404 | B144: DS11257 | D144: =IF(E144<24%,"Easy", IF(E144>74%, "Very Hard", IF(E144<50%, "Medium", "Hard"))) -> Medium | E144: 0.25 | F144: E | G144: Exponents/Powers/Inequalities/Number Properties | H144: Is zp negative
A145: =A144+1 -> 405 | B145: DS04157 | D145: =IF(E145<24%,"Easy", IF(E145>74%, "Very Hard", IF(E145<50%, "Medium", "Hard"))) -> Hard | E145: 0.55 | F145: E | G145: Word Problems | H145: In each game of a certain tournament a contestant either loses 3 poin
A146: =A145+1 -> 406 | B146: DS05631 | D146: =IF(E146<24%,"Easy", IF(E146>74%, "Very Hard", IF(E146<50%, "Medium", "Hard"))) -> Hard | E146: 0.55 | F146: D | G146: Fractions/Ratios/Decimals | H146: At the beginning of the year the finance committee and the planning c
A147: =A146+1 -> 407 | B147: DS15561 | D147: =IF(E147<24%,"Easy", IF(E147>74%, "Very Hard", IF(E147<50%, "Medium", "Hard"))) -> Medium | E147: 0.45 | F147: A | G147: Inequalities | H147: If xy 0 is x 3 y
... A166: =A165+1 -> 426 | B166: DS01324 | D166: =IF(E166<24%,"Easy", IF(E166>74%, "Very Hard", IF(E166<50%, "Medium", "Hard"))) -> Hard | E166: 0.55 | F166: C | G166: Geometry/Number Properties | H166: On the number line point r has coordinate r and point t has coordinat
A167: =A166+1 -> 427 | B167: DS11210.02 | C167: Yes | D167: =IF(E167<24%,"Easy", IF(E167>74%, "Very Hard", IF(E167<50%, "Medium", "Hard"))) -> Medium | E167: 0.25 | F167: C | G167: Word Problems | H167: Did the population of Town C increase by at least 100 percent from the
A168: =A167+1 -> 428 | B168: DS06659 | D168: =IF(E168<24%,"Easy", IF(E168>74%, "Very Hard", IF(E168<50%, "Medium", "Hard"))) -> Easy | E168: 0.15 | F168: C | G168: Combinations/Coordinate Geometry | H168: S is a set of points in the plane how many distinct triangles can be
A169: =A168+1 -> 429 | B169: DS16078 | D169: =IF(E169<24%,"Easy", IF(E169>74%, "Very Hard", IF(E169<50%, "Medium", "Hard"))) -> Medium | E169: 0.25 | F169: C | G169: Word Problems | H169: Stores land m each sell a certain product at a different
A170: =A169+1 -> 430 | B170: DS16529 | D170: =IF(E170<24%,"Easy", IF(E170>74%, "Very Hard", IF(E170<50%, "Medium", "Hard"))) -> Easy | E170: 0.15 | F170: B | G170: Fractions/Ratios/Decimals | H170: If d denotes a decimal is d
A171: =A170+1 -> 431 | B171: DS08231 | D171: =IF(E171<24%,"Easy", IF(E171>74%, "Very Hard", IF(E171<50%, "Medium", "Hard"))) -> Very Hard | E171: 0.85 | F171: D | G171: Arithmetic/Functions and Custom Characters/Number Properties | H171: In the two digit integers 3 box and 2 bigtriangleup the
A172: =A171+1 -> 432 | B172: DS07262 | D172: =IF(E172<24%,"Easy", IF(E172>74%, "Very Hard", IF(E172<50%, "Medium", "Hard"))) -> Hard | E172: 0.65 | F172: A | G172: Fractions/Ratios/Decimals | H172: Two points n and q not shown lie to the right of point m on line
A173: =A172+1 -> 433 | B173: DS05639 | D173: =IF(E173<24%,"Easy", IF(E173>74%, "Very Hard", IF(E173<50%, "Medium", "Hard"))) -> Medium | E173: 0.25 | F173: B | G173: Word Problems | H173: Did the sum of the prices of three shirts exceed
A174: =A173+1 -> 434 | B174: DS03057 | D174: =IF(E174<24%,"Easy", IF(E174>74%, "Very Hard", IF(E174<50%, "Medium", "Hard"))) -> Medium | E174: 0.35 | F174: C | G174: Word Problems | H174: What is the total number of coins that bert and claire have
A175: =A174+1 -> 435 | B175: DS05668 | D175: =IF(E175<24%,"Easy", IF(E175>74%, "Very Hard", IF(E175<50%, "Medium", "Hard"))) -> Medium | E175: 0.25 | F175: A | G175: Word Problems | H175: A telephone station has x processors each of which can process a maxi
A176: =A175+1 -> 436 | B176: DS07953 | D176: =IF(E176<24%,"Easy", IF(E176>74%, "Very Hard", IF(E176<50%, "Medium", "Hard"))) -> Very Hard | E176: 0.75 | F176: B | G176: Algebra/Word Problems | H176: Kim and sue each bought some roses and some daisies at the prices show
A177: =A176+1 -> 437 | B177: DS14406 | D177: =IF(E177<24%,"Easy", IF(E177>74%, "Very Hard", IF(E177<50%, "Medium", "Hard"))) -> Medium | E177: 0.45 | F177: B | G177: Percent and Interest Problems | H177: Jazz and blues recordings accounted for 6 percent of the 840 million
A178: =A177+1 -> 438 | B178: DS06315 | D178: =IF(E178<24%,"Easy", IF(E178>74%, "Very Hard", IF(E178<50%, "Medium", "Hard"))) -> Medium | E178: 0.25 | F178: A | G178: Distance/Rate Problems | H178: On a certain nonstop trip marta averaged x miles per hour for 2 hours
A179: =A178+1 -> 439 | B179: DS12730 | D179: =IF(E179<24%,"Easy", IF(E179>74%, "Very Hard", IF(E179<50%, "Medium", "Hard"))) -> Hard | E179: 0.55 | F179: E | G179: Number Properties | H179: If x is a positive integer what is the value of x 24 1 2 x
... A194: =A193+1 -> 454 | B194: DS13965 | D194: =IF(E194<24%,"Easy", IF(E194>74%, "Very Hard", IF(E194<50%, "Medium", "Hard"))) -> Hard | E194: 0.65 | F194: E | G194: Number Properties | H194: If x is a positive integer then is x prime 1 3x 1 is prime 2 5x
A195: =A194+1 -> 455 | B195: DS00172 | D195: Medium | E195: 0.25 | F195: C | G195: Statistics and Sets Problems | H195: What is the value of n in the list above k, n, 12, 6, 17
A196: =A195+1 -> 456 | B196: DS07508 | D196: =IF(E196<24%,"Easy", IF(E196>74%, "Very Hard", IF(E196<50%, "Medium", "Hard"))) -> Easy | E196: 0.05 | F196: D | G196: Inequalities | H196: If x and y are integers what is the value of x y
A197: =A196+1 -> 457 | B197: DS00764 | D197: =IF(E197<24%,"Easy", IF(E197>74%, "Very Hard", IF(E197<50%, "Medium", "Hard"))) -> Hard | E197: 0.55 | F197: B | G197: Percent and Interest Problems/Word Problems | H197: Last year if arturo spent a total of 12 000 on his mortgage
A198: =A197+1 -> 458 | B198: DS06038 | D198: =IF(E198<24%,"Easy", IF(E198>74%, "Very Hard", IF(E198<50%, "Medium", "Hard"))) -> Medium | E198: 0.35 | F198: B | G198: Inequalities | H198: If a b c and d are positive numbers is a b c d
A199: =A198+1 -> 459 | B199: DS12008 | D199: =IF(E199<24%,"Easy", IF(E199>74%, "Very Hard", IF(E199<50%, "Medium", "Hard"))) -> Medium | E199: 0.25 | F199: C | G199: Overlapping Sets | H199: Is the number of members of club x greater than the number
A200: =A199+1 -> 460 | B200: DS16361 | D200: =IF(E200<24%,"Easy", IF(E200>74%, "Very Hard", IF(E200<50%, "Medium", "Hard"))) -> Easy | E200: 0.05 | F200: D | G200: Statistics and Sets Problems | H200: On the number line above p q r s and t are five consec
A201: =A200+1 -> 461 | B201: DS06657 | D201: =IF(E201<24%,"Easy", IF(E201>74%, "Very Hard", IF(E201<50%, "Medium", "Hard"))) -> Medium | E201: 0.45 | F201: C | G201: Functions and Custom Characters | H201: If denotes the least integer greater than or equal to x
A202: =A201+1 -> 462 | B202: DS12718 | D202: =IF(E202<24%,"Easy", IF(E202>74%, "Very Hard", IF(E202<50%, "Medium", "Hard"))) -> Hard | E202: 0.65 | F202: C | G202: Inequalities | H202: If x and y are integers is x y
...

Sheet RC
A1: The GMAT Club Guide to the Official GMAT Guide 2021 Edition
A2: Passage | B2: Question | C2: ID | D2: Difficulty | E2: % Wrong | F2: OA | G2: Primary Category | H2: Text
A3: 1 | B3: 503 | C3: RC00504-01 | D3: =IF(E3<24%,"Easy", IF(E3>74%, "Very Hard", IF(E3<50%, "Medium", "Hard"))) -> Medium | E3: 0.25 | F3: D | G3: Short Passage/Science | H3: Scientist long believed that two nerve cluster in the human hypothalam
B4: =B3+1 -> 504 | C4: RC00504-05 | D4: =IF(E4<24%,"Easy", IF(E4>74%, "Very Hard", IF(E4<50%, "Medium", "Hard"))) -> Easy | E4: 0.07 | F4: D | G4: Short Passage/Science | H4: Scientist long believed that two nerve cluster in the human hypothalam
B5: =B4+1 -> 505 | C5: RC00504-04 | D5: =IF(E5<24%,"Easy", IF(E5>74%, "Very Hard", IF(E5<50%, "Medium", "Hard"))) -> Medium | E5: 0.28 | F5: B | G5: Short Passage/Science | H5: Scientist long believed that two nerve cluster in the human hypothalam
A6: 2 | B6: =B5+1 -> 506 | C6: RC00525-01 | D6: =IF(E6<24%,"Easy", IF(E6>74%, "Very Hard", IF(E6<50%, "Medium", "Hard"))) -> Medium | E6: 0.41 | F6: B | G6: Business | H6: In their study of whether offering a guarantee of service quality will
B7: =B6+1 -> 507 | C7: RC00525-02 | D7: =IF(E7<24%,"Easy", IF(E7>74%, "Very Hard", IF(E7<50%, "Medium", "Hard"))) -> Medium | E7: 0.31 | F7: C | G7: Business | H7: In their study of whether offering a guarantee of service quality will
B8: =B7+1 -> 508 | C8: RC00525-07 | D8: =IF(E8<24%,"Easy", IF(E8>74%, "Very Hard", IF(E8<50%, "Medium", "Hard"))) -> Easy | E8: 0.09 | F8: C | G8: Business | H8: In their study of whether offering a guarantee of service quality will
A9: 3 | B9: =B8+1 -> 509 | C9: RC00455-03 | D9: =IF(E9<24%,"Easy", IF(E9>74%, "Very Hard", IF(E9<50%, "Medium", "Hard"))) -> Medium | E9: 0.4 | F9: A | G9: Short Passage/Science | H9: One proposal for preserving rain forests is to promote the adop
B10: =B9+1 -> 510 | C10: RC00455-05 | D10: =IF(E10<24%,"Easy", IF(E10>74%, "Very Hard", IF(E10<50%, "Medium", "Hard"))) -> Easy | E10: 0.21 | F10: C | G10: Short Passage/Science | H10: One proposal for preserving rain forests is to promote the adop
A11: 4 | B11: =B10+1 -> 511 | C11: RC00344-02 | D11: =IF(E11<24%,"Easy", IF(E11>74%, "Very Hard", IF(E11<50%, "Medium", "Hard"))) -> Easy | E11: 0.15 | F11: D | G11: Business/Social Science/Short Passage | H11: The argument for monetizing or putting a monetary value on ecosystem
B12: =B11+1 -> 512 | C12: RC00344-04 | D12: =IF(E12<24%,"Easy", IF(E12>74%, "Very Hard", IF(E12<50%, "Medium", "Hard"))) -> Easy | E12: 0.16 | F12: C | G12: Business/Social Science/Short Passage | H12: The argument for monetizing or putting a monetary value on ecosystem
B13: =B12+1 -> 513 | C13: RC00344-05 | D13: =IF(E13<24%,"Easy", IF(E13>74%, "Very Hard", IF(E13<50%, "Medium", "Hard"))) -> Easy | E13: 0.17 | F13: A | G13: Business/Social Science/Short Passage | H13: The argument for monetizing or putting a monetary value on ecosystem
B14: =B13+1 -> 514 | C14: RC00344-06 | D14: =IF(E14<24%,"Easy", IF(E14>74%, "Very Hard", IF(E14<50%, "Medium", "Hard"))) -> Medium | E14: 0.27 | F14: C | G14: Business/Social Science/Short Passage | H14: The argument for monetizing or putting a monetary value on ecosystem
A15: 5 | B15: =B14+1 -> 515 | C15: RC00359-01 | D15: =IF(E15<24%,"Easy", IF(E15>74%, "Very Hard", IF(E15<50%, "Medium", "Hard"))) -> Medium | E15: 0.3 | F15: C | G15: Business/Short Passage | H15: Much research has been devoted to investigating what motivates consu
B16: =B15+1 -> 516 | C16: RC00359-03 | D16: =IF(E16<24%,"Easy", IF(E16>74%, "Very Hard", IF(E16<50%, "Medium", "Hard"))) -> Easy | E16: 0.17 | F16: C | G16: Business/Short Passage | H16: Much research has been devoted to investigating what motivates consu
B17: =B16+1 -> 517 | C17: RC00359-05 | D17: =IF(E17<24%,"Easy", IF(E17>74%, "Very Hard", IF(E17<50%, "Medium", "Hard"))) -> Medium | E17: 0.3 | F17: E | G17: Business/Short Passage | H17: Much research has been devoted to investigating what motivates consu
B18: =B17+1 -> 518 | C18: RC00359-06 | D18: =IF(E18<24%,"Easy", IF(E18>74%, "Very Hard", IF(E18<50%, "Medium", "Hard"))) -> Easy | E18: 0.18 | F18: A | G18: Business/Short Passage | H18: Much research has been devoted to investigating what motivates consu
A19: 6 | B19: =B18+1 -> 519 | C19: RC00419-01 | D19: =IF(E19<24%,"Easy", IF(E19>74%, "Very Hard", IF(E19<50%, "Medium", "Hard"))) -> Easy | E19: 0.16 | F19: C | G19: Business/Long Passage | H19: Historians remain divided over the role of banks in facilitating eco
B20: =B19+1 -> 520 | C20: RC00419-02 | D20: =IF(E20<24%,"Easy", IF(E20>74%, "Very Hard", IF(E20<50%, "Medium", "Hard"))) -> Easy | E20: 0.1 | F20: B | G20: Business/Long Passage | H20: Historians remain divided over the role of banks in facilitating eco
B21: =B20+1 -> 521 | C21: RC00419-04 | D21: =IF(E21<24%,"Easy", IF(E21>74%, "Very Hard", IF(E21<50%, "Medium", "Hard"))) -> Medium | E21: 0.37 | F21: B | G21: Business/Long Passage | H21: Historians remain divided over the role of banks in facilitating eco
B22: =B21+1 -> 522 | C22: RC00419-05 | D22: =IF(E22<24%,"Easy", IF(E22>74%, "Very Hard", IF(E22<50%, "Medium", "Hard"))) -> Medium | E22: 0.29 | F22: A | G22: Business/Long Passage | H22: Historians remain divided over the role of banks in facilitating eco
B23: =B22+1 -> 523 | C23: RC00419-06 | D23: =IF(E23<24%,"Easy", IF(E23>74%, "Very Hard", IF(E23<50%, "Medium", "Hard"))) -> Medium | E23: 0.46 | F23: D | G23: Business/Long Passage | H23: Historians remain divided over the role of banks in facilitating eco
A24: 7 | B24: =B23+1 -> 524 | C24: RC00458-01 | D24: =IF(E24<24%,"Easy", IF(E24>74%, "Very Hard", IF(E24<50%, "Medium", "Hard"))) -> Easy | E24: 0.22 | F24: C | G24: Business/Short Passage | H24: In recent years western business managers have been heeding the
B25: =B24+1 -> 525 | C25: RC00458-02 | D25: =IF(E25<24%,"Easy", IF(E25>74%, "Very Hard", IF(E25<50%, "Medium", "Hard"))) -> Easy | E25: 0.23 | F25: E | G25: Business/Short Passage | H25: In recent years western business managers have been heeding the
B26: =B25+1 -> 526 | C26: RC00458-03 | D26: =IF(E26<24%,"Easy", IF(E26>74%, "Very Hard", IF(E26<50%, "Medium", "Hard"))) -> Easy | E26: 0.15 | F26: B | G26: Business/Short Passage | H26: In recent years western business managers have been heeding the
B27: =B26+1 -> 527 | C27: RC00458-05 | D27: =IF(E27<24%,"Easy", IF(E27>74%, "Very Hard", IF(E27<50%, "Medium", "Hard"))) -> Easy | E27: 0.15 | F27: D | G27: Business/Short Passage | H27: In recent years western business managers have been heeding the
A28: 8 | B28: =B27+1 -> 528 | C28: RC00497-02 | D28: =IF(E28<24%,"Easy", IF(E28>74%, "Very Hard", IF(E28<50%, "Medium", "Hard"))) -> Easy | E28: 0.19 | F28: C | G28: Business/Long Passage | H28: In an effort to explain why business acquisitions often fail scholars
B29: =B28+1 -> 529 | C29: RC00497-03 | D29: =IF(E29<24%,"Easy", IF(E29>74%, "Very Hard", IF(E29<50%, "Medium", "Hard"))) -> Medium | E29: 0.27 | F29: B | G29: Business/Long Passage | H29: In an effort to explain why business acquisitions often fail scholars
B30: =B29+1 -> 530 | C30: RC00497-04 | D30: =IF(E30<24%,"Easy", IF(E30>74%, "Very Hard", IF(E30<50%, "Medium", "Hard"))) -> Medium | E30: 0.42 | F30: D | G30: Business/Long Passage | H30: In an effort to explain why business acquisitions often fail scholars
B31: =B30+1 -> 531 | C31: RC00497-05 | D31: =IF(E31<24%,"Easy", IF(E31>74%, "Very Hard", IF(E31<50%, "Medium", "Hard"))) -> Medium | E31: 0.29 | F31: A | G31: Business/Long Passage | H31: In an effort to explain why business acquisitions often fail scholars
A32: 9 | B32: =B31+1 -> 532 | C32: RC00017-02 | D32: =IF(E32<24%,"Easy", IF(E32>74%, "Very Hard", IF(E32<50%, "Medium", "Hard"))) -> Easy | E32: 0.15 | F32: C | G32: Humanities/Social Science/Short Passage | H32: When jamaican born social activist marcus garvey came to the united st
B33: =B32+1 -> 533 | C33: RC00017-03 | D33: =IF(E33<24%,"Easy", IF(E33>74%, "Very Hard", IF(E33<50%, "Medium", "Hard"))) -> Medium | E33: 0.26 | F33: D | G33: Humanities/Social Science/Short Passage | H33: When jamaican born social activist marcus garvey came to the united st
B34: =B33+1 -> 534 | C34: RC00017-04 | D34: =IF(E34<24%,"Easy", IF(E34>74%, "Very Hard", IF(E34<50%, "Medium", "Hard"))) -> Hard | E34: 0.56 | F34: B | G34: Humanities/Social Science/Short Passage | H34: When jamaican born social activist marcus garvey came to the united st
B35: =B34+1 -> 535 | C35: RC00017-05 | D35: =IF(E35<24%,"Easy", IF(E35>74%, "Very Hard", IF(E35<50%, "Medium", "Hard"))) -> Medium | E35: 0.29 | F35: B | G35: Humanities/Social Science/Short Passage | H35: When jamaican born social activist marcus garvey came to the united st
A36: 10 | B36: =B35+1 -> 536 | C36: RC38200-01.01 | D36: =IF(E36<24%,"Easy", IF(E36>74%, "Very Hard", IF(E36<50%, "Medium", "Hard"))) -> Easy | E36: 0.16 | F36: B | G36: Social Science/Long Passage | H36: Arboria is floundering in the global marketplace incurring devastati
B37: =B36+1 -> 537 | C37: RC38200-02.01 | D37: =IF(E37<24%,"Easy", IF(E37>74%, "Very Hard", IF(E37<50%, "Medium", "Hard"))) -> Easy | E37: 0.23 | F37: D | G37: Social Science/Long Passage | H37: Arboria is floundering in the global marketplace incurring devastati
B38: =B37+1 -> 538 | C38: RC38200-03.01 | D38: =IF(E38<24%,"Easy", IF(E38>74%, "Very Hard", IF(E38<50%, "Medium", "Hard"))) -> Easy | E38: 0.04 | F38: E | G38: Social Science/Long Passage | H38: Arboria is floundering in the global marketplace incurring devastati
B39: =B38+1 -> 539 | C39: RC38200-04.01 | D39: =IF(E39<24%,"Easy", IF(E39>74%, "Very Hard", IF(E39<50%, "Medium", "Hard"))) -> Medium | E39: 0.27 | F39: D | G39: Social Science/Long Passage | H39: Arboria is floundering in the global marketplace incurring devastati
B40: =B39+1 -> 540 | C40: RC38200-05.01 | D40: =IF(E40<24%,"Easy", IF(E40>74%, "Very Hard", IF(E40<50%, "Medium", "Hard"))) -> Medium | E40: 0.25 | F40: E | G40: Social Science/Long Passage | H40: Arboria is floundering in the global marketplace incurring devastati
B41: =B40+1 -> 541 | C41: RC38200-06.01 | D41: =IF(E41<24%,"Easy", IF(E41>74%, "Very Hard", IF(E41<50%, "Medium", "Hard"))) -> Easy | E41: 0.13 | F41: C | G41: Social Science/Long Passage | H41: Arboria is floundering in the global marketplace incurring devastati
B42: =B41+1 -> 542 | C42: RC38200-07.01 | D42: =IF(E42<24%,"Easy", IF(E42>74%, "Very Hard", IF(E42<50%, "Medium", "Hard"))) -> Medium | E42: 0.32 | F42: C | G42: Social Science/Long Passage | H42: Arboria is floundering in the global marketplace incurring devastati
B43: =B42+1 -> 543 | C43: RC38200-08.01 | D43: =IF(E43<24%,"Easy", IF(E43>74%, "Very Hard", IF(E43<50%, "Medium", "Hard"))) -> Easy | E43: 0.12 | F43: B | G43: Social Science/Long Passage | H43: Arboria is floundering in the global marketplace incurring devastati
A44: 12 | B44: =B43+1 -> 544 | C44: RC74000-01.01 | D44: =IF(E44<24%,"Easy", IF(E44>74%, "Very Hard", IF(E44<50%, "Medium", "Hard"))) -> Hard | E44: 0.58 | F44: D | G44: Long Passage/Humanities | H44: In winters v united states 1908 the supreme court held that the ri
B45: =B44+1 -> 545 | C45: RC74000-02.01 | D45: =IF(E45<24%,"Easy", IF(E45>74%, "Very Hard", IF(E45<50%, "Medium", "Hard"))) -> Medium | E45: 0.48 | F45: C | G45: Long Passage/Humanities | H45: In winters v united states 1908 the supreme court held that the ri
B46: =B45+1 -> 546 | C46: RC74000-03.01 | D46: =IF(E46<24%,"Easy", IF(E46>74%, "Very Hard", IF(E46<50%, "Medium", "Hard"))) -> Medium | E46: 0.38 | F46: B | G46: Long Passage/Humanities | H46: In winters v united states 1908 the supreme court held that the ri
B47: =B46+1 -> 547 | C47: RC74000-04.01 | D47: =IF(E47<24%,"Easy", IF(E47>74%, "Very Hard", IF(E47<50%, "Medium", "Hard"))) -> Medium | E47: 0.42 | F47: A | G47: Long Passage/Humanities | H47: In winters v united states 1908 the supreme court held that the ri
B48: =B47+1 -> 548 | C48: RC74000-05.01 | D48: =IF(E48<24%,"Easy", IF(E48>74%, "Very Hard", IF(E48<50%, "Medium", "Hard"))) -> Medium | E48: 0.4 | F48: E | G48: Long Passage/Humanities | H48: In winters v united states 1908 the supreme court held that the ri
B49: =B48+1 -> 549 | C49: RC74000-06.01 | D49: =IF(E49<24%,"Easy", IF(E49>74%, "Very Hard", IF(E49<50%, "Medium", "Hard"))) -> Medium | E49: 0.34 | F49: A | G49: Long Passage/Humanities | H49: In winters v united states 1908 the supreme court held that the ri
B50: =B49+1 -> 550 | C50: RC74000-07.01 | D50: =IF(E50<24%,"Easy", IF(E50>74%, "Very Hard", IF(E50<50%, "Medium", "Hard"))) -> Medium | E50: 0.45 | F50: B | G50: Long Passage/Humanities | H50: In winters v united states 1908 the supreme court held that the ri
B51: =B50+1 -> 551 | C51: RC74000-08.01 | D51: =IF(E51<24%,"Easy", IF(E51>74%, "Very Hard", IF(E51<50%, "Medium", "Hard"))) -> Hard | E51: 0.5 | F51: E | G51: Long Passage/Humanities | H51: In winters v united states 1908 the supreme court held that the ri
A52: 13 | B52: =B51+1 -> 552 | C52: RC00394-02 | D52: =IF(E52<24%,"Easy", IF(E52>74%, "Very Hard", IF(E52<50%, "Medium", "Hard"))) -> Medium | E52: 0.45 | F52: B | G52: Short Passage/Business | H52: In corporate purchasing competitive scrutiny is typically limited to
B53: =B52+1 -> 553 | C53: RC00394-03 | D53: =IF(E53<24%,"Easy", IF(E53>74%, "Very Hard", IF(E53<50%, "Medium", "Hard"))) -> Medium | E53: 0.4 | F53: C | G53: Short Passage/Business | H53: In corporate purchasing competitive scrutiny is typically limited to
B54: =B53+1 -> 554 | C54: RC00394-04 | D54: =IF(E54<24%,"Easy", IF(E54>74%, "Very Hard", IF(E54<50%, "Medium", "Hard"))) -> Medium | E54: 0.28 | F54: C | G54: Short Passage/Business | H54: In corporate purchasing competitive scrutiny is typically limited to
B55: =B54+1 -> 555 | C55: RC00394-05 | D55: =IF(E55<24%,"Easy", IF(E55>74%, "Very Hard", IF(E55<50%, "Medium", "Hard"))) -> Easy | E55: 0.19 | F55: A | G55: Short Passage/Business | H55: In corporate purchasing competitive scrutiny is typically limited to
B56: =B55+1 -> 556 | C56: RC00394-06 | D56: =IF(E56<24%,"Easy", IF(E56>74%, "Very Hard", IF(E56<50%, "Medium", "Hard"))) -> Easy | E56: 0.08 | F56: D | G56: Short Passage/Business | H56: In corporate purchasing competitive scrutiny is typically limited to
A57: 14 | B57: =B56+1 -> 557 | C57: RC00423-01 | D57: =IF(E57<24%,"Easy", IF(E57>74%, "Very Hard", IF(E57<50%, "Medium", "Hard"))) -> Medium | E57: 0.26 | F57: D | G57: Science/Short Passage | H57: Carotenoids a family of natural pigments form an important part of
B58: =B57+1 -> 558 | C58: RC00423-02 | D58: =IF(E58<24%,"Easy", IF(E58>74%, "Very Hard", IF(E58<50%, "Medium", "Hard"))) -> Medium | E58: 0.44 | F58: C | G58: Science/Short Passage | H58: Carotenoids a family of natural pigments form an important part of
B59: =B58+1 -> 559 | C59: RC00423-03 | D59: =IF(E59<24%,"Easy", IF(E59>74%, "Very Hard", IF(E59<50%, "Medium", "Hard"))) -> Medium | E59: 0.37 | F59: E | G59: Science/Short Passage | H59: Carotenoids a family of natural pigments form an important part of
B60: =B59+1 -> 560 | C60: RC00423-04 | D60: =IF(E60<24%,"Easy", IF(E60>74%, "Very Hard", IF(E60<50%, "Medium", "Hard"))) -> Medium | E60: 0.28 | F60: A | G60: Science/Short Passage | H60: Carotenoids a family of natural pigments form an important part of
B61: =B60+1 -> 561 | C61: RC00423-05 | D61: =IF(E61<24%,"Easy", IF(E61>74%, "Very Hard", IF(E61<50%, "Medium", "Hard"))) -> Medium | E61: 0.29 | F61: C | G61: Science/Short Passage | H61: Carotenoids a family of natural pigments form an important part of
A62: 15 | B62: =B61+1 -> 562 | C62: RC00349-02 | D62: =IF(E62<24%,"Easy", IF(E62>74%, "Very Hard", IF(E62<50%, "Medium", "Hard"))) -> Medium | E62: 0.34 | F62: D | G62: Short Passage/Humanities | H62: Linda kerber argued in the mid 1980 s that after the american
B63: =B62+1 -> 563 | C63: RC00349-03 | D63: =IF(E63<24%,"Easy", IF(E63>74%, "Very Hard", IF(E63<50%, "Medium", "Hard"))) -> Medium | E63: 0.31 | F63: E | G63: Short Passage/Humanities | H63: Linda kerber argued in the mid 1980 s that after the american
B64: =B63+1 -> 564 | C64: RC00349-04 | D64: =IF(E64<24%,"Easy", IF(E64>74%, "Very Hard", IF(E64<50%, "Medium", "Hard"))) -> Medium | E64: 0.39 | F64: A | G64: Short Passage/Humanities | H64: Linda kerber argued in the mid 1980 s that after the american
B65: =B64+1 -> 565 | C65: RC00349-05 | D65: =IF(E65<24%,"Easy", IF(E65>74%, "Very Hard", IF(E65<50%, "Medium", "Hard"))) -> Easy | E65: 0.06 | F65: B | G65: Short Passage/Humanities | H65: Linda kerber argued in the mid 1980 s that after the american
B66: =B65+1 -> 566 | C66: RC00349-06 | D66: =IF(E66<24%,"Easy", IF(E66>74%, "Very Hard", IF(E66<50%, "Medium", "Hard"))) -> Hard | E66: 0.55 | F66: C | G66: Short Passage/Humanities | H66: Linda kerber argued in the mid 1980 s that after the american
A67: 16 | B67: =B66+1 -> 567 | C67: RC00633-01 | D67: =IF(E67<24%,"Easy", IF(E67>74%, "Very Hard", IF(E67<50%, "Medium", "Hard"))) -> Medium | E67: 0.27 | F67: C | G67: Science/Long Passage | H67: In the sonoran desert of northwestern mexico and southern arizona t
B68: =B67+1 -> 568 | C68: RC00633-02 | D68: =IF(E68<24%,"Easy", IF(E68>74%, "Very Hard", IF(E68<50%, "Medium", "Hard"))) -> Medium | E68: 0.31 | F68: B | G68: Science/Long Passage | H68: In the sonoran desert of northwestern mexico and southern arizona t
B69: =B68+1 -> 569 | C69: RC00633-06 | D69: =IF(E69<24%,"Easy", IF(E69>74%, "Very Hard", IF(E69<50%, "Medium", "Hard"))) -> Medium | E69: 0.49 | F69: E | G69: Science/Long Passage | H69: In the sonoran desert of northwestern mexico and southern arizona t
A70: 17 | B70: =B69+1 -> 570 | C70: RC00121-01 | D70: =IF(E70<24%,"Easy", IF(E70>74%, "Very Hard", IF(E70<50%, "Medium", "Hard"))) -> Medium | E70: 0.29 | F70: C | G70: Business/Long Passage | H70: Manufacturers have to do more than build large manufacturing
B71: =B70+1 -> 571 | C71: RC00121-02 | D71: =IF(E71<24%,"Easy", IF(E71>74%, "Very Hard", IF(E71<50%, "Medium", "Hard"))) -> Easy | E71: 0.16 | F71: E | G71: Business/Long Passage | H71: Manufacturers have to do more than build large manufacturing
B72: =B71+1 -> 572 | C72: RC00121-03 | D72: =IF(E72<24%,"Easy", IF(E72>74%, "Very Hard", IF(E72<50%, "Medium", "Hard"))) -> Medium | E72: 0.26 | F72: A | G72: Business/Long Passage | H72: Manufacturers have to do more than build large manufacturing
B73: =B72+1 -> 573 | C73: RC00121-05 | D73: =IF(E73<24%,"Easy", IF(E73>74%, "Very Hard", IF(E73<50%, "Medium", "Hard"))) -> Medium | E73: 0.34 | F73: D | G73: Business/Long Passage | H73: Manufacturers have to do more than build large manufacturing
B74: =B73+1 -> 574 | C74: RC00121-07 | D74: =IF(E74<24%,"Easy", IF(E74>74%, "Very Hard", IF(E74<50%, "Medium", "Hard"))) -> Medium | E74: 0.32 | F74: A | G74: Business/Long Passage | H74: Manufacturers have to do more than build large manufacturing
A75: 18 | B75: =B74+1 -> 575 | C75: RC00120-05 | D75: =IF(E75<24%,"Easy", IF(E75>74%, "Very Hard", IF(E75<50%, "Medium", "Hard"))) -> Medium | E75: 0.25 | F75: C | G75: Science/Long Passage | H75: A small number of the forest species of lepidoptera moths and butterf
B76: =B75+1 -> 576 | C76: RC00120-06 | D76: =IF(E76<24%,"Easy", IF(E76>74%, "Very Hard", IF(E76<50%, "Medium", "Hard"))) -> Easy | E76: 0.18 | F76: A | G76: Science/Long Passage | H76: A small number of the forest species of lepidoptera moths and butterf
B77: =B76+1 -> 577 | C77: RC00120-01 | D77: =IF(E77<24%,"Easy", IF(E77>74%, "Very Hard", IF(E77<50%, "Medium", "Hard"))) -> Easy | E77: 0.18 | F77: B | G77: Science/Long Passage | H77: A small number of the forest species of lepidoptera moths and butterf
B78: =B77+1 -> 578 | C78: RC00120-02 | D78: =IF(E78<24%,"Easy", IF(E78>74%, "Very Hard", IF(E78<50%, "Medium", "Hard"))) -> Easy | E78: 0.08 | F78: D | G78: Science/Long Passage | H78: A small number of the forest species of lepidoptera moths and butterf
B79: =B78+1 -> 579 | C79: RC00120-03 | D79: =IF(E79<24%,"Easy", IF(E79>74%, "Very Hard", IF(E79<50%, "Medium", "Hard"))) -> Easy | E79: 0.21 | F79: E | G79: Science/Long Passage | H79: A small number of the forest species of lepidoptera moths and butterf
B80: =B79+1 -> 580 | C80: RC00120-04 | D80: =IF(E80<24%,"Easy", IF(E80>74%, "Very Hard", IF(E80<50%, "Medium", "Hard"))) -> Medium | E80: 0.39 | F80: C | G80: Science/Long Passage | H80: A small number of the forest species of lepidoptera moths and butterf
A81: 19 | B81: =B80+1 -> 581 | C81: RC00223-03 | D81: =IF(E81<24%,"Easy", IF(E81>74%, "Very Hard", IF(E81<50%, "Medium", "Hard"))) -> Medium | E81: 0.31 | F81: A | G81: Science | H81: Resin is a plant secretion that hardens when exposed to air fossilize
B82: =B81+1 -> 582 | C82: RC00223-04 | D82: =IF(E82<24%,"Easy", IF(E82>74%, "Very Hard", IF(E82<50%, "Medium", "Hard"))) -> Easy | E82: 0.19 | F82: E | G82: Science | H82: Resin is a plant secretion that hardens when exposed to air fossilize
B83: =B82+1 -> 583 | C83: RC00223-05 | D83: =IF(E83<24%,"Easy", IF(E83>74%, "Very Hard", IF(E83<50%, "Medium", "Hard"))) -> Medium | E83: 0.43 | F83: A | G83: Science | H83: Resin is a plant secretion that hardens when exposed to air fossilize
B84: =B83+1 -> 584 | C84: RC00223-07 | D84: =IF(E84<24%,"Easy", IF(E84>74%, "Very Hard", IF(E84<50%, "Medium", "Hard"))) -> Medium | E84: 0.46 | F84: D | G84: Science | H84: Resin is a plant secretion that hardens when exposed to air fossilize
A85: 20 | B85: =B84+1 -> 585 | C85: RC00333-01 | D85: =IF(E85<24%,"Easy", IF(E85>74%, "Very Hard", IF(E85<50%, "Medium", "Hard"))) -> Easy | E85: 0.17 | F85: D | G85: Business/Social Science | H85: During the 1980s many economic historians studying latin america fo
B86: =B85+1 -> 586 | C86: RC00333-02 | D86: =IF(E86<24%,"Easy", IF(E86>74%, "Very Hard", IF(E86<50%, "Medium", "Hard"))) -> Easy | E86: 0.2 | F86: D | G86: Business/Social Science | H86: During the 1980s many economic historians studying latin america fo
B87: =B86+1 -> 587 | C87: RC00333-04 | D87: =IF(E87<24%,"Easy", IF(E87>74%, "Very Hard", IF(E87<50%, "Medium", "Hard"))) -> Medium | E87: 0.4 | F87: B | G87: Business/Social Science | H87: During the 1980s many economic historians studying latin america fo
A88: 21 | B88: =B87+1 -> 588 | C88: RC00272-02 | D88: =IF(E88<24%,"Easy", IF(E88>74%, "Very Hard", IF(E88<50%, "Medium", "Hard"))) -> Medium | E88: 0.35 | F88: B | G88: Business/Short Passage | H88: Among the myths taken as fact by the environmental managers of most co
B89: =B88+1 -> 589 | C89: RC00272-04 | D89: =IF(E89<24%,"Easy", IF(E89>74%, "Very Hard", IF(E89<50%, "Medium", "Hard"))) -> Medium | E89: 0.3 | F89: C | G89: Business/Short Passage | H89: Among the myths taken as fact by the environmental managers of most co
B90: =B89+1 -> 590 | C90: RC00272-06 | D90: =IF(E90<24%,"Easy", IF(E90>74%, "Very Hard", IF(E90<50%, "Medium", "Hard"))) -> Easy | E90: 0.21 | F90: C | G90: Business/Short Passage | H90: Among the myths taken as fact by the environmental managers of most co
B91: =B90+1 -> 591 | C91: RC00272-07 | D91: =IF(E91<24%,"Easy", IF(E91>74%, "Very Hard", IF(E91<50%, "Medium", "Hard"))) -> Medium | E91: 0.29 | F91: E | G91: Business/Short Passage | H91: Among the myths taken as fact by the environmental managers of most co
A92: 22 | B92: =B91+1 -> 592 | C92: RC00109-01 | D92: =IF(E92<24%,"Easy", IF(E92>74%, "Very Hard", IF(E92<50%, "Medium", "Hard"))) -> Easy | E92: 0.1 | F92: D | G92: Social Science | H92: Two works published in 1984 demonstrate contrasting approaches to writ
B93: =B92+1 -> 593 | C93: RC00109-02 | D93: =IF(E93<24%,"Easy", IF(E93>74%, "Very Hard", IF(E93<50%, "Medium", "Hard"))) -> Medium | E93: 0.34 | F93: E | G93: Social Science | H93: Two works published in 1984 demonstrate contrasting approaches to writ
B94: =B93+1 -> 594 | C94: RC00109-03 | D94: =IF(E94<24%,"Easy", IF(E94>74%, "Very Hard", IF(E94<50%, "Medium", "Hard"))) -> Medium | E94: 0.24 | F94: B | G94: Social Science | H94: Two works published in 1984 demonstrate contrasting approaches to writ
B95: =B94+1 -> 595 | C95: RC00109-04 | D95: =IF(E95<24%,"Easy", IF(E95>74%, "Very Hard", IF(E95<50%, "Medium", "Hard"))) -> Medium | E95: 0.27 | F95: D | G95: Social Science | H95: Two works published in 1984 demonstrate contrasting approaches to writ
B96: =B95+1 -> 596 | C96: RC00109-05 | D96: =IF(E96<24%,"Easy", IF(E96>74%, "Very Hard", IF(E96<50%, "Medium", "Hard"))) -> Hard | E96: 0.52 | F96: C | G96: Social Science | H96: Two works published in 1984 demonstrate contrasting approaches to writ
B97: =B96+1 -> 597 | C97: RC00109-06 | D97: =IF(E97<24%,"Easy", IF(E97>74%, "Very Hard", IF(E97<50%, "Medium", "Hard"))) -> Medium | E97: 0.32 | F97: C | G97: Social Science | H97: Two works published in 1984 demonstrate contrasting approaches to writ
A98: 23 | B98: =B97+1 -> 598 | C98: RC00558-01 | D98: =IF(E98<24%,"Easy", IF(E98>74%, "Very Hard", IF(E98<50%, "Medium", "Hard"))) -> Medium | E98: 0.38 | F98: E | G98: Humanities/Social Science/Short Passage | H98: Acting on the recommendation of a british government committee investi
B99: =B98+1 -> 599 | C99: RC00558-02 | D99: =IF(E99<24%,"Easy", IF(E99>74%, "Very Hard", IF(E99<50%, "Medium", "Hard"))) -> Easy | E99: 0.18 | F99: A | G99: Humanities/Social Science/Short Passage | H99: Acting on the recommendation of a british government committee investi
B100: =B99+1 -> 600 | C100: RC00558-06 | D100: =IF(E100<24%,"Easy", IF(E100>74%, "Very Hard", IF(E100<50%, "Medium", "Hard"))) -> Medium | E100: 0.49 | F100: B | G100: Humanities/Social Science/Short Passage | H100: Acting on the recommendation of a british government committee investi
...

Sheet CR
A1: The GMAT Club Guide to the Official GMAT Guide 2021 Edition
A2: Question | B2: ID | C2: New? | D2: Difficulty | E2: Percentile | F2: OA | G2: Primary Category | H2: Text
A3: 652 | B3: CR700041.01 | D3: =IF(E3<24%,"Easy", IF(E3>74%, "Very Hard", IF(E3<50%, "Medium", "Hard"))) -> Easy | E3: 0.15 | F3: B | G3: Strengthen | H3: Arts advocate few universities require that students who are speciali
A4: =A3+1 -> 653 | B4: CR48541.01 | D4: =IF(E4<24%,"Easy", IF(E4>74%, "Very Hard", IF(E4<50%, "Medium", "Hard"))) -> Medium | E4: 0.25 | F4: B | G4: Strengthen | H4: A successful coffee stand that serves the workers in a large office bu
A5: =A4+1 -> 654 | B5: CR53631.01 | D5: =IF(E5<24%,"Easy", IF(E5>74%, "Very Hard", IF(E5<50%, "Medium", "Hard"))) -> Very Hard | E5: 0.85 | F5: B | G5: Assumption | H5: Ramirez the film industry claims that pirated dvds which are usually
A6: =A5+1 -> 655 | B6: CR79041.01 | D6: =IF(E6<24%,"Easy", IF(E6>74%, "Very Hard", IF(E6<50%, "Medium", "Hard"))) -> Medium | E6: 0.25 | F6: B | G6: Resolve Paradox | H6: Harunia province has a relatively dry climate and is attracting a fast
A7: =A6+1 -> 656 | B7: CR31551.01 | D7: =IF(E7<24%,"Easy", IF(E7>74%, "Very Hard", IF(E7<50%, "Medium", "Hard"))) -> Easy | E7: 0.05 | F7: D | G7: Strengthen | H7: Loss of the gocha mangrove forests has caused coastal erosion reducin
A8: =A7+1 -> 657 | B8: CR07651.01 | D8: =IF(E8<24%,"Easy", IF(E8>74%, "Very Hard", IF(E8<50%, "Medium", "Hard"))) -> Easy | E8: 0.15 | F8: D | G8: Weaken | H8: Executives at the fizzles beverage company plan to boost profits in co
A9: =A8+1 -> 658 | B9: CR33061.01 | D9: =IF(E9<24%,"Easy", IF(E9>74%, "Very Hard", IF(E9<50%, "Medium", "Hard"))) -> Medium | E9: 0.25 | F9: D | G9: Resolve Paradox | H9: Economist in 2015 the average per person amount paid for goods and
A10: =A9+1 -> 659 | B10: CR09616 | D10: =IF(E10<24%,"Easy", IF(E10>74%, "Very Hard", IF(E10<50%, "Medium", "Hard"))) -> Easy | E10: 0.05 | F10: E | G10: Inference | H10: Neuroscientist memory evolved to help animals react appropriately to
A11: =A10+1 -> 660 | B11: CR25061.01 | D11: =IF(E11<24%,"Easy", IF(E11>74%, "Very Hard", IF(E11<50%, "Medium", "Hard"))) -> Medium | E11: 0.25 | F11: C | G11: Evaluate Argument | H11: In country x s last election the reform party beat its main opponent
A12: =A11+1 -> 661 | B12: CR40751.01 | D12: =IF(E12<24%,"Easy", IF(E12>74%, "Very Hard", IF(E12<50%, "Medium", "Hard"))) -> Medium | E12: 0.25 | F12: C | G12: Weaken | H12: A company that manufactures plastic products from recyclable plastic
A13: =A12+1 -> 662 | B13: CR73241.01 | D13: =IF(E13<24%,"Easy", IF(E13>74%, "Very Hard", IF(E13<50%, "Medium", "Hard"))) -> Medium | E13: 0.25 | F13: D | G13: Strengthen | H13: Researchers asked volunteers to imagine they were running a five kilom
A14: =A13+1 -> 663 | B14: CR41141.01 | D14: =IF(E14<24%,"Easy", IF(E14>74%, "Very Hard", IF(E14<50%, "Medium", "Hard"))) -> Easy | E14: 0.05 | F14: A | G14: Complete the Passage | H14: According to a study after a week of high altitude living twenty men
A15: =A14+1 -> 664 | B15: CR11741.01 | D15: =IF(E15<24%,"Easy", IF(E15>74%, "Very Hard", IF(E15<50%, "Medium", "Hard"))) -> Medium | E15: 0.35 | F15: D | G15: Assumption | H15: Editorial our city s public transportation agency is facing a budget
... A32: =A31+1 -> 681 | B32: CR01102 | D32: =IF(E32<24%,"Easy", IF(E32>74%, "Very Hard", IF(E32<50%, "Medium", "Hard"))) -> Easy | E32: 0.15 | F32: D | G32: Strengthen | H32: More and more law firms specializing in corporate taxes are paid on a
A33: =A32+1 -> 682 | B33: CR67830.02 | C33: Yes | D33: =IF(E33<24%,"Easy", IF(E33>74%, "Very Hard", IF(E33<50%, "Medium", "Hard"))) -> Easy | E33: 0.05 | F33: B | G33: Weaken | H33: Pretzel Vendor: The new license fee for operating a pretzel stand outs
A34: =A33+1 -> 683 | B34: CR00766 | D34: =IF(E34<24%,"Easy", IF(E34>74%, "Very Hard", IF(E34<50%, "Medium", "Hard"))) -> Easy | E34: 0.05 | F34: D | G34: Resolve Paradox | H34: Beginning in 1966 all new cars sold in morodia were required to have s
A35: =A34+1 -> 684 | B35: CR14430.02 | C35: Yes | D35: =IF(E35<24%,"Easy", IF(E35>74%, "Very Hard", IF(E35<50%, "Medium", "Hard"))) -> Easy | E35: 0.05 | F35: E | G35: Strengthen | H35: Manufacturers of mechanical pencils make most of their profit on penci
A36: =A35+1 -> 685 | B36: CR04882 | D36: =IF(E36<24%,"Easy", IF(E36>74%, "Very Hard", IF(E36<50%, "Medium", "Hard"))) -> Easy | E36: 0.15 | F36: D | G36: Strengthen | H36: Enterprise bank currently requires customers with checking accounts to
A37: =A36+1 -> 686 | B37: CR08330.02 | C37: Yes | D37: =IF(E37<24%,"Easy", IF(E37>74%, "Very Hard", IF(E37<50%, "Medium", "Hard"))) -> Easy | E37: 0.05 | F37: A | G37: Weaken | H37: Highway Official: When resurfacing our concrete bridges we should use
A38: =A37+1 -> 687 | B38: CR05667 | D38: =IF(E38<24%,"Easy", IF(E38>74%, "Very Hard", IF(E38<50%, "Medium", "Hard"))) -> Easy | E38: 0.05 | F38: C | G38: Logical Flaw/Cause and Effect | H38: In virtually any industry technological improvements increase labor
A39: =A38+1 -> 688 | B39: CR08471 | D39: =IF(E39<24%,"Easy", IF(E39>74%, "Very Hard", IF(E39<50%, "Medium", "Hard"))) -> Easy | E39: 0.05 | F39: B | G39: Bold Face CR | H39: Chaco canyon a settlement of the ancient anasazi culture
A40: =A39+1 -> 689 | B40: CR04364 | D40: =IF(E40<24%,"Easy", IF(E40>74%, "Very Hard", IF(E40<50%, "Medium", "Hard"))) -> Easy | E40: 0.15 | F40: D | G40: Strengthen/Resolve Paradox | H40: The maxilux car company s design for its new luxury model the max
A41: =A40+1 -> 690 | B41: CR05186 | D41: =IF(E41<24%,"Easy", IF(E41>74%, "Very Hard", IF(E41<50%, "Medium", "Hard"))) -> Easy | E41: 0.05 | F41: D | G41: Additional Evidence/Complete the Passage | H41: Most bicycle helmets provide good protection for the top and back of
A42: =A41+1 -> 691 | B42: CR01867 | D42: =IF(E42<24%,"Easy", IF(E42>74%, "Very Hard", IF(E42<50%, "Medium", "Hard"))) -> Easy | E42: 0.15 | F42: C | G42: Assumption/Complete the Passage | H42: In a typical year innovair s airplanes are involved in 35 collisions
A43: =A42+1 -> 692 | B43: CR12558 | D43: =IF(E43<24%,"Easy", IF(E43>74%, "Very Hard", IF(E43<50%, "Medium", "Hard"))) -> Easy | E43: 0.15 | F43: E | G43: Strengthen | H43: Many agriculturally intensive areas of the world are beginning to enco
A44: =A43+1 -> 693 | B44: CR03367 | D44: =IF(E44<24%,"Easy", IF(E44>74%, "Very Hard", IF(E44<50%, "Medium", "Hard"))) -> Easy | E44: 0.05 | F44: B | G44: Method of Reasoning/Resolve Paradox | H44: Hollywood restaurant is replacing some of its standard tables with tal
A45: =A44+1 -> 694 | B45: CR07660 | D45: =IF(E45<24%,"Easy", IF(E45>74%, "Very Hard", IF(E45<50%, "Medium", "Hard"))) -> Medium | E45: 0.25 | F45: A | G45: Strengthen | H45: A major network news organization experienced a drop in viewership in
A46: =A45+1 -> 695 | B46: CR04366 | D46: =IF(E46<24%,"Easy", IF(E46>74%, "Very Hard", IF(E46<50%, "Medium", "Hard"))) -> Easy | E46: 0.05 | F46: E | G46: Conclusion/Strengthen | H46: Only a reduction of 10 percent in the number of scheduled flights usin
A47: =A46+1 -> 696 | B47: CR07712 | D47: =IF(E47<24%,"Easy", IF(E47>74%, "Very Hard", IF(E47<50%, "Medium", "Hard"))) -> Easy | E47: 0.15 | F47: B | G47: Assumption | H47: Farmer worldwide just three grain crops rice wheat and corn accoun
A48: =A47+1 -> 697 | B48: CR08770 | D48: =IF(E48<24%,"Easy", IF(E48>74%, "Very Hard", IF(E48<50%, "Medium", "Hard"))) -> Medium | E48: 0.25 | F48: E | G48: Strengthen | H48: The air quality board recently informed coffee roast a small coffee
A49: =A48+1 -> 698 | B49: CR03695 | D49: =IF(E49<24%,"Easy", IF(E49>74%, "Very Hard", IF(E49<50%, "Medium", "Hard"))) -> Easy | E49: 0.15 | F49: D | G49: Weaken | H49: People who do regular volunteer work tend to live longer on average
... A53: =A52+1 -> 702 | B53: CR02702 | D53: =IF(E53<24%,"Easy", IF(E53>74%, "Very Hard", IF(E53<50%, "Medium", "Hard"))) -> Easy | E53: 0.05 | F53: D | G53: Bold Face CR | H53: Economist tropicorp which constantly seeks profitable investment opp
A54: =A53+1 -> 703 | B54: CR41700.02 | C54: Yes | D54: =IF(E54<24%,"Easy", IF(E54>74%, "Very Hard", IF(E54<50%, "Medium", "Hard"))) -> Easy | E54: 0.05 | F54: D | G54: Inference/Strengthen | H54: Brown tides are growths of algae on the sea's surface that prevent sun
A55: =A54+1 -> 704 | B55: CR18310.02 | C55: Yes | D55: =IF(E55<24%,"Easy", IF(E55>74%, "Very Hard", IF(E55<50%, "Medium", "Hard"))) -> Very Hard | E55: 0.95 | F55: D | G55: Weaken | H55: In persons with astigmatism the clear outer layer of the eye is defor
A56: =A55+1 -> 705 | B56: CR74231.01 | D56: =IF(E56<24%,"Easy", IF(E56>74%, "Very Hard", IF(E56<50%, "Medium", "Hard"))) -> Medium | E56: 0.35 | F56: B | G56: Weaken | H56: Marketing executive for magu corporation whenever magu opens a manufa
A57: =A56+1 -> 706 | B57: CR30650.02 | C57: Yes | D57: =IF(E57<24%,"Easy", IF(E57>74%, "Very Hard", IF(E57<50%, "Medium", "Hard"))) -> Easy | E57: 0.05 | F57: C | G57: Weaken | H57: In the last few years plant scientists have been able to genetically
A58: =A57+1 -> 707 | B58: CR44040.02 | C58: Yes | D58: =IF(E58<24%,"Easy", IF(E58>74%, "Very Hard", IF(E58<50%, "Medium", "Hard"))) -> Very Hard | E58: 0.95 | F58: D | G58: Weaken | H58: Educational Theorist: Recent editorials have called for limits on the
A59: =A58+1 -> 708 | B59: CR78590.02 | C59: Yes | D59: =IF(E59<24%,"Easy", IF(E59>74%, "Very Hard", IF(E59<50%, "Medium", "Hard"))) -> Very Hard | E59: 0.95 | F59: D | G59: Logical Flaw | H59: Airline Representative: The percentage of flight delays caused by airl
A60: =A59+1 -> 709 | B60: CR08831 | D60: =IF(E60<24%,"Easy", IF(E60>74%, "Very Hard", IF(E60<50%, "Medium", "Hard"))) -> Hard | E60: 0.65 | F60: A | G60: Assumption | H60: Although the school would receive financial benefits if it had soft dr
A61: =A60+1 -> 710 | B61: CR01112 | D61: =IF(E61<24%,"Easy", IF(E61>74%, "Very Hard", IF(E61<50%, "Medium", "Hard"))) -> Medium | E61: 0.25 | F61: A | G61: Inference | H61: Many athletes inhale pure oxygen after exercise in an attempt to
A62: =A61+1 -> 711 | B62: CR79751.01 | D62: =IF(E62<24%,"Easy", IF(E62>74%, "Very Hard", IF(E62<50%, "Medium", "Hard"))) -> Medium | E62: 0.45 | F62: E | G62: Strengthen | H62: Historian fifteenth century advances in mapmaking contributed to the
A63: =A62+1 -> 712 | B63: CR11751.01 | D63: =IF(E63<24%,"Easy", IF(E63>74%, "Very Hard", IF(E63<50%, "Medium", "Hard"))) -> Medium | E63: 0.35 | F63: B | G63: Complete the Passage | H63: Sascha the attempt to ban parliament s right to pass directed spendin
A64: =A63+1 -> 713 | B64: CR02143 | D64: =IF(E64<24%,"Easy", IF(E64>74%, "Very Hard", IF(E64<50%, "Medium", "Hard"))) -> Easy | E64: 0.15 | F64: B | G64: Bold Face CR | H64: Boreal owls range over a much larger area than do
A65: =A64+1 -> 714 | B65: CR18731.01 | D65: =IF(E65<24%,"Easy", IF(E65>74%, "Very Hard", IF(E65<50%, "Medium", "Hard"))) -> Very Hard | E65: 0.85 | F65: B | G65: Assumption | H65: Cognitive scientist using the pioneering work of comparative psycholo
A66: =A65+1 -> 715 | B66: CR02888 | D66: =IF(E66<24%,"Easy", IF(E66>74%, "Very Hard", IF(E66<50%, "Medium", "Hard"))) -> Easy | E66: 0.05 | F66: D | G66: Bold Face CR | H66: Last year a record number of new manufacturing jobs were created will
A67: =A66+1 -> 716 | B67: CR07809 | D67: =IF(E67<24%,"Easy", IF(E67>74%, "Very Hard", IF(E67<50%, "Medium", "Hard"))) -> Medium | E67: 0.35 | F67: D | G67: Resolve Paradox | H67: 2016 og a study of ticket sales at a summer theater festival found th
A68: =A67+1 -> 717 | B68: CR12019 | D68: =IF(E68<24%,"Easy", IF(E68>74%, "Very Hard", IF(E68<50%, "Medium", "Hard"))) -> Easy | E68: 0.15 | F68: E | G68: Assumption | H68: Although there is no record of poet edmund spenser s parentage we do
A69: =A68+1 -> 718 | B69: CR20831.01 | D69: =IF(E69<24%,"Easy", IF(E69>74%, "Very Hard", IF(E69<50%, "Medium", "Hard"))) -> Medium | E69: 0.35 | F69: C | G69: Logical Flaw | H69: Hea sook one should not readily believe urban legends most legends
A70: =A69+1 -> 719 | B70: CR03749 | D70: =IF(E70<24%,"Easy", IF(E70>74%, "Very Hard", IF(E70<50%, "Medium", "Hard"))) -> Easy | E70: 0.15 | F70: D | G70: Resolve Paradox | H70: Rainwater contains hydrogen of a heavy form called deuterium the
A71: =A70+1 -> 720 | B71: CR04925 | D71: =IF(E71<24%,"Easy", IF(E71>74%, "Very Hard", IF(E71<50%, "Medium", "Hard"))) -> Very Hard | E71: 0.75 | F71: B | G71: Logical Flaw | H71: Enforcement of local speed limits through police monitoring has proven
... A78: =A77+1 -> 727 | B78: CR04935 | D78: =IF(E78<24%,"Easy", IF(E78>74%, "Very Hard", IF(E78<50%, "Medium", "Hard"))) -> Easy | E78: 0.15 | F78: D | G78: Strengthen | H78: Many industrialized nations are trying to reduce atmospheric concentra
A79: =A78+1 -> 728 | B79: CR81021.02 | C79: Yes | D79: =IF(E79<24%,"Easy", IF(E79>74%, "Very Hard", IF(E79<50%, "Medium", "Hard"))) -> Very Hard | E79: 0.95 | F79: C | G79: Logical Flaw | H79: Professor: A marine biologist argues that transmission of sea lice fro
A80: =A79+1 -> 729 | B80: CR00895 | D80: =IF(E80<24%,"Easy", IF(E80>74%, "Very Hard", IF(E80<50%, "Medium", "Hard"))) -> Easy | E80: 0.15 | F80: A | G80: Strengthen | H80: Advertisement when your car s engine is running at its normal
A81: =A80+1 -> 730 | B81: CR55541.01 | D81: =IF(E81<24%,"Easy", IF(E81>74%, "Very Hard", IF(E81<50%, "Medium", "Hard"))) -> Hard | E81: 0.65 | F81: D | G81: Assumption | H81: Linguist in english the past is described as behind and the future
A82: =A81+1 -> 731 | B82: CR13108 | D82: =IF(E82<24%,"Easy", IF(E82>74%, "Very Hard", IF(E82<50%, "Medium", "Hard"))) -> Easy | E82: 0.15 | F82: D | G82: Strengthen | H82: The testament of william thorpe was published around 1530 as an
A83: =A82+1 -> 732 | B83: CR00777 | D83: =IF(E83<24%,"Easy", IF(E83>74%, "Very Hard", IF(E83<50%, "Medium", "Hard"))) -> Easy | E83: 0.05 | F83: A | G83: Bold Face CR | H83: A prominent investor who holds a large stake in the burton tool compan
A84: =A83+1 -> 733 | B84: CR10028 | D84: =IF(E84<24%,"Easy", IF(E84>74%, "Very Hard", IF(E84<50%, "Medium", "Hard"))) -> Easy | E84: 0.15 | F84: C | G84: Resolve Paradox | H84: To reduce productivity losses from employees calling in sick corporat
A85: =A84+1 -> 734 | B85: CR08443 | D85: =IF(E85<24%,"Easy", IF(E85>74%, "Very Hard", IF(E85<50%, "Medium", "Hard"))) -> Hard | E85: 0.55 | F85: E | G85: Strengthen | H85: Advertising by mail has become much less effective with fewer consume
A86: =A85+1 -> 735 | B86: CR01905 | D86: =IF(E86<24%,"Easy", IF(E86>74%, "Very Hard", IF(E86<50%, "Medium", "Hard"))) -> Hard | E86: 0.55 | F86: C | G86: Strengthen | H86: Petrochemical industry officials have said that the extreme pressure
A87: =A86+1 -> 736 | B87: CR01368 | D87: =IF(E87<24%,"Easy", IF(E87>74%, "Very Hard", IF(E87<50%, "Medium", "Hard"))) -> Easy | E87: 0.05 | F87: B | G87: Strengthen | H87: A company has developed a new sensing device that according to the co
A88: =A87+1 -> 737 | B88: CR11639 | D88: =IF(E88<24%,"Easy", IF(E88>74%, "Very Hard", IF(E88<50%, "Medium", "Hard"))) -> Medium | E88: 0.25 | F88: C | G88: Bold Face CR | H88: Economist the price of tap water in our region should be raised drast
A89: =A88+1 -> 738 | B89: CR13127 | D89: =IF(E89<24%,"Easy", IF(E89>74%, "Very Hard", IF(E89<50%, "Medium", "Hard"))) -> Easy | E89: 0.15 | F89: A | G89: Logical Flaw/Weaken | H89: Politician hybrid cars use significantly less fuel per kilometer
A90: =A89+1 -> 739 | B90: CR99530.01 | D90: =IF(E90<24%,"Easy", IF(E90>74%, "Very Hard", IF(E90<50%, "Medium", "Hard"))) -> Easy | E90: 0.15 | F90: C | G90: Evaluate Argument/Weaken | H90: Mayor false alarms from home security systems waste so much valuable
A91: =A90+1 -> 740 | B91: CR53341.01 | D91: =IF(E91<24%,"Easy", IF(E91>74%, "Very Hard", IF(E91<50%, "Medium", "Hard"))) -> Hard | E91: 0.65 | F91: B | G91: Evaluate Argument | H91: Excavation of the house of a third century camarnian official revealed
... A106: =A105+1 -> 755 | B106: CR02829 | D106: =IF(E106<24%,"Easy", IF(E106>74%, "Very Hard", IF(E106<50%, "Medium", "Hard"))) -> Hard | E106: 0.65 | F106: C | G106: Resolve Paradox | H106: Sammy for my arthritis i am going to try my aunt s diet large amoun
A107: =A106+1 -> 756 | B107: CR91630.02 | C107: Yes | D107: =IF(E107<24%,"Easy", IF(E107>74%, "Very Hard", IF(E107<50%, "Medium", "Hard"))) -> Very Hard | E107: 0.95 | F107: A | G107: Weaken | H107: In the 1960s surveys of Florida's alligator population indicated that
A108: =A107+1 -> 757 | B108: CR05756 | D108: =IF(E108<24%,"Easy", IF(E108>74%, "Very Hard", IF(E108<50%, "Medium", "Hard"))) -> Easy | E108: 0.15 | F108: C | G108: Assumption | H108: Infotek a computer manufacturer in katrovia has just introduced a
A109: =A108+1 -> 758 | B109: CR05501 | D109: =IF(E109<24%,"Easy", IF(E109>74%, "Very Hard", IF(E109<50%, "Medium", "Hard"))) -> Medium | E109: 0.35 | F109: D | G109: Weaken | H109: Fast food restaurants make up 45 percent of all restaurants in cantari
A110: =A109+1 -> 759 | B110: CR04805 | D110: =IF(E110<24%,"Easy", IF(E110>74%, "Very Hard", IF(E110<50%, "Medium", "Hard"))) -> Easy | E110: 0.15 | F110: D | G110: Weaken | H110: Last year a chain of fast food restaurants whose menu had always cent
A111: =A110+1 -> 760 | B111: CR03727 | D111: =IF(E111<24%,"Easy", IF(E111>74%, "Very Hard", IF(E111<50%, "Medium", "Hard"))) -> Very Hard | E111: 0.75 | F111: D | G111: Inference/Must be True | H111: Transportation expenses accounted for a large portion of the total dol
A112: =A111+1 -> 761 | B112: CR12051 | D112: =IF(E112<24%,"Easy", IF(E112>74%, "Very Hard", IF(E112<50%, "Medium", "Hard"))) -> Hard | E112: 0.65 | F112: A | G112: Weaken | H112: Voters commonly condemn politicians for being insincere but politicia
A113: =A112+1 -> 762 | B113: CR09760.02 | C113: Yes | D113: =IF(E113<24%,"Easy", IF(E113>74%, "Very Hard", IF(E113<50%, "Medium", "Hard"))) -> Hard | E113: 0.65 | F113: E | G113: Inference | H113: Duckbill dinosaurs like today's monitor lizards had particularly lon
A114: =A113+1 -> 763 | B114: CR00860.02 | C114: Yes | D114: =IF(E114<24%,"Easy", IF(E114>74%, "Very Hard", IF(E114<50%, "Medium", "Hard"))) -> Very Hard | E114: 0.75 | F114: C | G114: Except/Resolve Paradox | H114: In an attempt to produce a coffee plant that would yield beans contain
A115: =A114+1 -> 764 | B115: CR20170.02 | C115: Yes | D115: =IF(E115<24%,"Easy", IF(E115>74%, "Very Hard", IF(E115<50%, "Medium", "Hard"))) -> Easy | E115: 0.05 | F115: E | G115: Complete the Passage | H115: Laminated glass is much harder to break than the glass typically used
A116: =A115+1 -> 765 | B116: CR65030.02 | C116: Yes | D116: =IF(E116<24%,"Easy", IF(E116>74%, "Very Hard", IF(E116<50%, "Medium", "Hard"))) -> Hard | E116: 0.65 | F116: D | G116: Bold Face CR | H116: Consultant: Ace Repairs ends up having to redo a significant number of
A117: =A116+1 -> 766 | B117: CR06728 | D117: =IF(E117<24%,"Easy", IF(E117>74%, "Very Hard", IF(E117<50%, "Medium", "Hard"))) -> Hard | E117: 0.65 | F117: A | G117: Weaken | H117: To reduce waste of raw materials the government of sperland is
A118: =A117+1 -> 767 | B118: CR02866 | D118: =IF(E118<24%,"Easy", IF(E118>74%, "Very Hard", IF(E118<50%, "Medium", "Hard"))) -> Medium | E118: 0.25 | F118: D | G118: Resolve Paradox | H118: When there is less rainfall than normal the water level of australian
A119: =A118+1 -> 768 | B119: CR04924 | D119: =IF(E119<24%,"Easy", IF(E119>74%, "Very Hard", IF(E119<50%, "Medium", "Hard"))) -> Medium | E119: 0.35 | F119: A | G119: Weaken | H119: Increased use of incineration is sometimes advocated as a safe way to
A120: =A119+1 -> 769 | B120: CR10049 | D120: =IF(E120<24%,"Easy", IF(E120>74%, "Very Hard", IF(E120<50%, "Medium", "Hard"))) -> Hard | E120: 0.55 | F120: E | G120: Bold Face CR | H120: Public health expert increasing the urgency of a public health messag
A121: =A120+1 -> 770 | B121: CR01163 | D121: =IF(E121<24%,"Easy", IF(E121>74%, "Very Hard", IF(E121<50%, "Medium", "Hard"))) -> Easy | E121: 0.15 | F121: E | G121: Strengthen | H121: Several industries have recently switched at least partly from older t
A122: =A121+1 -> 771 | B122: CR00792 | D122: =IF(E122<24%,"Easy", IF(E122>74%, "Very Hard", IF(E122<50%, "Medium", "Hard"))) -> Medium | E122: 0.45 | F122: A | G122: Weaken | H122: The difference in average annual income in favor of employees who have
A123: =A122+1 -> 772 | B123: CR01239 | D123: =IF(E123<24%,"Easy", IF(E123>74%, "Very Hard", IF(E123<50%, "Medium", "Hard"))) -> Hard | E123: 0.55 | F123: D | G123: Complete the Passage/Resolve Paradox | H123: According to the last pre election poll in whippleton most voters
A124: =A123+1 -> 773 | B124: CR01153 | D124: =IF(E124<24%,"Easy", IF(E124>74%, "Very Hard", IF(E124<50%, "Medium", "Hard"))) -> Medium | E124: 0.25 | F124: E | G124: Weaken | H124: Manufacturing plants in arundia have recently been acquired in
A125: =A124+1 -> 774 | B125: CR27430.02 | C125: Yes | D125: =IF(E125<24%,"Easy", IF(E125>74%, "Very Hard", IF(E125<50%, "Medium", "Hard"))) -> Medium | E125: 0.45 | F125: D | G125: Weaken | H125: Proposal: Carbon dioxide and methane in the atmosphere block the escap
A126: =A125+1 -> 775 | B126: CR04964 | D126: =IF(E126<24%,"Easy", IF(E126>74%, "Very Hard", IF(E126<50%, "Medium", "Hard"))) -> Medium | E126: 0.45 | F126: E | G126: Assumption | H126: Proposed new safety rules for the beach city airport would lengthen
A127: =A126+1 -> 776 | B127: CR01096 | D127: =IF(E127<24%,"Easy", IF(E127>74%, "Very Hard", IF(E127<50%, "Medium", "Hard"))) -> Hard | E127: 0.65 | F127: E | G127: Weaken | H127: The introduction of new drugs into the market is frequently prevented
A128: =A127+1 -> 777 | B128: CR01285 | D128: =IF(E128<24%,"Easy", IF(E128>74%, "Very Hard", IF(E128<50%, "Medium", "Hard"))) -> Medium | E128: 0.35 | F128: B | G128: Resolve Paradox | H128: As a construction material bamboo is as strong as steel and sturdier
A129: =A128+1 -> 778 | B129: CR25550.02 | C129: Yes | D129: =IF(E129<24%,"Easy", IF(E129>74%, "Very Hard", IF(E129<50%, "Medium", "Hard"))) -> Medium | E129: 0.25 | F129: E | G129: Inference | H129: The country of Virodia has until now been barely self-sufficient in
A130: =A129+1 -> 779 | B130: CR00788 | D130: =IF(E130<24%,"Easy", IF(E130>74%, "Very Hard", IF(E130<50%, "Medium", "Hard"))) -> Very Hard | E130: 0.75 | F130: E | G130: Strengthen | H130: Newspaper editors should not allow reporters to write the headlines
A131: =A130+1 -> 780 | B131: CR03251 | D131: =IF(E131<24%,"Easy", IF(E131>74%, "Very Hard", IF(E131<50%, "Medium", "Hard"))) -> Medium | E131: 0.35 | F131: D | G131: Evaluate Argument | H131: Scientists have modified feed corn genetically increasing its resista
A132: =A131+1 -> 781 | B132: CR07318 | D132: =IF(E132<24%,"Easy", IF(E132>74%, "Very Hard", IF(E132<50%, "Medium", "Hard"))) -> Medium | E132: 0.45 | F132: D | G132: Logical Flaw | H132: Debater the average amount of overtime per month worked by
A133: =A132+1 -> 782 | B133: CR05446 | D133: =IF(E133<24%,"Easy", IF(E133>74%, "Very Hard", IF(E133<50%, "Medium", "Hard"))) -> Medium | E133: 0.45 | F133: B | G133: Inference | H133: Proponents of the recently introduced tax on sales of new luxury boats
A134: =A133+1 -> 783 | B134: CR05191 | D134: =IF(E134<24%,"Easy", IF(E134>74%, "Very Hard", IF(E134<50%, "Medium", "Hard"))) -> Very Hard | E134: 0.95 | F134: A | G134: Assumption | H134: In wareland last year 16 percent of licensed drivers under 21 and
A135: =A134+1 -> 784 | B135: CR05614 | D135: =IF(E135<24%,"Easy", IF(E135>74%, "Very Hard", IF(E135<50%, "Medium", "Hard"))) -> Medium | E135: 0.25 | F135: D | G135: Evaluate Argument | H135: In the past the country of malvernia has relied heavily on imported
A136: =A135+1 -> 785 | B136: CR03618 | D136: =IF(E136<24%,"Easy", IF(E136>74%, "Very Hard", IF(E136<50%, "Medium", "Hard"))) -> Medium | E136: 0.45 | F136: C | G136: Assumption | H136: Exposure to certain chemicals commonly used in elementary schools as
A137: =A136+1 -> 786 | B137: CR51520.02 | C137: Yes | D137: =IF(E137<24%,"Easy", IF(E137>74%, "Very Hard", IF(E137<50%, "Medium", "Hard"))) -> Hard | E137: 0.55 | F137: A | G137: Weaken | H137: Lockeport's commercial fishing boats use gill nets which kill many of
A138: =A137+1 -> 787 | B138: CR01854 | D138: =IF(E138<24%,"Easy", IF(E138>74%, "Very Hard", IF(E138<50%, "Medium", "Hard"))) -> Medium | E138: 0.25 | F138: B | G138: Evaluate Argument | H138: Normally the pineal gland governs a person s sleep wake
A139: =A138+1 -> 788 | B139: CR00942 | D139: =IF(E139<24%,"Easy", IF(E139>74%, "Very Hard", IF(E139<50%, "Medium", "Hard"))) -> Very Hard | E139: 0.85 | F139: D | G139: Bold Face CR | H139: In countries where automobile insurance includes compensation for whip
...

Sheet SC
A1: The GMAT Club Guide to the Official GMAT Guide 2021 Edition
A2: Question | B2: ID | C2: New? | D2: Difficulty | E2: Percentile | F2: OA | G2: Primary Category | H2: Text
A3: 819 | B3: SC39850.02 | C3: Yes | D3: =IF(E3<24%,"Easy", IF(E3>74%, "Very Hard", IF(E3<50%, "Medium", "Hard"))) -> Easy | E3: 0.05 | F3: E | G3: Idioms/Diction/Meaning | H3: The market for so-called functional beverages drinks that promise
A4: =A3+1 -> 820 | B4: SC01527 | D4: Easy | E4: 0.05 | F4: A | G4: Construction/Parallel Structure | H4: According to some critics watching television not only undermines one
A5: =A4+1 -> 821 | B5: SC20160.02 | C5: Yes | D5: Easy | E5: 0.05 | F5: E | G5: Grammatical Construction/Idioms/Verb Tense/Form/Parallel Structure | H5: To show that it is serious about addressing the state's power crisis
A6: =A5+1 -> 822 | B6: SC33440.02 | C6: Yes | D6: =IF(E6<24%,"Easy", IF(E6>74%, "Very Hard", IF(E6<50%, "Medium", "Hard"))) -> Easy | E6: 0.05 | F6: B | G6: Parallel Structure/Pronouns | H6: Once made exclusively from the wool of sheep that roam the Isle of Lew
A7: =A6+1 -> 823 | B7: SC12999 | D7: =IF(E7<24%,"Easy", IF(E7>74%, "Very Hard", IF(E7<50%, "Medium", "Hard"))) -> Easy | E7: 0.05 | F7: D | G7: Parallel Structure | H7: In her presentation the head of the better business bureau emphasized
A8: =A7+1 -> 824 | B8: SC15382 | D8: =IF(E8<24%,"Easy", IF(E8>74%, "Very Hard", IF(E8<50%, "Medium", "Hard"))) -> Easy | E8: 0.05 | F8: B | G8: Modifiers/Subject Verb Agreement | H8: Recent interdisciplinary studies advance the argument that emotions
A9: =A8+1 -> 825 | B9: SC01455 | D9: =IF(E9<24%,"Easy", IF(E9>74%, "Very Hard", IF(E9<50%, "Medium", "Hard"))) -> Easy | E9: 0.05 | F9: B | G9: Construction/Verb Tense/Form | H9: In a speech before the senate banking committee the chairman of the f
A10: =A9+1 -> 826 | B10: SC00740.02 | C10: Yes | D10: =IF(E10<24%,"Easy", IF(E10>74%, "Very Hard", IF(E10<50%, "Medium", "Hard"))) -> Easy | E10: 0.05 | F10: C | G10: Grammatical Construction/Idioms/Verb Tense/Form/Meaning | H10: The company's CEO backed away from her plan for dividing the firm into
A11: =A10+1 -> 827 | B11: SC52050.02 | C11: Yes | D11: =IF(E11<24%,"Easy", IF(E11>74%, "Very Hard", IF(E11<50%, "Medium", "Hard"))) -> Easy | E11: 0.05 | F11: C | G11: Grammatical Construction/Modifiers/Pronouns/Idioms | H11: The cactus is now heavily plundered in deserts in the southwestern Uni
A12: =A11+1 -> 828 | B12: SC08150.02 | C12: Yes | D12: =IF(E12<24%,"Easy", IF(E12>74%, "Very Hard", IF(E12<50%, "Medium", "Hard"))) -> Medium | E12: 0.35 | F12: B | G12: Grammatical Construction/Modifiers/Meaning/Pronouns/Style and Usage/Diction | H12: Satellite radio transmissions a popular feature in car stereos
A13: =A12+1 -> 829 | B13: SC21130.02 | C13: Yes | D13: =IF(E13<24%,"Easy", IF(E13>74%, "Very Hard", IF(E13<50%, "Medium", "Hard"))) -> Easy | E13: 0.15 | F13: B | G13: Grammatical Construction/Conjunctions/Nouns/Style and Usage/Diction/Verb Tense/Form | H13: Although the company's executives have admitted that there had been ac
A14: =A13+1 -> 830 | B14: SC03014 | D14: =IF(E14<24%,"Easy", IF(E14>74%, "Very Hard", IF(E14<50%, "Medium", "Hard"))) -> Easy | E14: 0.05 | F14: D | G14: Construction/Parallel Structure | H14: As with ants the elaborate social structure of termites includes a
A15: =A14+1 -> 831 | B15: SC02078 | D15: =IF(E15<24%,"Easy", IF(E15>74%, "Very Hard", IF(E15<50%, "Medium", "Hard"))) -> Easy | E15: 0.05 | F15: C | G15: Parallel Structure/Participle Parallelism/Verb Tense/Form | H15: While noble sissle may be best known for his collaboration with eubie
A16: =A15+1 -> 832 | B16: SC03881 | D16: =IF(E16<24%,"Easy", IF(E16>74%, "Very Hard", IF(E16<50%, "Medium", "Hard"))) -> Easy | E16: 0.05 | F16: D | G16: Comparisons/Meaning/Modifiers | H16: Air traffic routes over the north pole are currently used by only two
A17: =A16+1 -> 833 | B17: SC01680 | D17: =IF(E17<24%,"Easy", IF(E17>74%, "Very Hard", IF(E17<50%, "Medium", "Hard"))) -> Easy | E17: 0.05 | F17: D | G17: Construction/Idioms | H17: Og 2016 from an experiment using special extrasensory perception car
A18: =A17+1 -> 834 | B18: SC02272 | D18: =IF(E18<24%,"Easy", IF(E18>74%, "Very Hard", IF(E18<50%, "Medium", "Hard"))) -> Medium | E18: 0.45 | F18: D | G18: Idioms/Parallel Structure | H18: A long term study of some 1 000 physicians indicates that the more cof
A19: =A18+1 -> 835 | B19: SC02069 | D19: =IF(E19<24%,"Easy", IF(E19>74%, "Very Hard", IF(E19<50%, "Medium", "Hard"))) -> Easy | E19: 0.05 | F19: B | G19: Clauses/Conjunctions/Punctuation/Style and Usage | H19: Hurricanes at first begin traveling from east to west because that di
A20: =A19+1 -> 836 | B20: SC03083 | D20: =IF(E20<24%,"Easy", IF(E20>74%, "Very Hard", IF(E20<50%, "Medium", "Hard"))) -> Easy | E20: 0.05 | F20: B | G20: Participle Parallelism | H20: Travelers from earth to mars would have to endure low levels of gravit
A21: =A20+1 -> 837 | B21: SC01739 | D21: =IF(E21<24%,"Easy", IF(E21>74%, "Very Hard", IF(E21<50%, "Medium", "Hard"))) -> Easy | E21: 0.05 | F21: D | G21: Comparisons | H21: Unlike the virginal whose single set of strings runs parallel to the
A22: =A21+1 -> 838 | B22: SC91050.02 | C22: Yes | D22: =IF(E22<24%,"Easy", IF(E22>74%, "Very Hard", IF(E22<50%, "Medium", "Hard"))) -> Easy | E22: 0.15 | F22: C | G22: Pronouns/Verb Tense/Form | H22: Many population studies have linked a high-salt diet to high rates of
A23: =A22+1 -> 839 | B23: SC00150.02 | C23: Yes | D23: =IF(E23<24%,"Easy", IF(E23>74%, "Very Hard", IF(E23<50%, "Medium", "Hard"))) -> Hard | E23: 0.65 | F23: E | G23: Verb Tense/Form/Style and Usage/Meaning/Comparisons | H23: Partly as a result of Proposition 13 which severely limits property
A24: =A23+1 -> 840 | B24: SC61940.02 | C24: Yes | D24: =IF(E24<24%,"Easy", IF(E24>74%, "Very Hard", IF(E24<50%, "Medium", "Hard"))) -> Medium | E24: 0.25 | F24: B | G24: Grammatical Construction/Subject Verb Agreement/Pronouns | H24: According to scientists human expansion and the human appropriation
A25: =A24+1 -> 841 | B25: SC02000 | D25: =IF(E25<24%,"Easy", IF(E25>74%, "Very Hard", IF(E25<50%, "Medium", "Hard"))) -> Easy | E25: 0.05 | F25: C | G25: Parallel Structure/Verb Tense/Form | H25: Although alice walker published a number of essays poetry collections
A26: =A25+1 -> 842 | B26: SC01436 | D26: =IF(E26<24%,"Easy", IF(E26>74%, "Very Hard", IF(E26<50%, "Medium", "Hard"))) -> Easy | E26: 0.05 | F26: E | G26: Idioms/Verb Tense/Form | H26: Heating oil and natural gas futures rose sharply yesterday as long te
A27: =A26+1 -> 843 | B27: SC00970 | D27: =IF(E27<24%,"Easy", IF(E27>74%, "Very Hard", IF(E27<50%, "Medium", "Hard"))) -> Medium | E27: 0.25 | F27: E | G27: Verb Tense/Form | H27: Because it regarded the environmentalists as members of an out of stat
A28: =A27+1 -> 844 | B28: SC07348 | D28: =IF(E28<24%,"Easy", IF(E28>74%, "Very Hard", IF(E28<50%, "Medium", "Hard"))) -> Medium | E28: 0.35 | F28: A | G28: Grammatical Construction | H28: In 1913 the largely self taught indian mathematician srinivasa ramanu
A29: =A28+1 -> 845 | B29: SC05201 | D29: =IF(E29<24%,"Easy", IF(E29>74%, "Very Hard", IF(E29<50%, "Medium", "Hard"))) -> Easy | E29: 0.05 | F29: D | G29: Parallel Structure/Subject Verb Agreement | H29: Cost cutting and restructuring has allowed the manufacturing company
A30: =A29+1 -> 846 | B30: SC13010 | D30: =IF(E30<24%,"Easy", IF(E30>74%, "Very Hard", IF(E30<50%, "Medium", "Hard"))) -> Easy | E30: 0.15 | F30: E | G30: Parallel Structure/Subject Verb Agreement | H30: The life and casualty company hopes that by increasing its environment
A31: =A30+1 -> 847 | B31: SC03079 | D31: =IF(E31<24%,"Easy", IF(E31>74%, "Very Hard", IF(E31<50%, "Medium", "Hard"))) -> Easy | E31: 0.05 | F31: C | G31: Idioms/Pronouns/Such as/Like | H31: Like ancient egyptian architectural materials that were recycled in th
A32: =A31+1 -> 848 | B32: SC09877 | D32: =IF(E32<24%,"Easy", IF(E32>74%, "Very Hard", IF(E32<50%, "Medium", "Hard"))) -> Medium | E32: 0.25 | F32: B | G32: Adjectives and Adverbs/Infinitive/Pronouns/Which/That | H32: Especially in the early years new entrepreneurs may need to find reso
A33: =A32+1 -> 849 | B33: SC01975 | D33: =IF(E33<24%,"Easy", IF(E33>74%, "Very Hard", IF(E33<50%, "Medium", "Hard"))) -> Easy | E33: 0.05 | F33: C | G33: Comparisons | H33: Unlike the nests of leaf cutters and most other ants situated undergr
A34: =A33+1 -> 850 | B34: SC04452 | D34: =IF(E34<24%,"Easy", IF(E34>74%, "Very Hard", IF(E34<50%, "Medium", "Hard"))) -> Easy | E34: 0.05 | F34: D | G34: Idioms/Modifiers/Pronouns | H34: Turtles like other reptiles can endure long fasts in their ability
A35: =A34+1 -> 851 | B35: SC02025 | D35: =IF(E35<24%,"Easy", IF(E35>74%, "Very Hard", IF(E35<50%, "Medium", "Hard"))) -> Easy | E35: 0.15 | F35: E | G35: Such as/Like | H35: Thai village crafts as with other cultures have developed through
A36: =A35+1 -> 852 | B36: SC27250.02 | C36: Yes | D36: =IF(E36<24%,"Easy", IF(E36>74%, "Very Hard", IF(E36<50%, "Medium", "Hard"))) -> Easy | E36: 0.05 | F36: D | G36: Pronouns/Modifiers/Meaning/Idioms/Verb Tense/Form/Diction/Style and Usage | H36: With near to all tortilla chips made from corn kernels that have been
A37: =A36+1 -> 853 | B37: SC01554 | D37: =IF(E37<24%,"Easy", IF(E37>74%, "Very Hard", IF(E37<50%, "Medium", "Hard"))) -> Easy | E37: 0.05 | F37: B | G37: Construction | H37: To estimate the expansion rate of the universe is a notoriously
A38: =A37+1 -> 854 | B38: SC94340.02 | C38: Yes | D38: =IF(E38<24%,"Easy", IF(E38>74%, "Very Hard", IF(E38<50%, "Medium", "Hard"))) -> Easy | E38: 0.05 | F38: C | G38: Grammatical Construction/Verb Tense/Form/Clauses/Diction/Style and Usage/Modifiers/Meaning | H38: Although the earliest inhabitants of Mapungubwe building their dwelli
A39: =A38+1 -> 855 | B39: SC01059 | D39: =IF(E39<24%,"Easy", IF(E39>74%, "Very Hard", IF(E39<50%, "Medium", "Hard"))) -> Medium | E39: 0.25 | F39: B | G39: Construction/Verb Tense/Form | H39: The commerce department reported that the nation s economy grew at a
A40: =A39+1 -> 856 | B40: SC01470 | D40: =IF(E40<24%,"Easy", IF(E40>74%, "Very Hard", IF(E40<50%, "Medium", "Hard"))) -> Easy | E40: 0.15 | F40: E | G40: Construction/Idioms | H40: Thomas mann s novel doctor faustus offers an examination not only of
A41: =A40+1 -> 857 | B41: SC03260.02 | C41: Yes | D41: =IF(E41<24%,"Easy", IF(E41>74%, "Very Hard", IF(E41<50%, "Medium", "Hard"))) -> Easy | E41: 0.15 | F41: D | G41: Style and Usage/Diction/Construction/Pronouns/Meaning | H41: Upon their first encountering leaf-cutting ants in South America the
A42: =A41+1 -> 858 | B42: SC91660.02 | C42: Yes | D42: =IF(E42<24%,"Easy", IF(E42>74%, "Very Hard", IF(E42<50%, "Medium", "Hard"))) -> Hard | E42: 0.55 | F42: A | G42: Modifiers/Style and Usage/Diction/Construction/Meaning/Pronouns | H42: By skimming along the top of the atmosphere a proposed new style of a
A43: =A42+1 -> 859 | B43: SC00981 | D43: =IF(E43<24%,"Easy", IF(E43>74%, "Very Hard", IF(E43<50%, "Medium", "Hard"))) -> Easy | E43: 0.05 | F43: C | G43: Diction/Parallel Structure | H43: According to a recent study retirees in the united states are four ti
A44: =A43+1 -> 860 | B44: SC04093 | D44: =IF(E44<24%,"Easy", IF(E44>74%, "Very Hard", IF(E44<50%, "Medium", "Hard"))) -> Easy | E44: 0.05 | F44: C | G44: Parallel Structure/Verb Tense/Form/Infinitive | H44: Discussion of greenhouse effects has usually focused on whether the
A45: =A44+1 -> 861 | B45: SC02102 | D45: =IF(E45<24%,"Easy", IF(E45>74%, "Very Hard", IF(E45<50%, "Medium", "Hard"))) -> Easy | E45: 0.05 | F45: A | G45: Modifiers | H45: In the seventh century b c the roman alphabet was adapted from the
A46: =A45+1 -> 862 | B46: SC09185 | D46: =IF(E46<24%,"Easy", IF(E46>74%, "Very Hard", IF(E46<50%, "Medium", "Hard"))) -> Medium | E46: 0.25 | F46: B | G46: Parallel Structure/Participle Parallelism | H46: The foundation works to strengthen local and regional agricultural
A47: =A46+1 -> 863 | B47: SC07338 | D47: =IF(E47<24%,"Easy", IF(E47>74%, "Very Hard", IF(E47<50%, "Medium", "Hard"))) -> Hard | E47: 0.55 | F47: E | G47: Diction | H47: A professor at the university has taken a sabbatical to research on
A48: =A47+1 -> 864 | B48: SC12710.01 | D48: =IF(E48<24%,"Easy", IF(E48>74%, "Very Hard", IF(E48<50%, "Medium", "Hard"))) -> Easy | E48: 0.05 | F48: C | G48: Verb Tense/Form/Construction | H48: When working with overseas clients an understanding of cultural norms
A49: =A48+1 -> 865 | B49: SC87460.01 | D49: =IF(E49<24%,"Easy", IF(E49>74%, "Very Hard", IF(E49<50%, "Medium", "Hard"))) -> Hard | E49: 0.55 | F49: A | G49: Construction/Idioms | H49: Often major economic shifts are so gradual as to be indistinguishable
A50: =A49+1 -> 866 | B50: SC19060.02 | C50: Yes | D50: =IF(E50<24%,"Easy", IF(E50>74%, "Very Hard", IF(E50<50%, "Medium", "Hard"))) -> Very Hard | E50: 0.75 | F50: D | G50: Construction/Diction/Meaning/Modifiers/Pronouns/Clauses | H50: Dinosaur tracks show them walking with their feet directly under their
A51: =A50+1 -> 867 | B51: SC22260.02 | C51: Yes | D51: =IF(E51<24%,"Easy", IF(E51>74%, "Very Hard", IF(E51<50%, "Medium", "Hard"))) -> Very Hard | E51: 0.75 | F51: D | G51: Meaning/Modifiers/Pronouns/Construction | H51: Although when a hagfish is threatened it will secrete slime that is s
A52: =A51+1 -> 868 | B52: SC69440.02 | C52: Yes | D52: =IF(E52<24%,"Easy", IF(E52>74%, "Very Hard", IF(E52<50%, "Medium", "Hard"))) -> Very Hard | E52: 0.95 | F52: C | G52: Such as/Like/Comparisons | H52: Officials at the United States Mint believe that the Sacagawea dollar
A53: =A52+1 -> 869 | B53: SC14740.02 | C53: Yes | D53: =IF(E53<24%,"Easy", IF(E53>74%, "Very Hard", IF(E53<50%, "Medium", "Hard"))) -> Medium | E53: 0.35 | F53: D | G53: Comparisons/Diction/Idioms/Verb Tense/Form | H53: In the United States less than half as many multifamily housing units
A54: =A53+1 -> 870 | B54: SC40050.02 | C54: Yes | D54: =IF(E54<24%,"Easy", IF(E54>74%, "Very Hard", IF(E54<50%, "Medium", "Hard"))) -> Easy | E54: 0.05 | F54: C | G54: Grammatical Construction/Diction/Subjunctive/Verb Tense/Form/Verb Voice/Style and Usage/Idioms | H54: Educator Maria Montessori believed that students be allowed to choo
A55: =A54+1 -> 871 | B55: SC03050.02 | C55: Yes | D55: =IF(E55<24%,"Easy", IF(E55>74%, "Very Hard", IF(E55<50%, "Medium", "Hard"))) -> Medium | E55: 0.45 | F55: E | G55: Verb Tense/Form/Idioms | H55: Analysts and media executives predict the coming year to be
A56: =A55+1 -> 872 | B56: SC80540.02 | C56: Yes | D56: =IF(E56<24%,"Easy", IF(E56>74%, "Very Hard", IF(E56<50%, "Medium", "Hard"))) -> Medium | E56: 0.35 | F56: E | G56: Grammatical Construction/Meaning/Comparisons/Idioms/Pronouns/Style and Usage | H56: Scientists say that by bathing the skin cells in extracts of immune c
A57: =A56+1 -> 873 | B57: SC01506 | D57: =IF(E57<24%,"Easy", IF(E57>74%, "Very Hard", IF(E57<50%, "Medium", "Hard"))) -> Easy | E57: 0.05 | F57: C | G57: Meaning/Modifiers/Parallel Structure | H57: Researchers now regard interferon as not a single substance but it is
A58: =A57+1 -> 874 | B58: SC01018 | D58: =IF(E58<24%,"Easy", IF(E58>74%, "Very Hard", IF(E58<50%, "Medium", "Hard"))) -> Medium | E58: 0.45 | F58: D | G58: Grammatical Construction | H58: The remarkable similarity of thule artifacts throughout a vast region
A59: =A58+1 -> 875 | B59: SC12841.01 | D59: =IF(E59<24%,"Easy", IF(E59>74%, "Very Hard", IF(E59<50%, "Medium", "Hard"))) -> Very Hard | E59: 0.75 | F59: E | G59: Construction | H59: Regulators are likely to end what are in effect long standing exempt
A60: =A59+1 -> 876 | B60: SC24751.01 | D60: =IF(E60<24%,"Easy", IF(E60>74%, "Very Hard", IF(E60<50%, "Medium", "Hard"))) -> Very Hard | E60: 0.75 | F60: D | G60: Construction/Parallel Structure | H60: Self compassion is made up of mindfulness the ability to manage thoug
A61: =A60+1 -> 877 | B61: SC83751.01 | D61: =IF(E61<24%,"Easy", IF(E61>74%, "Very Hard", IF(E61<50%, "Medium", "Hard"))) -> Medium | E61: 0.35 | F61: E | G61: Diction | H61: According to the laws of this nation individuals are minors until the
A62: =A61+1 -> 878 | B62: SC32261.01 | D62: =IF(E62<24%,"Easy", IF(E62>74%, "Very Hard", IF(E62<50%, "Medium", "Hard"))) -> Medium | E62: 0.45 | F62: A | G62: Diction/Parallel Structure/Verb Tense/Form | H62: Rather than ignore a company that seems about to fail investment anal
A63: =A62+1 -> 879 | B63: SC01490 | D63: =IF(E63<24%,"Easy", IF(E63>74%, "Very Hard", IF(E63<50%, "Medium", "Hard"))) -> Easy | E63: 0.05 | F63: A | G63: Meaning/Verb Tense/Form | H63: Between 14 000 and 8 000 b c the ice cap that covered northern asia
A64: =A63+1 -> 880 | B64: SC71360.02 | C64: Yes | D64: =IF(E64<24%,"Easy", IF(E64>74%, "Very Hard", IF(E64<50%, "Medium", "Hard"))) -> Medium | E64: 0.45 | F64: B | G64: Pronouns/Clauses/Diction/Meaning/Modifiers/Comparisons/Construction | H64: Because property values sometimes fluctuate in response to economic co
A65: =A64+1 -> 881 | B65: SC01472 | D65: =IF(E65<24%,"Easy", IF(E65>74%, "Very Hard", IF(E65<50%, "Medium", "Hard"))) -> Easy | E65: 0.15 | F65: B | G65: Parallel Structure | H65: Bengal born writer philosopher and educator rabindranath tagore had
A66: =A65+1 -> 882 | B66: SC04704 | D66: =IF(E66<24%,"Easy", IF(E66>74%, "Very Hard", IF(E66<50%, "Medium", "Hard"))) -> Hard | E66: 0.55 | F66: E | G66: Idioms/Parallel Structure/Comparisons | H66: Traffic safety officials predict that drivers will be equally likely
A67: =A66+1 -> 883 | B67: SC04562 | D67: =IF(E67<24%,"Easy", IF(E67>74%, "Very Hard", IF(E67<50%, "Medium", "Hard"))) -> Medium | E67: 0.25 | F67: C | G67: Idioms/Infinitive/Modifiers/Parallel Structure | H67: Written early in the french revolution mary wollstonecraft s a vindic
A68: =A67+1 -> 884 | B68: SC01498 | D68: =IF(E68<24%,"Easy", IF(E68>74%, "Very Hard", IF(E68<50%, "Medium", "Hard"))) -> Easy | E68: 0.05 | F68: B | G68: Idioms/Modifiers/Verb Tense/Form | H68: Using study groups managed by the principal popular organizations and
A69: =A68+1 -> 885 | B69: SC07446 | D69: =IF(E69<24%,"Easy", IF(E69>74%, "Very Hard", IF(E69<50%, "Medium", "Hard"))) -> Easy | E69: 0.05 | F69: D | G69: Pronouns/Parallel Structure/Participle Parallelism/Subject Verb Agreement | H69: The use of the bar code or universal product code which was created
A70: =A69+1 -> 886 | B70: SC01595 | D70: =IF(E70<24%,"Easy", IF(E70>74%, "Very Hard", IF(E70<50%, "Medium", "Hard"))) -> Medium | E70: 0.35 | F70: A | G70: Construction/Meaning | H70: Normally a bone becomes fossilized through the action of groundwater
A71: =A70+1 -> 887 | B71: SC04416 | D71: =IF(E71<24%,"Easy", IF(E71>74%, "Very Hard", IF(E71<50%, "Medium", "Hard"))) -> Medium | E71: 0.25 | F71: E | G71: Construction | H71: The organization of petroleum exporting countries opec had long been
A72: =A71+1 -> 888 | B72: SC25540.02 | C72: Yes | D72: =IF(E72<24%,"Easy", IF(E72>74%, "Very Hard", IF(E72<50%, "Medium", "Hard"))) -> Medium | E72: 0.45 | F72: D | G72: Comparisons/Construction/Diction/Idioms/Pronouns/Style and Usage/Meaning | H72: Even with the proposed budget cuts and new taxes and fees the city's
A73: =A72+1 -> 889 | B73: SC01507 | D73: =IF(E73<24%,"Easy", IF(E73>74%, "Very Hard", IF(E73<50%, "Medium", "Hard"))) -> Medium | E73: 0.25 | F73: A | G73: Modifiers | H73: Over the past ten years cultivated sunflowers have become a major comm
A74: =A73+1 -> 890 | B74: SC00985 | D74: =IF(E74<24%,"Easy", IF(E74>74%, "Very Hard", IF(E74<50%, "Medium", "Hard"))) -> Medium | E74: 0.35 | F74: E | G74: Meaning/Modifiers | H74: Not trusting themselves to choose wisely among the wide array of inves
A75: =A74+1 -> 891 | B75: SC01007 | D75: =IF(E75<24%,"Easy", IF(E75>74%, "Very Hard", IF(E75<50%, "Medium", "Hard"))) -> Easy | E75: 0.05 | F75: E | G75: Idioms/Parallel Structure | H75: In the 1940s popular magazines in the united states began to report on
A76: =A75+1 -> 892 | B76: SC61120.02 | C76: Yes | D76: =IF(E76<24%,"Easy", IF(E76>74%, "Very Hard", IF(E76<50%, "Medium", "Hard"))) -> Easy | E76: 0.15 | F76: E | G76: Idioms/Diction/Infinitive/Gerund/Pronouns | H76: Scientists claim that the discovery of the first authenticated mammal
A77: =A76+1 -> 893 | B77: SC04770 | D77: =IF(E77<24%,"Easy", IF(E77>74%, "Very Hard", IF(E77<50%, "Medium", "Hard"))) -> Medium | E77: 0.25 | F77: E | G77: Grammatical Construction/Conjunctions/Idioms | H77: In the early part of the twentieth century many vacationers found tha
A78: =A77+1 -> 894 | B78: SC04760 | D78: =IF(E78<24%,"Easy", IF(E78>74%, "Very Hard", IF(E78<50%, "Medium", "Hard"))) -> Medium | E78: 0.25 | F78: D | G78: Parallel Structure/Grammatical Construction/Modifiers | H78: Over the next few years increasing demands on the chattahoochee river
A79: =A78+1 -> 895 | B79: SC01469 | D79: =IF(E79<24%,"Easy", IF(E79>74%, "Very Hard", IF(E79<50%, "Medium", "Hard"))) -> Easy | E79: 0.15 | F79: E | G79: Grammatical Construction/Parallel Structure/Idioms | H79: Elizabeth barber the author of both prehistoric textiles a comprehen
A80: =A79+1 -> 896 | B80: SC00994 | D80: =IF(E80<24%,"Easy", IF(E80>74%, "Very Hard", IF(E80<50%, "Medium", "Hard"))) -> Easy | E80: 0.05 | F80: C | G80: Grammatical Construction/Verb Tense/Form | H80: Digging in sediments in northern china evidence has been gathered by
A81: =A80+1 -> 897 | B81: SC01521 | D81: =IF(E81<24%,"Easy", IF(E81>74%, "Very Hard", IF(E81<50%, "Medium", "Hard"))) -> Easy | E81: 0.05 | F81: D | G81: Idioms/Parallel Structure/Such as/Like | H81: Employing many different techniques throughout his career michelangel
A82: =A81+1 -> 898 | B82: SC04422 | D82: =IF(E82<24%,"Easy", IF(E82>74%, "Very Hard", IF(E82<50%, "Medium", "Hard"))) -> Medium | E82: 0.45 | F82: C | G82: Clauses/Absolute Phrase | H82: According to a recent study of consumer spending on prescription medic
A83: =A82+1 -> 899 | B83: SC00971 | D83: =IF(E83<24%,"Easy", IF(E83>74%, "Very Hard", IF(E83<50%, "Medium", "Hard"))) -> Hard | E83: 0.55 | F83: B | G83: Construction | H83: Technically quicksand is the term for sand that is so saturated wit
A84: =A83+1 -> 900 | B84: SC07232 | D84: =IF(E84<24%,"Easy", IF(E84>74%, "Very Hard", IF(E84<50%, "Medium", "Hard"))) -> Medium | E84: 0.45 | F84: E | G84: Idioms/Parallel Structure/Participle Parallelism/Verb Tense/Form | H84: At the end of 2001 motion picture industry representatives said that
A85: =A84+1 -> 901 | B85: SC14066 | D85: =IF(E85<24%,"Easy", IF(E85>74%, "Very Hard", IF(E85<50%, "Medium", "Hard"))) -> Medium | E85: 0.35 | F85: D | G85: Diction/Modifiers/Subject Verb Agreement/Which/That | H85: Making things even more difficult has been general market inactivity
A86: =A85+1 -> 902 | B86: SC01946 | D86: =IF(E86<24%,"Easy", IF(E86>74%, "Very Hard", IF(E86<50%, "Medium", "Hard"))) -> Medium | E86: 0.25 | F86: C | G86: Modifiers/Parallel Structure | H86: Ryunosuke akutagawa s knowledge of the literatures of europe china
A87: =A86+1 -> 903 | B87: SC24321.01 | D87: =IF(E87<24%,"Easy", IF(E87>74%, "Very Hard", IF(E87<50%, "Medium", "Hard"))) -> Very Hard | E87: 0.85 | F87: A | G87: Construction/Diction | H87: Many stock traders in the united states have set out to become global
A88: =A87+1 -> 904 | B88: SC01973 | D88: =IF(E88<24%,"Easy", IF(E88>74%, "Very Hard", IF(E88<50%, "Medium", "Hard"))) -> Medium | E88: 0.45 | F88: C | G88: Grammatical Construction/Verb Tense/Form/Participle Parallelism | H88: According to scientists who monitored its path an expanding cloud
... A93: =A92+1 -> 909 | B93: SC01077 | D93: =IF(E93<24%,"Easy", IF(E93>74%, "Very Hard", IF(E93<50%, "Medium", "Hard"))) -> Easy | E93: 0.05 | F93: C | G93: Comparisons/Pronouns/Parallel Structure | H93: Many utilities obtain most of their electric power from large coal and
A94: =A93+1 -> 910 | B94: SC16020.02 | C94: Yes | D94: =IF(E94<24%,"Easy", IF(E94>74%, "Very Hard", IF(E94<50%, "Medium", "Hard"))) -> Hard | E94: 0.65 | F94: E | G94: Grammatical Construction | H94: Five hundred million different species of living creatures have appear
A95: =A94+1 -> 911 | B95: SC01523 | D95: =IF(E95<24%,"Easy", IF(E95>74%, "Very Hard", IF(E95<50%, "Medium", "Hard"))) -> Medium | E95: 0.25 | F95: E | G95: Clauses/Parallel Structure | H95: When viewed from the window of a speeding train the speed with which
A96: =A95+1 -> 912 | B96: SC41451.01 | D96: =IF(E96<24%,"Easy", IF(E96>74%, "Very Hard", IF(E96<50%, "Medium", "Hard"))) -> Medium | E96: 0.45 | F96: A | G96: Grammatical Construction | H96: Ramon pointed out that food high in whole grain fiber creates the ener
A97: =A96+1 -> 913 | B97: SC01487 | D97: =IF(E97<24%,"Easy", IF(E97>74%, "Very Hard", IF(E97<50%, "Medium", "Hard"))) -> Easy | E97: 0.15 | F97: E | G97: If-Then/Meaning/Modifiers/Verb Tense/Form/Which/That | H97: The english physician edward jenner found that if experimental subject
A98: =A97+1 -> 914 | B98: SC34740.02 | C98: Yes | D98: =IF(E98<24%,"Easy", IF(E98>74%, "Very Hard", IF(E98<50%, "Medium", "Hard"))) -> Medium | E98: 0.45 | F98: B | G98: Grammatical Construction/Comparisons/Idioms/Parallel Structure/Meaning/Verb Tense/Form | H98: As opposed to adults pound for pound children breathe twice a
A99: =A98+1 -> 915 | B99: SC00989 | D99: =IF(E99<24%,"Easy", IF(E99>74%, "Very Hard", IF(E99<50%, "Medium", "Hard"))) -> Easy | E99: 0.05 | F99: C | G99: Diction/Parallel Structure | H99: The final decades of the twentieth century not only saw an explosion
A100: =A99+1 -> 916 | B100: SC07530.02 | C100: Yes | D100: =IF(E100<24%,"Easy", IF(E100>74%, "Very Hard", IF(E100<50%, "Medium", "Hard"))) -> Medium | E100: 0.35 | F100: C | G100: Parallel Structure/Comparisons/Style and Usage/Construction/Meaning | H100: In the six-month period that ended on September 30 the average num
A101: =A100+1 -> 917 | B101: SC0170 | D101: =IF(E101<24%,"Easy", IF(E101>74%, "Very Hard", IF(E101<50%, "Medium", "Hard"))) -> Easy | E101: 0.05 | F101: A | G101: Parallel Structure | H101: Covering 71 percent of earth s surface the oceans play an essential
A102: =A101+1 -> 918 | B102: SC07920.02 | C102: Yes | D102: =IF(E102<24%,"Easy", IF(E102>74%, "Very Hard", IF(E102<50%, "Medium", "Hard"))) -> Medium | E102: 0.35 | F102: B | G102: Clauses/Verb Tense/Form/Style and Usage/Construction/Pronouns/Meaning | H102: Michelangelo it is believed had made his sculpture of David using an
A103: =A102+1 -> 919 | B103: SC11850.01 | D103: =IF(E103<24%,"Easy", IF(E103>74%, "Very Hard", IF(E103<50%, "Medium", "Hard"))) -> Hard | E103: 0.65 | F103: A | G103: Construction/Verb Tense/Form | H103: Although the rise in the producer price index was greater than expecte
A104: =A103+1 -> 920 | B104: SC71030.02 | C104: Yes | D104: =IF(E104<24%,"Easy", IF(E104>74%, "Very Hard", IF(E104<50%, "Medium", "Hard"))) -> Medium | E104: 0.35 | F104: B | G104: Clauses/Comparisons/Conjunctions/Diction/Meaning/Parallel Structure/Use of Being/Verb Tense/Form | H104: Just like the Internet today often being called an information super
...

Sheet Error Log
A1: GMAT Club Guide to the Official GMAT Guide 2021 Edition
A2: Question | B2: Verbal/Quant | C2: Section | D2: Difficulty Level | E2: Percentile | F2: Category | G2: Eneter Your Answer Here | H2: Result | I2: Completed Time
A3: 1 | B3: Quant | C3: PS | D3: =IF($G3="","",PS!D3) -> Easy | E3: =IF($G3="","",PS!E3) -> 0.05 | F3: =IF($G3="","",PS!G3) -> Geometry | G3: C | H3: =IF(G3="","NA",IF(G3=PS!F3,"Correct","Incorrect")) -> Incorrect
A4: =A3+1 -> 2 | B4: Quant | C4: PS | D4: =IF($G4="","",PS!D4) -> Easy | E4: =IF($G4="","",PS!E4) -> 0.05 | F4: =IF($G4="","",PS!G4) -> Arithmetic/Graphs and Illustrations | G4: D | H4: =IF(G4="","NA",IF(G4=PS!F4,"Correct","Incorrect")) -> Correct
A5: =A4+1 -> 3 | B5: Quant | C5: PS | D5: =IF($G5="","",PS!D5) | E5: =IF($G5="","",PS!E5) | F5: =IF($G5="","",PS!G5) | H5: =IF(G5="","NA",IF(G5=PS!F5,"Correct","Incorrect")) -> NA | L5: How to Use Error Log: It is pretty simple - only Modify the "G" Column for your Answer (A, B, C, D, E) and/or the completed Time Column for the time you spent on the question if you care to track timing. Unless you know Excel Formulas, DO NOT MODIFY other cells :-)
A6: =A5+1 -> 4 | B6: Quant | C6: PS | D6: =IF($G6="","",PS!D6) | E6: =IF($G6="","",PS!E6) | F6: =IF($G6="","",PS!G6) | H6: =IF(G6="","NA",IF(G6=PS!F6,"Correct","Incorrect")) -> NA
A7: =A6+1 -> 5 | B7: Quant | C7: PS | D7: =IF($G7="","",PS!D7) | E7: =IF($G7="","",PS!E7) | F7: =IF($G7="","",PS!G7) | H7: =IF(G7="","NA",IF(G7=PS!F7,"Correct","Incorrect")) -> NA
A8: =A7+1 -> 6 | B8: Quant | C8: PS | D8: =IF($G8="","",PS!D8) | E8: =IF($G8="","",PS!E8) | F8: =IF($G8="","",PS!G8) | H8: =IF(G8="","NA",IF(G8=PS!F8,"Correct","Incorrect")) -> NA
A9: =A8+1 -> 7 | B9: Quant | C9: PS | D9: =IF($G9="","",PS!D9) | E9: =IF($G9="","",PS!E9) | F9: =IF($G9="","",PS!G9) | H9: =IF(G9="","NA",IF(G9=PS!F9,"Correct","Incorrect")) -> NA
A10: =A9+1 -> 8 | B10: Quant | C10: PS | D10: =IF($G10="","",PS!D10) | E10: =IF($G10="","",PS!E10) | F10: =IF($G10="","",PS!G10) | H10: =IF(G10="","NA",IF(G10=PS!F10,"Correct","Incorrect")) -> NA
A11: =A10+1 -> 9 | B11: Quant | C11: PS | D11: =IF($G11="","",PS!D11) | E11: =IF($G11="","",PS!E11) | F11: =IF($G11="","",PS!G11) | H11: =IF(G11="","NA",IF(G11=PS!F11,"Correct","Incorrect")) -> NA
A12: =A11+1 -> 10 | B12: Quant | C12: PS | D12: =IF($G12="","",PS!D12) | E12: =IF($G12="","",PS!E12) | F12: =IF($G12="","",PS!G12) | H12: =IF(G12="","NA",IF(G12=PS!F12,"Correct","Incorrect")) -> NA
A13: =A12+1 -> 11 | B13: Quant | C13: PS | D13: =IF($G13="","",PS!D13) | E13: =IF($G13="","",PS!E13) | F13: =IF($G13="","",PS!G13) | H13: =IF(G13="","NA",IF(G13=PS!F13,"Correct","Incorrect")) -> NA
A14: =A13+1 -> 12 | B14: Quant | C14: PS | D14: =IF($G14="","",PS!D14) | E14: =IF($G14="","",PS!E14) | F14: =IF($G14="","",PS!G14) | H14: =IF(G14="","NA",IF(G14=PS!F14,"Correct","Incorrect")) -> NA
A15: =A14+1 -> 13 | B15: Quant | C15: PS | D15: =IF($G15="","",PS!D15) | E15: =IF($G15="","",PS!E15) | F15: =IF($G15="","",PS!G15) | H15: =IF(G15="","NA",IF(G15=PS!F15,"Correct","Incorrect")) -> NA
A16: =A15+1 -> 14 | B16: Quant | C16: PS | D16: =IF($G16="","",PS!D16) | E16: =IF($G16="","",PS!E16) | F16: =IF($G16="","",PS!G16) | H16: =IF(G16="","NA",IF(G16=PS!F16,"Correct","Incorrect")) -> NA
A17: =A16+1 -> 15 | B17: Quant | C17: PS | D17: =IF($G17="","",PS!D17) | E17: =IF($G17="","",PS!E17) | F17: =IF($G17="","",PS!G17) | H17: =IF(G17="","NA",IF(G17=PS!F17,"Correct","Incorrect")) -> NA
... A27: =A26+1 -> 25 | B27: Quant | C27: PS | D27: =IF($G27="","",PS!D27) | E27: =IF($G27="","",PS!E27) | F27: =IF($G27="","",PS!G27) | H27: =IF(G27="","NA",IF(G27=PS!F27,"Correct","Incorrect")) -> NA
A28: =A27+1 -> 26 | B28: Quant | C28: PS | D28: =IF($G28="","",PS!D28) -> Easy | E28: =IF($G28="","",PS!E28) -> 0.05 | F28: =IF($G28="","",PS!G28) -> Inequalities | G28: E | H28: =IF(G28="","NA",IF(G28=PS!F28,"Correct","Incorrect")) -> Correct
A29: =A28+1 -> 27 | B29: Quant | C29: PS | D29: =IF($G29="","",PS!D29) | E29: =IF($G29="","",PS!E29) | F29: =IF($G29="","",PS!G29) | H29: =IF(G29="","NA",IF(G29=PS!F29,"Correct","Incorrect")) -> NA
A30: =A29+1 -> 28 | B30: Quant | C30: PS | D30: =IF($G30="","",PS!D30) | E30: =IF($G30="","",PS!E30) | F30: =IF($G30="","",PS!G30) | H30: =IF(G30="","NA",IF(G30=PS!F30,"Correct","Incorrect")) -> NA
A31: =A30+1 -> 29 | B31: Quant | C31: PS | D31: =IF($G31="","",PS!D31) | E31: =IF($G31="","",PS!E31) | F31: =IF($G31="","",PS!G31) | H31: =IF(G31="","NA",IF(G31=PS!F31,"Correct","Incorrect")) -> NA
A32: =A31+1 -> 30 | B32: Quant | C32: PS | D32: =IF($G32="","",PS!D32) | E32: =IF($G32="","",PS!E32) | F32: =IF($G32="","",PS!G32) | H32: =IF(G32="","NA",IF(G32=PS!F32,"Correct","Incorrect")) -> NA
A33: =A32+1 -> 31 | B33: Quant | C33: PS | D33: =IF($G33="","",PS!D33) | E33: =IF($G33="","",PS!E33) | F33: =IF($G33="","",PS!G33) | H33: =IF(G33="","NA",IF(G33=PS!F33,"Correct","Incorrect")) -> NA
A34: =A33+1 -> 32 | B34: Quant | C34: PS | D34: =IF($G34="","",PS!D34) | E34: =IF($G34="","",PS!E34) | F34: =IF($G34="","",PS!G34) | H34: =IF(G34="","NA",IF(G34=PS!F34,"Correct","Incorrect")) -> NA
A35: =A34+1 -> 33 | B35: Quant | C35: PS | D35: =IF($G35="","",PS!D35) | E35: =IF($G35="","",PS!E35) | F35: =IF($G35="","",PS!G35) | H35: =IF(G35="","NA",IF(G35=PS!F35,"Correct","Incorrect")) -> NA
A36: =A35+1 -> 34 | B36: Quant | C36: PS | D36: =IF($G36="","",PS!D36) | E36: =IF($G36="","",PS!E36) | F36: =IF($G36="","",PS!G36) | H36: =IF(G36="","NA",IF(G36=PS!F36,"Correct","Incorrect")) -> NA
A37: =A36+1 -> 35 | B37: Quant | C37: PS | D37: =IF($G37="","",PS!D37) | E37: =IF($G37="","",PS!E37) | F37: =IF($G37="","",PS!G37) | H37: =IF(G37="","NA",IF(G37=PS!F37,"Correct","Incorrect")) -> NA
A38: =A37+1 -> 36 | B38: Quant | C38: PS | D38: =IF($G38="","",PS!D38) | E38: =IF($G38="","",PS!E38) | F38: =IF($G38="","",PS!G38) | H38: =IF(G38="","NA",IF(G38=PS!F38,"Correct","Incorrect")) -> NA
A39: =A38+1 -> 37 | B39: Quant | C39: PS | D39: =IF($G39="","",PS!D39) | E39: =IF($G39="","",PS!E39) | F39: =IF($G39="","",PS!G39) | H39: =IF(G39="","NA",IF(G39=PS!F39,"Correct","Incorrect")) -> NA
A40: =A39+1 -> 38 | B40: Quant | C40: PS | D40: =IF($G40="","",PS!D40) | E40: =IF($G40="","",PS!E40) | F40: =IF($G40="","",PS!G40) | H40: =IF(G40="","NA",IF(G40=PS!F40,"Correct","Incorrect")) -> NA
... A264: =A263+1 -> 262 | B264: Quant | C264: PS | D264: =IF($G264="","",PS!D264) | E264: =IF($G264="","",PS!E264) | F264: =IF($G264="","",PS!G264) | H264: =IF(G264="","NA",IF(G264=PS!F264,"Correct","Incorrect")) -> NA
A265: =A264+1 -> 263 | B265: Quant | C265: DS | D265: =IF($G265="","",DS!D3) -> Easy | E265: =IF($G265="","",DS!E3) -> 0.05 | F265: =IF($G265="","",DS!G3) -> Word Problems | G265: E | H265: =IF(G265="","NA",IF(G265=DS!F3,"Correct","Incorrect")) -> Correct
A266: =A265+1 -> 264 | B266: Quant | C266: DS | D266: =IF($G266="","",DS!D4) -> Easy | E266: =IF($G266="","",DS!E4) -> 0.05 | F266: =IF($G266="","",DS!G4) -> Word Problems | G266: C | H266: =IF(G266="","NA",IF(G266=DS!F4,"Correct","Incorrect")) -> Correct
A267: =A266+1 -> 265 | B267: Quant | C267: DS | D267: =IF($G267="","",DS!D5) -> Easy | E267: =IF($G267="","",DS!E5) -> 0.05 | F267: =IF($G267="","",DS!G5) -> Geometry | G267: C | H267: =IF(G267="","NA",IF(G267=DS!F5,"Correct","Incorrect")) -> Correct
A268: =A267+1 -> 266 | B268: Quant | C268: DS | D268: =IF($G268="","",DS!D6) | E268: =IF($G268="","",DS!E6) | F268: =IF($G268="","",DS!G6) | H268: =IF(G268="","NA",IF(G268=DS!F6,"Correct","Incorrect")) -> NA
A269: =A268+1 -> 267 | B269: Quant | C269: DS | D269: =IF($G269="","",DS!D7) | E269: =IF($G269="","",DS!E7) | F269: =IF($G269="","",DS!G7) | H269: =IF(G269="","NA",IF(G269=DS!F7,"Correct","Incorrect")) -> NA
A270: =A269+1 -> 268 | B270: Quant | C270: DS | D270: =IF($G270="","",DS!D8) | E270: =IF($G270="","",DS!E8) | F270: =IF($G270="","",DS!G8) | H270: =IF(G270="","NA",IF(G270=DS!F8,"Correct","Incorrect")) -> NA
A271: =A270+1 -> 269 | B271: Quant | C271: DS | D271: =IF($G271="","",DS!D9) | E271: =IF($G271="","",DS!E9) | F271: =IF($G271="","",DS!G9) | H271: =IF(G271="","NA",IF(G271=DS!F9,"Correct","Incorrect")) -> NA
A272: =A271+1 -> 270 | B272: Quant | C272: DS | D272: =IF($G272="","",DS!D10) | E272: =IF($G272="","",DS!E10) | F272: =IF($G272="","",DS!G10) | H272: =IF(G272="","NA",IF(G272=DS!F10,"Correct","Incorrect")) -> NA
A273: =A272+1 -> 271 | B273: Quant | C273: DS | D273: =IF($G273="","",DS!D11) | E273: =IF($G273="","",DS!E11) | F273: =IF($G273="","",DS!G11) | H273: =IF(G273="","NA",IF(G273=DS!F11,"Correct","Incorrect")) -> NA
A274: =A273+1 -> 272 | B274: Quant | C274: DS | D274: =IF($G274="","",DS!D12) | E274: =IF($G274="","",DS!E12) | F274: =IF($G274="","",DS!G12) | H274: =IF(G274="","NA",IF(G274=DS!F12,"Correct","Incorrect")) -> NA
A275: =A274+1 -> 273 | B275: Quant | C275: DS | D275: =IF($G275="","",DS!D13) | E275: =IF($G275="","",DS!E13) | F275: =IF($G275="","",DS!G13) | H275: =IF(G275="","NA",IF(G275=DS!F13,"Correct","Incorrect")) -> NA
A276: =A275+1 -> 274 | B276: Quant | C276: DS | D276: =IF($G276="","",DS!D14) | E276: =IF($G276="","",DS!E14) | F276: =IF($G276="","",DS!G14) | H276: =IF(G276="","NA",IF(G276=DS!F14,"Correct","Incorrect")) -> NA
A277: =A276+1 -> 275 | B277: Quant | C277: DS | D277: =IF($G277="","",DS!D15) | E277: =IF($G277="","",DS!E15) | F277: =IF($G277="","",DS!G15) | H277: =IF(G277="","NA",IF(G277=DS!F15,"Correct","Incorrect")) -> NA
A278: =A277+1 -> 276 | B278: Quant | C278: DS | D278: =IF($G278="","",DS!D16) | E278: =IF($G278="","",DS!E16) | F278: =IF($G278="","",DS!G16) | H278: =IF(G278="","NA",IF(G278=DS!F16,"Correct","Incorrect")) -> NA
A279: =A278+1 -> 277 | B279: Quant | C279: DS | D279: =IF($G279="","",DS!D17) | E279: =IF($G279="","",DS!E17) | F279: =IF($G279="","",DS!G17) | H279: =IF(G279="","NA",IF(G279=DS!F17,"Correct","Incorrect")) -> NA
... A504: =A503+1 -> 502 | B504: Quant | C504: DS | D504: =IF($G504="","",DS!D242) | E504: =IF($G504="","",DS!E242) | F504: =IF($G504="","",DS!G242) | H504: =IF(G504="","NA",IF(G504=DS!F242,"Correct","Incorrect")) -> NA
A505: =A504+1 -> 503 | B505: Verbal | C505: RC | D505: =IF($G505="","",'RC'!D3) | E505: =IF($G505="","",'RC'!E3) | F505: =IF($G505="","",'RC'!G3) | H505: =IF(G505="","NA",IF(G505='RC'!F3,"Correct","Incorrect")) -> NA
A506: =A505+1 -> 504 | B506: Verbal | C506: RC | D506: =IF($G506="","",'RC'!D4) | E506: =IF($G506="","",'RC'!E4) | F506: =IF($G506="","",'RC'!G4) | H506: =IF(G506="","NA",IF(G506='RC'!F4,"Correct","Incorrect")) -> NA
A507: =A506+1 -> 505 | B507: Verbal | C507: RC | D507: =IF($G507="","",'RC'!D5) | E507: =IF($G507="","",'RC'!E5) | F507: =IF($G507="","",'RC'!G5) | H507: =IF(G507="","NA",IF(G507='RC'!F5,"Correct","Incorrect")) -> NA
A508: =A507+1 -> 506 | B508: Verbal | C508: RC | D508: =IF($G508="","",'RC'!D6) | E508: =IF($G508="","",'RC'!E6) | F508: =IF($G508="","",'RC'!G6) | H508: =IF(G508="","NA",IF(G508='RC'!F6,"Correct","Incorrect")) -> NA
A509: =A508+1 -> 507 | B509: Verbal | C509: RC | D509: =IF($G509="","",'RC'!D7) | E509: =IF($G509="","",'RC'!E7) | F509: =IF($G509="","",'RC'!G7) | H509: =IF(G509="","NA",IF(G509='RC'!F7,"Correct","Incorrect")) -> NA
A510: =A509+1 -> 508 | B510: Verbal | C510: RC | D510: =IF($G510="","",'RC'!D8) | E510: =IF($G510="","",'RC'!E8) | F510: =IF($G510="","",'RC'!G8) | H510: =IF(G510="","NA",IF(G510='RC'!F8,"Correct","Incorrect")) -> NA
A511: =A510+1 -> 509 | B511: Verbal | C511: RC | D511: =IF($G511="","",'RC'!D9) | E511: =IF($G511="","",'RC'!E9) | F511: =IF($G511="","",'RC'!G9) | H511: =IF(G511="","NA",IF(G511='RC'!F9,"Correct","Incorrect")) -> NA
A512: =A511+1 -> 510 | B512: Verbal | C512: RC | D512: =IF($G512="","",'RC'!D10) | E512: =IF($G512="","",'RC'!E10) | F512: =IF($G512="","",'RC'!G10) | H512: =IF(G512="","NA",IF(G512='RC'!F10,"Correct","Incorrect")) -> NA
A513: =A512+1 -> 511 | B513: Verbal | C513: RC | D513: =IF($G513="","",'RC'!D11) | E513: =IF($G513="","",'RC'!E11) | F513: =IF($G513="","",'RC'!G11) | H513: =IF(G513="","NA",IF(G513='RC'!F11,"Correct","Incorrect")) -> NA
A514: =A513+1 -> 512 | B514: Verbal | C514: RC | D514: =IF($G514="","",'RC'!D12) | E514: =IF($G514="","",'RC'!E12) | F514: =IF($G514="","",'RC'!G12) | H514: =IF(G514="","NA",IF(G514='RC'!F12,"Correct","Incorrect")) -> NA
A515: =A514+1 -> 513 | B515: Verbal | C515: RC | D515: =IF($G515="","",'RC'!D13) | E515: =IF($G515="","",'RC'!E13) | F515: =IF($G515="","",'RC'!G13) | H515: =IF(G515="","NA",IF(G515='RC'!F13,"Correct","Incorrect")) -> NA
A516: =A515+1 -> 514 | B516: Verbal | C516: RC | D516: =IF($G516="","",'RC'!D14) | E516: =IF($G516="","",'RC'!E14) | F516: =IF($G516="","",'RC'!G14) | H516: =IF(G516="","NA",IF(G516='RC'!F14,"Correct","Incorrect")) -> NA
... A653: =A652+1 -> 651 | B653: Verbal | C653: RC | D653: =IF($G653="","",'RC'!D151) | E653: =IF($G653="","",'RC'!E151) | F653: =IF($G653="","",'RC'!G151) | H653: =IF(G653="","NA",IF(G653='RC'!F151,"Correct","Incorrect")) -> NA
A654: =A653+1 -> 652 | B654: Verbal | C654: CR | D654: =IF($G654="","",CR!D3) | E654: =IF($G654="","",CR!E3) | F654: =IF($G654="","",CR!G3) | H654: =IF(G654="","NA",IF(G654=CR!F3,"Correct","Incorrect")) -> NA
A655: =A654+1 -> 653 | B655: Verbal | C655: CR | D655: =IF($G655="","",CR!D4) | E655: =IF($G655="","",CR!E4) | F655: =IF($G655="","",CR!G4) | H655: =IF(G655="","NA",IF(G655=CR!F4,"Correct","Incorrect")) -> NA
A656: =A655+1 -> 654 | B656: Verbal | C656: CR | D656: =IF($G656="","",CR!D5) | E656: =IF($G656="","",CR!E5) | F656: =IF($G656="","",CR!G5) | H656: =IF(G656="","NA",IF(G656=CR!F5,"Correct","Incorrect")) -> NA
A657: =A656+1 -> 655 | B657: Verbal | C657: CR | D657: =IF($G657="","",CR!D6) | E657: =IF($G657="","",CR!E6) | F657: =IF($G657="","",CR!G6) | H657: =IF(G657="","NA",IF(G657=CR!F6,"Correct","Incorrect")) -> NA
A658: =A657+1 -> 656 | B658: Verbal | C658: CR | D658: =IF($G658="","",CR!D7) | E658: =IF($G658="","",CR!E7) | F658: =IF($G658="","",CR!G7) | H658: =IF(G658="","NA",IF(G658=CR!F7,"Correct","Incorrect")) -> NA
A659: =A658+1 -> 657 | B659: Verbal | C659: CR | D659: =IF($G659="","",CR!D8) | E659: =IF($G659="","",CR!E8) | F659: =IF($G659="","",CR!G8) | H659: =IF(G659="","NA",IF(G659=CR!F8,"Correct","Incorrect")) -> NA
A660: =A659+1 -> 658 | B660: Verbal | C660: CR | D660: =IF($G660="","",CR!D9) | E660: =IF($G660="","",CR!E9) | F660: =IF($G660="","",CR!G9) | H660: =IF(G660="","NA",IF(G660=CR!F9,"Correct","Incorrect")) -> NA
A661: =A660+1 -> 659 | B661: Verbal | C661: CR | D661: =IF($G661="","",CR!D10) | E661: =IF($G661="","",CR!E10) | F661: =IF($G661="","",CR!G10) | H661: =IF(G661="","NA",IF(G661=CR!F10,"Correct","Incorrect")) -> NA
A662: =A661+1 -> 660 | B662: Verbal | C662: CR | D662: =IF($G662="","",CR!D11) | E662: =IF($G662="","",CR!E11) | F662: =IF($G662="","",CR!G11) | H662: =IF(G662="","NA",IF(G662=CR!F11,"Correct","Incorrect")) -> NA
A663: =A662+1 -> 661 | B663: Verbal | C663: CR | D663: =IF($G663="","",CR!D12) | E663: =IF($G663="","",CR!E12) | F663: =IF($G663="","",CR!G12) | H663: =IF(G663="","NA",IF(G663=CR!F12,"Correct","Incorrect")) -> NA
A664: =A663+1 -> 662 | B664: Verbal | C664: CR | D664: =IF($G664="","",CR!D13) | E664: =IF($G664="","",CR!E13) | F664: =IF($G664="","",CR!G13) | H664: =IF(G664="","NA",IF(G664=CR!F13,"Correct","Incorrect")) -> NA
A665: =A664+1 -> 663 | B665: Verbal | C665: CR | D665: =IF($G665="","",CR!D14) | E665: =IF($G665="","",CR!E14) | F665: =IF($G665="","",CR!G14) | H665: =IF(G665="","NA",IF(G665=CR!F14,"Correct","Incorrect")) -> NA
... A820: =A819+1 -> 818 | B820: Verbal | C820: CR | D820: =IF($G820="","",CR!D169) | E820: =IF($G820="","",CR!E169) | F820: =IF($G820="","",CR!G169) | H820: =IF(G820="","NA",IF(G820=CR!F169,"Correct","Incorrect")) -> NA
A821: =A820+1 -> 819 | B821: Verbal | C821: SC | D821: =IF($G821="","",SC!D3) | E821: =IF($G821="","",SC!E3) | F821: =IF($G821="","",SC!G3) | H821: =IF(G821="","NA",IF(G821=SC!F3,"Correct","Incorrect")) -> NA
A822: =A821+1 -> 820 | B822: Verbal | C822: SC | D822: =IF($G822="","",SC!D4) | E822: =IF($G822="","",SC!E4) | F822: =IF($G822="","",SC!G4) | H822: =IF(G822="","NA",IF(G822=SC!F4,"Correct","Incorrect")) -> NA
A823: =A822+1 -> 821 | B823: Verbal | C823: SC | D823: =IF($G823="","",SC!D5) | E823: =IF($G823="","",SC!E5) | F823: =IF($G823="","",SC!G5) | H823: =IF(G823="","NA",IF(G823=SC!F5,"Correct","Incorrect")) -> NA
A824: =A823+1 -> 822 | B824: Verbal | C824: SC | D824: =IF($G824="","",SC!D6) | E824: =IF($G824="","",SC!E6) | F824: =IF($G824="","",SC!G6) | H824: =IF(G824="","NA",IF(G824=SC!F6,"Correct","Incorrect")) -> NA
A825: =A824+1 -> 823 | B825: Verbal | C825: SC | D825: =IF($G825="","",SC!D7) | E825: =IF($G825="","",SC!E7) | F825: =IF($G825="","",SC!G7) | H825: =IF(G825="","NA",IF(G825=SC!F7,"Correct","Incorrect")) -> NA
A826: =A825+1 -> 824 | B826: Verbal | C826: SC | D826: =IF($G826="","",SC!D8) | E826: =IF($G826="","",SC!E8) | F826: =IF($G826="","",SC!G8) | H826: =IF(G826="","NA",IF(G826=SC!F8,"Correct","Incorrect")) -> NA
A827: =A826+1 -> 825 | B827: Verbal | C827: SC | D827: =IF($G827="","",SC!D9) | E827: =IF($G827="","",SC!E9) | F827: =IF($G827="","",SC!G9) | H827: =IF(G827="","NA",IF(G827=SC!F9,"Correct","Incorrect")) -> NA
A828: =A827+1 -> 826 | B828: Verbal | C828: SC | D828: =IF($G828="","",SC!D10) | E828: =IF($G828="","",SC!E10) | F828: =IF($G828="","",SC!G10) | H828: =IF(G828="","NA",IF(G828=SC!F10,"Correct","Incorrect")) -> NA
A829: =A828+1 -> 827 | B829: Verbal | C829: SC | D829: =IF($G829="","",SC!D11) | E829: =IF($G829="","",SC!E11) | F829: =IF($G829="","",SC!G11) | H829: =IF(G829="","NA",IF(G829=SC!F11,"Correct","Incorrect")) -> NA
A830: =A829+1 -> 828 | B830: Verbal | C830: SC | D830: =IF($G830="","",SC!D12) | E830: =IF($G830="","",SC!E12) | F830: =IF($G830="","",SC!G12) | H830: =IF(G830="","NA",IF(G830=SC!F12,"Correct","Incorrect")) -> NA
A831: =A830+1 -> 829 | B831: Verbal | C831: SC | D831: =IF($G831="","",SC!D13) | E831: =IF($G831="","",SC!E13) | F831: =IF($G831="","",SC!G13) | H831: =IF(G831="","NA",IF(G831=SC!F13,"Correct","Incorrect")) -> NA
A832: =A831+1 -> 830 | B832: Verbal | C832: SC | D832: =IF($G832="","",SC!D14) | E832: =IF($G832="","",SC!E14) | F832: =IF($G832="","",SC!G14) | H832: =IF(G832="","NA",IF(G832=SC!F14,"Correct","Incorrect")) -> NA
... A1000: =A999+1 -> 998 | B1000: Verbal | C1000: SC | D1000: =IF($G1000="","",SC!D182) | E1000: =IF($G1000="","",SC!E182) | F1000: =IF($G1000="","",SC!G182) | H1000: =IF(G1000="","NA",IF(G1000=SC!F182,"Correct","Incorrect")) -> NA

Sheet Analysis
A1: Table 1. Analysis Table with General Information | AF1: Difficult level | AG1: Answer Choice | AH1: Section | AI1: Timer precise
AF2: Easy | AG2: A | AH2: PS | AI2: 0
A3: Section | B3: Sub-Section | C3: Result | G3: Your avg. Time | AF3: Medium | AG3: B | AH3: DS | AI3: 1
C4: Correct | D4: Incorrect | E4: NA | F4: Grand Total | AF4: Hard | AG4: C | AH4: RC
A5: Quant | B5: DS | C5: =COUNTIFS('Error Log'!$H$3:$H$1000,C$4,'Error Log'!$C$3:$C$1000,$B5) -> 3 | D5: =COUNTIFS('Error Log'!$H$3:$H$1000,D$4,'Error Log'!$C$3:$C$1000,$B5) -> 0 | E5: =COUNTIFS('Error Log'!$H$3:$H$1000,E$4,'Error Log'!$C$3:$C$1000,$B5) -> 237 | F5: =SUM(C5:E5) -> 240 | G5: =IFERROR(AVERAGEIFS('Error Log'!$I$3:$I$1000,'Error Log'!$C$3:$C$1000,Analysis!B5,'Error Log'!$G$3:$G$1000,"<>"),0) -> 0 | AF5: Very Hard | AG5: D | AH5: CR
B6: PS | C6: =COUNTIFS('Error Log'!$H$3:$H$1000,C$4,'Error Log'!$C$3:$C$1000,$B6) -> 2 | D6: =COUNTIFS('Error Log'!$H$3:$H$1000,D$4,'Error Log'!$C$3:$C$1000,$B6) -> 1 | E6: =COUNTIFS('Error Log'!$H$3:$H$1000,E$4,'Error Log'!$C$3:$C$1000,$B6) -> 259 | F6: =SUM(C6:E6) -> 262 | G6: =IFERROR(AVERAGEIFS('Error Log'!$I$3:$I$1000,'Error Log'!$C$3:$C$1000,Analysis!B6,'Error Log'!$G$3:$G$1000,"<>"),0) -> 0 | AF6: N/A | AG6: E | AH6: SC
A7: Quant Total | C7: =SUM(C5:C6) -> 5 | D7: =SUM(D5:D6) -> 1 | E7: =SUM(E5:E6) -> 496 | F7: =SUM(C7:E7) -> 502 | G7: =IFERROR(AVERAGEIFS('Error Log'!$I$3:$I$1000,'Error Log'!$B$3:$B$1000,"Quant",'Error Log'!$G$3:$G$1000,"<>"),0) -> 0 | AH7: Practice
A8: Verbal | B8: CR | C8: =COUNTIFS('Error Log'!$H$3:$H$1000,C$4,'Error Log'!$C$3:$C$1000,$B8) -> 0 | D8: =COUNTIFS('Error Log'!$H$3:$H$1000,D$4,'Error Log'!$C$3:$C$1000,$B8) -> 0 | E8: =COUNTIFS('Error Log'!$H$3:$H$1000,E$4,'Error Log'!$C$3:$C$1000,$B8) -> 167 | F8: =SUM(C8:E8) -> 167 | G8: =IFERROR(AVERAGEIFS('Error Log'!$I$3:$I$1000,'Error Log'!$C$3:$C$1000,Analysis!B8,'Error Log'!$G$3:$G$1000,"<>"),0) -> 0
B9: RC | C9: =COUNTIFS('Error Log'!$H$3:$H$1000,C$4,'Error Log'!$C$3:$C$1000,$B9) -> 0 | D9: =COUNTIFS('Error Log'!$H$3:$H$1000,D$4,'Error Log'!$C$3:$C$1000,$B9) -> 0 | E9: =COUNTIFS('Error Log'!$H$3:$H$1000,E$4,'Error Log'!$C$3:$C$1000,$B9) -> 149 | F9: =SUM(C9:E9) -> 149 | G9: =IFERROR(AVERAGEIFS('Error Log'!$I$3:$I$1000,'Error Log'!$C$3:$C$1000,Analysis!B9,'Error Log'!$G$3:$G$1000,"<>"),0) -> 0
B10: SC | C10: =COUNTIFS('Error Log'!$H$3:$H$1000,C$4,'Error Log'!$C$3:$C$1000,$B10) -> 0 | D10: =COUNTIFS('Error Log'!$H$3:$H$1000,D$4,'Error Log'!$C$3:$C$1000,$B10) -> 0 | E10: =COUNTIFS('Error Log'!$H$3:$H$1000,E$4,'Error Log'!$C$3:$C$1000,$B10) -> 180 | F10: =SUM(C10:E10) -> 180 | G10: =IFERROR(AVERAGEIFS('Error Log'!$I$3:$I$1000,'Error Log'!$C$3:$C$1000,Analysis!B10,'Error Log'!$G$3:$G$1000,"<>"),0) -> 0
A11: Verbal Total | C11: =SUM(C8:C10) -> 0 | D11: =SUM(D8:D10) -> 0 | E11: =SUM(E8:E10) -> 496 | F11: =SUM(C11:E11) -> 496 | G11: =IFERROR(AVERAGEIFS('Error Log'!$I$3:$I$1000,'Error Log'!$B$3:$B$1000,"Verbal",'Error Log'!$G$3:$G$1000,"<>"),0) -> 0
A12: Grand Total | C12: =C7+C11 -> 5 | D12: =D7+D11 -> 1 | E12: =E7+E11 -> 992 | F12: =SUM(C12:E12) -> 998 | G12: =IFERROR(AVERAGEIFS('Error Log'!$I$3:$I$1000,'Error Log'!$G$3:$G$1000,"<>"),0) -> 0
A16: Table 2. Analysis table with difficult level
A18: Section | B18: Sub-Section | C18: Difficult Level | D18: Result | G18: Grand Total | H18: Your avg. Time
D19: Correct | E19: Incorrect | F19: NA
A20: Quant | B20: DS | C20: Easy | D20: =COUNTIFS('Error Log'!$H$3:$H$1000,D$19,'Error Log'!$C$3:$C$1000,$B20,'Error Log'!$D$3:$D$1000,$C20) -> 3 | E20: =COUNTIFS('Error Log'!$H$3:$H$1000,E$19,'Error Log'!$C$3:$C$1000,$B20,'Error Log'!$D$3:$D$1000,$C20) -> 0 | F20: =COUNTIFS('Error Log'!$H$3:$H$1000,F$19,'Error Log'!$C$3:$C$1000,$B20,'Error Log'!$D$3:$D$1000,$C20) -> 0 | G20: =SUM(D20:F20) -> 3 | H20: =IFERROR(AVERAGEIFS('Error Log'!$I$3:$I$1000,'Error Log'!$C$3:$C$1000,Analysis!B20,'Error Log'!$G$3:$G$1000,"<>",'Error Log'!$D$3:$D$1000,C20),0) -> 0
C21: Medium | D21: =COUNTIFS('Error Log'!$H$3:$H$1000,D$19,'Error Log'!$C$3:$C$1000,$B20,'Error Log'!$D$3:$D$1000,$C21) -> 0 | E21: =COUNTIFS('Error Log'!$H$3:$H$1000,E$19,'Error Log'!$C$3:$C$1000,$B20,'Error Log'!$D$3:$D$1000,$C21) -> 0 | F21: =COUNTIFS('Error Log'!$H$3:$H$1000,F$19,'Error Log'!$C$3:$C$1000,$B20,'Error Log'!$D$3:$D$1000,$C21) -> 0 | G21: =SUM(D21:F21) -> 0 | H21: =IFERROR(AVERAGEIFS('Error Log'!$I$3:$I$1000,'Error Log'!$C$3:$C$1000,Analysis!B20,'Error Log'!$G$3:$G$1000,"<>",'Error Log'!$D$3:$D$1000,C21),0) -> 0
C22: Hard | D22: =COUNTIFS('Error Log'!$H$3:$H$1000,D$19,'Error Log'!$C$3:$C$1000,$B20,'Error Log'!$D$3:$D$1000,$C22) -> 0 | E22: =COUNTIFS('Error Log'!$H$3:$H$1000,E$19,'Error Log'!$C$3:$C$1000,$B20,'Error Log'!$D$3:$D$1000,$C22) -> 0 | F22: =COUNTIFS('Error Log'!$H$3:$H$1000,F$19,'Error Log'!$C$3:$C$1000,$B20,'Error Log'!$D$3:$D$1000,$C22) -> 0 | G22: =SUM(D22:F22) -> 0 | H22: =IFERROR(AVERAGEIFS('Error Log'!$I$3:$I$1000,'Error Log'!$C$3:$C$1000,Analysis!B20,'Error Log'!$G$3:$G$1000,"<>",'Error Log'!$D$3:$D$1000,C22),0) -> 0
C23: Very Hard | D23: =COUNTIFS('Error Log'!$H$3:$H$1000,D$19,'Error Log'!$C$3:$C$1000,$B20,'Error Log'!$D$3:$D$1000,$C23) -> 0 | E23: =COUNTIFS('Error Log'!$H$3:$H$1000,E$19,'Error Log'!$C$3:$C$1000,$B20,'Error Log'!$D$3:$D$1000,$C23) -> 0 | F23: =COUNTIFS('Error Log'!$H$3:$H$1000,F$19,'Error Log'!$C$3:$C$1000,$B20,'Error Log'!$D$3:$D$1000,$C23) -> 0 | G23: =SUM(D23:F23) -> 0 | H23: =IFERROR(AVERAGEIFS('Error Log'!$I$3:$I$1000,'Error Log'!$C$3:$C$1000,Analysis!B20,'Error Log'!$G$3:$G$1000,"<>",'Error Log'!$D$3:$D$1000,C23),0) -> 0
C24: N/A | D24: =COUNTIFS('Error Log'!$H$3:$H$1000,D$19,'Error Log'!$C$3:$C$1000,$B20,'Error Log'!$D$3:$D$1000,$C24) -> 0 | E24: =COUNTIFS('Error Log'!$H$3:$H$1000,E$19,'Error Log'!$C$3:$C$1000,$B20,'Error Log'!$D$3:$D$1000,$C24) -> 0 | F24: =COUNTIFS('Error Log'!$H$3:$H$1000,F$19,'Error Log'!$C$3:$C$1000,$B20,'Error Log'!$D$3:$D$1000,$C24) -> 0 | G24: =SUM(D24:F24) -> 0 | H24: =IFERROR(AVERAGEIFS('Error Log'!$I$3:$I$1000,'Error Log'!$C$3:$C$1000,Analysis!B20,'Error Log'!$G$3:$G$1000,"<>",'Error Log'!$D$3:$D$1000,C24),0) -> 0
B25: PS | C25: Easy | D25: =COUNTIFS('Error Log'!$H$3:$H$1000,D$19,'Error Log'!$C$3:$C$1000,$B25,'Error Log'!$D$3:$D$1000,$C25) -> 2 | E25: =COUNTIFS('Error Log'!$H$3:$H$1000,E$19,'Error Log'!$C$3:$C$1000,$B25,'Error Log'!$D$3:$D$1000,$C25) -> 1 | F25: =COUNTIFS('Error Log'!$H$3:$H$1000,F$19,'Error Log'!$C$3:$C$1000,$B25,'Error Log'!$D$3:$D$1000,$C25) -> 0 | G25: =SUM(D25:F25) -> 3 | H25: =IFERROR(AVERAGEIFS('Error Log'!$I$3:$I$1000,'Error Log'!$C$3:$C$1000,Analysis!B25,'Error Log'!$G$3:$G$1000,"<>",'Error Log'!$D$3:$D$1000,C25),0) -> 0
C26: Medium | D26: =COUNTIFS('Error Log'!$H$3:$H$1000,D$19,'Error Log'!$C$3:$C$1000,$B25,'Error Log'!$D$3:$D$1000,$C26) -> 0 | E26: =COUNTIFS('Error Log'!$H$3:$H$1000,E$19,'Error Log'!$C$3:$C$1000,$B25,'Error Log'!$D$3:$D$1000,$C26) -> 0 | F26: =COUNTIFS('Error Log'!$H$3:$H$1000,F$19,'Error Log'!$C$3:$C$1000,$B25,'Error Log'!$D$3:$D$1000,$C26) -> 0 | G26: =SUM(D26:F26) -> 0 | H26: =IFERROR(AVERAGEIFS('Error Log'!$I$3:$I$1000,'Error Log'!$C$3:$C$1000,Analysis!B25,'Error Log'!$G$3:$G$1000,"<>",'Error Log'!$D$3:$D$1000,C26),0) -> 0
C27: Hard | D27: =COUNTIFS('Error Log'!$H$3:$H$1000,D$19,'Error Log'!$C$3:$C$1000,$B25,'Error Log'!$D$3:$D$1000,$C27) -> 0 | E27: =COUNTIFS('Error Log'!$H$3:$H$1000,E$19,'Error Log'!$C$3:$C$1000,$B25,'Error Log'!$D$3:$D$1000,$C27) -> 0 | F27: =COUNTIFS('Error Log'!$H$3:$H$1000,F$19,'Error Log'!$C$3:$C$1000,$B25,'Error Log'!$D$3:$D$1000,$C27) -> 0 | G27: =SUM(D27:F27) -> 0 | H27: =IFERROR(AVERAGEIFS('Error Log'!$I$3:$I$1000,'Error Log'!$C$3:$C$1000,Analysis!B25,'Error Log'!$G$3:$G$1000,"<>",'Error Log'!$D$3:$D$1000,C27),0) -> 0
C28: Very Hard | D28: =COUNTIFS('Error Log'!$H$3:$H$1000,D$19,'Error Log'!$C$3:$C$1000,$B25,'Error Log'!$D$3:$D$1000,$C28) -> 0 | E28: =COUNTIFS('Error Log'!$H$3:$H$1000,E$19,'Error Log'!$C$3:$C$1000,$B25,'Error Log'!$D$3:$D$1000,$C28) -> 0 | F28: =COUNTIFS('Error Log'!$H$3:$H$1000,F$19,'Error Log'!$C$3:$C$1000,$B25,'Error Log'!$D$3:$D$1000,$C28) -> 0 | G28: =SUM(D28:F28) -> 0 | H28: =IFERROR(AVERAGEIFS('Error Log'!$I$3:$I$1000,'Error Log'!$C$3:$C$1000,Analysis!B25,'Error Log'!$G$3:$G$1000,"<>",'Error Log'!$D$3:$D$1000,C28),0) -> 0
C29: N/A | D29: =COUNTIFS('Error Log'!$H$3:$H$1000,D$19,'Error Log'!$C$3:$C$1000,$B25,'Error Log'!$D$3:$D$1000,$C29) -> 0 | E29: =COUNTIFS('Error Log'!$H$3:$H$1000,E$19,'Error Log'!$C$3:$C$1000,$B25,'Error Log'!$D$3:$D$1000,$C29) -> 0 | F29: =COUNTIFS('Error Log'!$H$3:$H$1000,F$19,'Error Log'!$C$3:$C$1000,$B25,'Error Log'!$D$3:$D$1000,$C29) -> 0 | G29: =SUM(D29:F29) -> 0 | H29: =IFERROR(AVERAGEIFS('Error Log'!$I$3:$I$1000,'Error Log'!$C$3:$C$1000,Analysis!B25,'Error Log'!$G$3:$G$1000,"<>",'Error Log'!$D$3:$D$1000,C29),0) -> 0
A30: Quant Total | D30: =SUM(D20:D29) -> 5 | E30: =SUM(E20:E29) -> 1 | F30: =SUM(F20:F29) -> 0 | G30: =SUM(G20:G29) -> 6 | H30: =IFERROR(AVERAGEIFS('Error Log'!$I$3:$I$1000,'Error Log'!$B$3:$B$1000,"Quant",'Error Log'!$G$3:$G$1000,"<>"),0) -> 0
A31: Verbal | B31: CR | C31: Easy | D31: =COUNTIFS('Error Log'!$H$3:$H$1000,D$19,'Error Log'!$C$3:$C$1000,$B31,'Error Log'!$D$3:$D$1000,$C31) -> 0 | E31: =COUNTIFS('Error Log'!$H$3:$H$1000,E$19,'Error Log'!$C$3:$C$1000,$B31,'Error Log'!$D$3:$D$1000,$C31) -> 0 | F31: =COUNTIFS('Error Log'!$H$3:$H$1000,F$19,'Error Log'!$C$3:$C$1000,$B31,'Error Log'!$D$3:$D$1000,$C31) -> 0 | G31: =SUM(D31:F31) -> 0 | H31: =IFERROR(AVERAGEIFS('Error Log'!$I$3:$I$1000,'Error Log'!$C$3:$C$1000,Analysis!B31,'Error Log'!$G$3:$G$1000,"<>",'Error Log'!$D$3:$D$1000,C31),0) -> 0
C32: Medium | D32: =COUNTIFS('Error Log'!$H$3:$H$1000,D$19,'Error Log'!$C$3:$C$1000,$B31,'Error Log'!$D$3:$D$1000,$C32) -> 0 | E32: =COUNTIFS('Error Log'!$H$3:$H$1000,E$19,'Error Log'!$C$3:$C$1000,$B31,'Error Log'!$D$3:$D$1000,$C32) -> 0 | F32: =COUNTIFS('Error Log'!$H$3:$H$1000,F$19,'Error Log'!$C$3:$C$1000,$B31,'Error Log'!$D$3:$D$1000,$C32) -> 0 | G32: =SUM(D32:F32) -> 0 | H32: =IFERROR(AVERAGEIFS('Error Log'!$I$3:$I$1000,'Error Log'!$C$3:$C$1000,Analysis!B31,'Error Log'!$G$3:$G$1000,"<>",'Error Log'!$D$3:$D$1000,C32),0) -> 0
C33: Hard | D33: =COUNTIFS('Error Log'!$H$3:$H$1000,D$19,'Error Log'!$C$3:$C$1000,$B31,'Error Log'!$D$3:$D$1000,$C33) -> 0 | E33: =COUNTIFS('Error Log'!$H$3:$H$1000,E$19,'Error Log'!$C$3:$C$1000,$B31,'Error Log'!$D$3:$D$1000,$C33) -> 0 | F33: =COUNTIFS('Error Log'!$H$3:$H$1000,F$19,'Error Log'!$C$3:$C$1000,$B31,'Error Log'!$D$3:$D$1000,$C33) -> 0 | G33: =SUM(D33:F33) -> 0 | H33: =IFERROR(AVERAGEIFS('Error Log'!$I$3:$I$1000,'Error Log'!$C$3:$C$1000,Analysis!B31,'Error Log'!$G$3:$G$1000,"<>",'Error Log'!$D$3:$D$1000,C33),0) -> 0
C34: Very Hard | D34: =COUNTIFS('Error Log'!$H$3:$H$1000,D$19,'Error Log'!$C$3:$C$1000,$B31,'Error Log'!$D$3:$D$1000,$C34) -> 0 | E34: =COUNTIFS('Error Log'!$H$3:$H$1000,E$19,'Error Log'!$C$3:$C$1000,$B31,'Error Log'!$D$3:$D$1000,$C34) -> 0 | F34: =COUNTIFS('Error Log'!$H$3:$H$1000,F$19,'Error Log'!$C$3:$C$1000,$B31,'Error Log'!$D$3:$D$1000,$C34) -> 0 | G34: =SUM(D34:F34) -> 0 | H34: =IFERROR(AVERAGEIFS('Error Log'!$I$3:$I$1000,'Error Log'!$C$3:$C$1000,Analysis!B31,'Error Log'!$G$3:$G$1000,"<>",'Error Log'!$D$3:$D$1000,C34),0) -> 0
C35: N/A | D35: =COUNTIFS('Error Log'!$H$3:$H$1000,D$19,'Error Log'!$C$3:$C$1000,$B31,'Error Log'!$D$3:$D$1000,$C35) -> 0 | E35: =COUNTIFS('Error Log'!$H$3:$H$1000,E$19,'Error Log'!$C$3:$C$1000,$B31,'Error Log'!$D$3:$D$1000,$C35) -> 0 | F35: =COUNTIFS('Error Log'!$H$3:$H$1000,F$19,'Error Log'!$C$3:$C$1000,$B31,'Error Log'!$D$3:$D$1000,$C35) -> 0 | G35: =SUM(D35:F35) -> 0 | H35: =IFERROR(AVERAGEIFS('Error Log'!$I$3:$I$1000,'Error Log'!$C$3:$C$1000,Analysis!B31,'Error Log'!$G$3:$G$1000,"<>",'Error Log'!$D$3:$D$1000,C35),0) -> 0
B36: RC | C36: Easy | D36: =COUNTIFS('Error Log'!$H$3:$H$1000,D$19,'Error Log'!$C$3:$C$1000,$B36,'Error Log'!$D$3:$D$1000,$C36) -> 0 | E36: =COUNTIFS('Error Log'!$H$3:$H$1000,E$19,'Error Log'!$C$3:$C$1000,$B36,'Error Log'!$D$3:$D$1000,$C36) -> 0 | F36: =COUNTIFS('Error Log'!$H$3:$H$1000,F$19,'Error Log'!$C$3:$C$1000,$B36,'Error Log'!$D$3:$D$1000,$C36) -> 0 | G36: =SUM(D36:F36) -> 0 | H36: =IFERROR(AVERAGEIFS('Error Log'!$I$3:$I$1000,'Error Log'!$C$3:$C$1000,Analysis!B36,'Error Log'!$G$3:$G$1000,"<>",'Error Log'!$D$3:$D$1000,C36),0) -> 0
C37: Medium | D37: =COUNTIFS('Error Log'!$H$3:$H$1000,D$19,'Error Log'!$C$3:$C$1000,$B36,'Error Log'!$D$3:$D$1000,$C37) -> 0 | E37: =COUNTIFS('Error Log'!$H$3:$H$1000,E$19,'Error Log'!$C$3:$C$1000,$B36,'Error Log'!$D$3:$D$1000,$C37) -> 0 | F37: =COUNTIFS('Error Log'!$H$3:$H$1000,F$19,'Error Log'!$C$3:$C$1000,$B36,'Error Log'!$D$3:$D$1000,$C37) -> 0 | G37: =SUM(D37:F37) -> 0 | H37: =IFERROR(AVERAGEIFS('Error Log'!$I$3:$I$1000,'Error Log'!$C$3:$C$1000,Analysis!B36,'Error Log'!$G$3:$G$1000,"<>",'Error Log'!$D$3:$D$1000,C37),0) -> 0
C38: Hard | D38: =COUNTIFS('Error Log'!$H$3:$H$1000,D$19,'Error Log'!$C$3:$C$1000,$B36,'Error Log'!$D$3:$D$1000,$C38) -> 0 | E38: =COUNTIFS('Error Log'!$H$3:$H$1000,E$19,'Error Log'!$C$3:$C$1000,$B36,'Error Log'!$D$3:$D$1000,$C38) -> 0 | F38: =COUNTIFS('Error Log'!$H$3:$H$1000,F$19,'Error Log'!$C$3:$C$1000,$B36,'Error Log'!$D$3:$D$1000,$C38) -> 0 | G38: =SUM(D38:F38) -> 0 | H38: =IFERROR(AVERAGEIFS('Error Log'!$I$3:$I$1000,'Error Log'!$C$3:$C$1000,Analysis!B36,'Error Log'!$G$3:$G$1000,"<>",'Error Log'!$D$3:$D$1000,C38),0) -> 0
C39: Very Hard | D39: =COUNTIFS('Error Log'!$H$3:$H$1000,D$19,'Error Log'!$C$3:$C$1000,$B36,'Error Log'!$D$3:$D$1000,$C39) -> 0 | E39: =COUNTIFS('Error Log'!$H$3:$H$1000,E$19,'Error Log'!$C$3:$C$1000,$B36,'Error Log'!$D$3:$D$1000,$C39) -> 0 | F39: =COUNTIFS('Error Log'!$H$3:$H$1000,F$19,'Error Log'!$C$3:$C$1000,$B36,'Error Log'!$D$3:$D$1000,$C39) -> 0 | G39: =SUM(D39:F39) -> 0 | H39: =IFERROR(AVERAGEIFS('Error Log'!$I$3:$I$1000,'Error Log'!$C$3:$C$1000,Analysis!B36,'Error Log'!$G$3:$G$1000,"<>",'Error Log'!$D$3:$D$1000,C39),0) -> 0
C40: N/A | D40: =COUNTIFS('Error Log'!$H$3:$H$1000,D$19,'Error Log'!$C$3:$C$1000,$B36,'Error Log'!$D$3:$D$1000,$C40) -> 0 | E40: =COUNTIFS('Error Log'!$H$3:$H$1000,E$19,'Error Log'!$C$3:$C$1000,$B36,'Error Log'!$D$3:$D$1000,$C40) -> 0 | F40: =COUNTIFS('Error Log'!$H$3:$H$1000,F$19,'Error Log'!$C$3:$C$1000,$B36,'Error Log'!$D$3:$D$1000,$C40) -> 0 | G40: =SUM(D40:F40) -> 0 | H40: =IFERROR(AVERAGEIFS('Error Log'!$I$3:$I$1000,'Error Log'!$C$3:$C$1000,Analysis!B36,'Error Log'!$G$3:$G$1000,"<>",'Error Log'!$D$3:$D$1000,C40),0) -> 0
B41: SC | C41: Easy | D41: =COUNTIFS('Error Log'!$H$3:$H$1000,D$19,'Error Log'!$C$3:$C$1000,$B41,'Error Log'!$D$3:$D$1000,$C41) -> 0 | E41: =COUNTIFS('Error Log'!$H$3:$H$1000,E$19,'Error Log'!$C$3:$C$1000,$B41,'Error Log'!$D$3:$D$1000,$C41) -> 0 | F41: =COUNTIFS('Error Log'!$H$3:$H$1000,F$19,'Error Log'!$C$3:$C$1000,$B41,'Error Log'!$D$3:$D$1000,$C41) -> 0 | G41: =SUM(D41:F41) -> 0 | H41: =IFERROR(AVERAGEIFS('Error Log'!$I$3:$I$1000,'Error Log'!$C$3:$C$1000,Analysis!B41,'Error Log'!$G$3:$G$1000,"<>",'Error Log'!$D$3:$D$1000,C41),0) -> 0
C42: Medium | D42: =COUNTIFS('Error Log'!$H$3:$H$1000,D$19,'Error Log'!$C$3:$C$1000,$B41,'Error Log'!$D$3:$D$1000,$C42) -> 0 | E42: =COUNTIFS('Error Log'!$H$3:$H$1000,E$19,'Error Log'!$C$3:$C$1000,$B41,'Error Log'!$D$3:$D$1000,$C42) -> 0 | F42: =COUNTIFS('Error Log'!$H$3:$H$1000,F$19,'Error Log'!$C$3:$C$1000,$B41,'Error Log'!$D$3:$D$1000,$C42) -> 0 | G42: =SUM(D42:F42) -> 0 | H42: =IFERROR(AVERAGEIFS('Error Log'!$I$3:$I$1000,'Error Log'!$C$3:$C$1000,Analysis!B41,'Error Log'!$G$3:$G$1000,"<>",'Error Log'!$D$3:$D$1000,C42),0) -> 0
C43: Hard | D43: =COUNTIFS('Error Log'!$H$3:$H$1000,D$19,'Error Log'!$C$3:$C$1000,$B41,'Error Log'!$D$3:$D$1000,$C43) -> 0 | E43: =COUNTIFS('Error Log'!$H$3:$H$1000,E$19,'Error Log'!$C$3:$C$1000,$B41,'Error Log'!$D$3:$D$1000,$C43) -> 0 | F43: =COUNTIFS('Error Log'!$H$3:$H$1000,F$19,'Error Log'!$C$3:$C$1000,$B41,'Error Log'!$D$3:$D$1000,$C43) -> 0 | G43: =SUM(D43:F43) -> 0 | H43: =IFERROR(AVERAGEIFS('Error Log'!$I$3:$I$1000,'Error Log'!$C$3:$C$1000,Analysis!B41,'Error Log'!$G$3:$G$1000,"<>",'Error Log'!$D$3:$D$1000,C43),0) -> 0
C44: Very Hard | D44: =COUNTIFS('Error Log'!$H$3:$H$1000,D$19,'Error Log'!$C$3:$C$1000,$B41,'Error Log'!$D$3:$D$1000,$C44) -> 0 | E44: =COUNTIFS('Error Log'!$H$3:$H$1000,E$19,'Error Log'!$C$3:$C$1000,$B41,'Error Log'!$D$3:$D$1000,$C44) -> 0 | F44: =COUNTIFS('Error Log'!$H$3:$H$1000,F$19,'Error Log'!$C$3:$C$1000,$B41,'Error Log'!$D$3:$D$1000,$C44) -> 0 | G44: =SUM(D44:F44) -> 0 | H44: =IFERROR(AVERAGEIFS('Error Log'!$I$3:$I$1000,'Error Log'!$C$3:$C$1000,Analysis!B41,'Error Log'!$G$3:$G$1000,"<>",'Error Log'!$D$3:$D$1000,C44),0) -> 0
C45: N/A | D45: =COUNTIFS('Error Log'!$H$3:$H$1000,D$19,'Error Log'!$C$3:$C$1000,$B41,'Error Log'!$D$3:$D$1000,$C45) -> 0 | E45: =COUNTIFS('Error Log'!$H$3:$H$1000,E$19,'Error Log'!$C$3:$C$1000,$B41,'Error Log'!$D$3:$D$1000,$C45) -> 0 | F45: =COUNTIFS('Error Log'!$H$3:$H$1000,F$19,'Error Log'!$C$3:$C$1000,$B41,'Error Log'!$D$3:$D$1000,$C45) -> 0 | G45: =SUM(D45:F45) -> 0 | H45: =IFERROR(AVERAGEIFS('Error Log'!$I$3:$I$1000,'Error Log'!$C$3:$C$1000,Analysis!B41,'Error Log'!$G$3:$G$1000,"<>",'Error Log'!$D$3:$D$1000,C45),0) -> 0
A46: Verbal Total | D46: =SUM(D31:D45) -> 0 | E46: =SUM(E31:E45) -> 0 | F46: =SUM(F31:F45) -> 0 | G46: =SUM(G31:G45) -> 0 | H46: =IFERROR(AVERAGEIFS('Error Log'!$I$3:$I$1000,'Error Log'!$B$3:$B$1000,"Verbal",'Error Log'!$G$3:$G$1000,"<>"),0) -> 0
A47: Grand Total | D47: =D30+D46 -> 5 | E47: =E30+E46 -> 1 | F47: =F30+F46 -> 0 | G47: =SUM(D47:F47) -> 6 | H47: =IFERROR(AVERAGEIFS('Error Log'!$I$3:$I$1000,'Error Log'!$G$3:$G$1000,"<>"),0) -> 0
